Workbook
Name JICA国別: #REF!
Name JICA国別: #REF!
Name JICA国別: #REF!
Name JICA国別: #REF!
Name JICA国別: #REF!
Name JICA国別: #REF!
Name ソート用: #REF!
Name ソート用: #REF!
Name ソート用: #REF!
Name ソート用: #REF!
Name ソート用: #REF!
Name ソート用: #REF!
Name ﾌﾟﾛｼﾞｪｸﾄｺｰﾄﾞ: [1]ﾌﾟﾛｼﾞｪｸﾄｺｰﾄﾞ!$A$2:$G$6
Name 国コード: 区分!$D$1:$F$66
Name 国コード: 区分!$D$1:$F$66
Name 国コード: 区分!$D$1:$F$66
Name 国コード: 区分!$D$1:$F$66
Name 国コード: 区分!$D$1:$F$66
Name 国コード: 区分!$D$1:$F$66
Name 資金源: 区分!$A$1:$B$88
Name 資金源: 区分!$A$1:$B$88
Name 資金源: 区分!$A$1:$B$88
Name 資金源: 区分!$A$1:$B$88
Name 資金源: 区分!$A$1:$B$88
Name 資金源: 区分!$A$1:$B$88
Name 集計用: #REF!
Name 集計用: #REF!
Name 集計用: #REF!
Name 集計用: #REF!
Name 集計用: #REF!
Name 集計用: #REF!

Sheet 最新_未回収案件一覧
F1: 42582 | O1: 1 | R1: =O1+1 -> 2 | U1: =R1+1 -> 3 | X1: =U1+1 -> 4 | AA1: =X1+1 -> 5 | AD1: =AA1+1 -> 6 | AG1: =AD1+1 -> 7 | AJ1: =AG1+1 -> 8 | AM1: =AJ1+1 -> 9 | AP1: =AM1+1 -> 10 | AS1: =AP1+1 -> 11 | AV1: =AS1+1 -> 12 | AY1: =AV1+1 -> 13 | BB1: =AY1+1 -> 14 | BE1: =BB1+1 -> 15 | BH1: =BE1+1 -> 16 | BK1: =BH1+1 -> 17 | BN1: =BK1+1 -> 18 | BQ1: =BN1+1 -> 19 | BT1: =BQ1+1 -> 20 | BW1: =BT1+1 -> 21 | BZ1: （単位：百万）
M2: 2009年3月期 | P2: 2010年3月期 | S2: 2011年3月期 | V2: 2012年3月期 | Y2: 2013年3月期 | AB2: 2013年6月期 | AE2: 2014年6月期 | AH2: 2014年6月期迄小計 | AK2: 2015年6月期 | AN2: 2015年6月期迄小計 | AQ2: 2016年6月期上期 | AT2: 2016年6月期上期迄小計 | AW2: 2016年6月期下期 | AZ2: 2016年6月期 | BC2: 2016年6月期迄小計 | BF2: 2017年6月期上期 | BI2: 2017年6月期上期迄小計 | BL2: 2017年6月期下期 | BO2: 2017年6月期 | BR2: 2017年6月期迄小計 | BU2: 2017年6月期 | BX2: 合計
H3: プロジェクト | M3: 売掛金 | P3: 売掛金 | S3: 売掛金 | V3: 売掛金 | Y3: 売掛金 | AB3: 売掛金 | AE3: 売掛金 | AH3: 売掛金 | AK3: 売掛金 | AN3: 売掛金（一年以上滞留） | AQ3: 売掛金 | AT3: 売掛金 | AW3: 売掛金 | AZ3: 売掛金 | BC3: 売掛金（期首売掛金残） | BF3: 売掛金 | BI3: 売掛金 | BL3: 売掛金 | BO3: 売掛金 | BR3: 売掛金（A） | BU3: 前受金残（B） | BX3: （C=A+B） | CA3: 売掛金
A4: ｿｰﾄ① | B4: ｿｰﾄ② | C4: ｿｰﾄ③ | D4: 売掛対象月 | E4: リンクコード(入力可） | F4: 事業部 | G4: 主管部 | H4: コード | I4: 案件名 | J4: 客先 | K4: 資金源 | L4: 通貨 | M4: 円 | N4: 現地貨 | O4: 円相当 | P4: 円 | Q4: 現地貨 | R4: 円相当 | S4: 円 | T4: 現地貨 | U4: 円相当 | V4: 円 | W4: 現地貨 | X4: 円相当 | Y4: 円 | Z4: 現地貨 | AA4: 円相当 | AB4: 円 | AC4: 現地貨 | AD4: 円相当 | AE4: 円 | AF4: 現地貨 | AG4: 円相当 | AH4: 円 | AI4: 現地貨 | AJ4: 円相当 | AK4: 円 | AL4: 現地貨 | AM4: 円相当 | AN4: 円 | AO4: 現地貨 | AP4: 円相当 | AQ4: 円 | AR4: 現地貨 | AS4: 円相当 | AT4: 円 | AU4: 現地貨 | AV4: 円相当 | AW4: 円 | AX4: 現地貨 | AY4: 円相当 | AZ4: 円 | BA4: 現地貨 | BB4: 円相当 | BC4: 円 | BD4: 現地貨 | BE4: 円相当 | BF4: 円 | BG4: 現地貨 | BH4: 円相当 | BI4: 円 | BJ4: 現地貨 | BK4: 円相当 | BL4: 円 | BM4: 現地貨 | BN4: 円相当 | BO4: 円 | BP4: 現地貨 | BQ4: 円相当 | BR4: 円 | BS4: 現地貨 | BT4: 円相当 | BU4: 円 | BV4: 現地貨 | BW4: 円相当 | BX4: 円 | BY4: 現地貨 | BZ4: 円相当 | CA4: 対象月 | CB4: 国コード | CE4: 事業部 | CF4: 主管部 | CG4: 資金源
A5: =F5 -> J1 | B5: =G5 -> KE | C5: =K5 -> (独)国際協力機構 円借款 | D5: =CA5 -> 201604-201604 | E5: JA11E1008P-JPY-CVN0000000 | F5: J1 | G5: KE | H5: =IF($E5="","",LEFT(E5,10)) -> JA11E1008P | I5: ベトナム国ハイフォン市環境改善事業（Ⅰ） | J5: ベトナム政府 | K5: (独)国際協力機構 円借款 | L5: JPY | M5: 0 | N5: 0 | O5: 0 | P5: 0 | Q5: 0 | R5: 0 | S5: 0 | T5: 0 | U5: 0 | V5: 0 | W5: 0 | X5: 0 | Y5: 0 | Z5: 0 | AA5: 0 | AB5: 0 | AC5: 0 | AD5: 0 | AE5: 0 | AF5: 0 | AG5: 0 | AH5: =+M5+P5+S5+V5+Y5+AB5+AE5 -> 0 | AI5: =+N5+Q5+T5+W5+Z5+AC5+AF5 -> 0 | AJ5: =+O5+R5+U5+X5+AA5+AD5+AG5 -> 0 | AK5: 0 | AL5: 0 | AM5: 0 | AN5: =AH5+AK5 -> 0 | AO5: =AI5+AL5 -> 0 | AP5: =AJ5+AM5 -> 0 | AQ5: 0 | AR5: 0 | AS5: 0 | AT5: =AN5+AQ5 -> 0 | AU5: =AO5+AR5 -> 0 | AV5: =AP5+AS5 -> 0 | AW5: =AZ5-AQ5 -> 739570 | AX5: =BA5-AR5 -> 0 | AY5: =BB5-AS5 -> 739570 | AZ5: 739570 | BA5: 0 | BB5: 739570 | BC5: =AN5+AZ5 -> 739570 | BD5: =AO5+BA5 -> 0 | BE5: =AP5+BB5 -> 739570 | BF5: 0 | BG5: 0 | BH5: 0 | BI5: =BC5+BF5 -> 739570 | BJ5: =BD5+BG5 -> 0 | BK5: =BE5+BH5 -> 739570 | BL5: =BO5-BF5 -> 0 | BM5: =BP5-BG5 -> 0 | BN5: =BQ5-BH5 -> 0 | BO5: 0 | BP5: 0 | BQ5: 0 | BR5: =BC5+BO5 -> 739570 | BS5: =BD5+BP5 -> 0 | BT5: =BE5+BQ5 -> 739570 | BU5: -576222 | BV5: 0 | BW5: -576222 | BX5: =BR5+BU5 -> 163348 | BY5: =BS5+BV5 -> 0 | BZ5: =BT5+BW5 -> 163348 | CA5: 201604-201604 | CB5: VN | CC5: OK！ | CD5: =IF($E5="","",IF($BW5>0,IF($CA5="-","BA列に売掛金の対象月を入力して下さい！","OK！"),"OK！")) -> OK！ | CE5: =F5 -> J1 | CF5: =G5 -> KE | CG5: =VLOOKUP(K5,資金源,2,FALSE) -> JICA円借款
A6: =F6 -> J1 | B6: =G6 -> KE | C6: =K6 -> (独)国際協力機構 円借款 | D6: =CA6 -> 201309-201606 | E6: JA12E1004P-INR-CIN0000000 | F6: J1 | G6: KE | H6: =IF($E6="","",LEFT(E6,10)) -> JA12E1004P | I6: インド国ラジャスタン森林・生物多様性事業 | J6: インド政府 | K6: (独)国際協力機構 円借款 | L6: INR | M6: 0 | N6: 0 | O6: 0 | P6: 0 | Q6: 0 | R6: 0 | S6: 0 | T6: 0 | U6: 0 | V6: 0 | W6: 0 | X6: 0 | Y6: 0 | Z6: 0 | AA6: 0 | AB6: 0 | AC6: 0 | AD6: 0 | AE6: 0 | AF6: 63958 | AG6: 104994 | AH6: =+M6+P6+S6+V6+Y6+AB6+AE6 -> 0 | AI6: =+N6+Q6+T6+W6+Z6+AC6+AF6 -> 63958 | AJ6: =+O6+R6+U6+X6+AA6+AD6+AG6 -> 104994 | AK6: 0 | AL6: 24255 | AM6: 46251 | AN6: =AH6+AK6 -> 0 | AO6: =AI6+AL6 -> 88213 | AP6: =AJ6+AM6 -> 151245 | AQ6: 0 | AR6: 0 | AS6: 0 | AT6: =AN6+AQ6 -> 0 | AU6: =AO6+AR6 -> 88213 | AV6: =AP6+AS6 -> 151245 | AW6: =AZ6-AQ6 -> 0 | AX6: =BA6-AR6 -> 334264 | AY6: =BB6-AS6 -> 553023 | AZ6: 0 | BA6: 334264 | BB6: 553023 | BC6: =AN6+AZ6 -> 0 | BD6: =AO6+BA6 -> 422477 | BE6: =AP6+BB6 -> 704268 | BF6: 0 | BG6: 0 | BH6: 0 | BI6: =BC6+BF6 -> 0 | BJ6: =BD6+BG6 -> 422477 | BK6: =BE6+BH6 -> 704268 | BL6: =BO6-BF6 -> 0 | BM6: =BP6-BG6 -> 0 | BN6: =BQ6-BH6 -> 0 | BO6: 0 | BP6: 0 | BQ6: 0 | BR6: =BC6+BO6 -> 0 | BS6: =BD6+BP6 -> 422477 | BT6: =BE6+BQ6 -> 704268 | BU6: 0 | BV6: 0 | BW6: 0 | BX6: =BR6+BU6 -> 0 | BY6: =BS6+BV6 -> 422477 | BZ6: =BT6+BW6 -> 704268 | CA6: 201309-201606 | CB6: IN | CC6: OK！ | CD6: =IF($E6="","",IF($BW6>0,IF($CA6="-","BA列に売掛金の対象月を入力して下さい！","OK！"),"OK！")) -> OK！ | CE6: =F6 -> J1 | CF6: =G6 -> KE | CG6: =VLOOKUP(K6,資金源,2,FALSE) -> JICA円借款
A7: =F7 -> J1 | B7: =G7 -> KE | C7: =K7 -> (独)国際協力機構 円借款 | D7: =CA7 -> 201601-201606 | E7: JA12E1005P-JPY-CVN0000000 | F7: J1 | G7: KE | H7: =IF($E7="","",LEFT(E7,10)) -> JA12E1005P | I7: ベトナム国保全林回復・持続的管理事業（円 | J7: ベトナム政府 | K7: (独)国際協力機構 円借款 | L7: JPY | M7: 0 | N7: 0 | O7: 0 | P7: 0 | Q7: 0 | R7: 0 | S7: 0 | T7: 0 | U7: 0 | V7: 0 | W7: 0 | X7: 0 | Y7: 0 | Z7: 0 | AA7: 0 | AB7: 0 | AC7: 0 | AD7: 0 | AE7: 0 | AF7: 0 | AG7: 0 | AH7: =+M7+P7+S7+V7+Y7+AB7+AE7 -> 0 | AI7: =+N7+Q7+T7+W7+Z7+AC7+AF7 -> 0 | AJ7: =+O7+R7+U7+X7+AA7+AD7+AG7 -> 0 | AK7: 0 | AL7: 0 | AM7: 0 | AN7: =AH7+AK7 -> 0 | AO7: =AI7+AL7 -> 0 | AP7: =AJ7+AM7 -> 0 | AQ7: 0 | AR7: 0 | AS7: 0 | AT7: =AN7+AQ7 -> 0 | AU7: =AO7+AR7 -> 0 | AV7: =AP7+AS7 -> 0 | AW7: =AZ7-AQ7 -> 14061500 | AX7: =BA7-AR7 -> 0 | AY7: =BB7-AS7 -> 14061500 | AZ7: 14061500 | BA7: 0 | BB7: 14061500 | BC7: =AN7+AZ7 -> 14061500 | BD7: =AO7+BA7 -> 0 | BE7: =AP7+BB7 -> 14061500 | BF7: 0 | BG7: 0 | BH7: 0 | BI7: =BC7+BF7 -> 14061500 | BJ7: =BD7+BG7 -> 0 | BK7: =BE7+BH7 -> 14061500 | BL7: =BO7-BF7 -> 0 | BM7: =BP7-BG7 -> 0 | BN7: =BQ7-BH7 -> 0 | BO7: 0 | BP7: 0 | BQ7: 0 | BR7: =BC7+BO7 -> 14061500 | BS7: =BD7+BP7 -> 0 | BT7: =BE7+BQ7 -> 14061500 | BU7: -2071237 | BV7: 0 | BW7: -2071237 | BX7: =BR7+BU7 -> 11990263 | BY7: =BS7+BV7 -> 0 | BZ7: =BT7+BW7 -> 11990263 | CA7: 201601-201606 | CB7: VN | CC7: OK！ | CD7: =IF($E7="","",IF($BW7>0,IF($CA7="-","BA列に売掛金の対象月を入力して下さい！","OK！"),"OK！")) -> OK！ | CE7: =F7 -> J1 | CF7: =G7 -> KE | CG7: =VLOOKUP(K7,資金源,2,FALSE) -> JICA円借款
A8: =F8 -> J1 | B8: =G8 -> KE | C8: =K8 -> (独)国際協力機構 円借款 | D8: =CA8 -> 201601-201606 | E8: JA12E1005P-VND-CVN0000000 | F8: J1 | G8: KE | H8: =IF($E8="","",LEFT(E8,10)) -> JA12E1005P | I8: ベトナム国保全林回復・持続的管理事業（円 | J8: ベトナム政府 | K8: (独)国際協力機構 円借款 | L8: VND | M8: 0 | N8: 0 | O8: 0 | P8: 0 | Q8: 0 | R8: 0 | S8: 0 | T8: 0 | U8: 0 | V8: 0 | W8: 0 | X8: 0 | Y8: 0 | Z8: 0 | AA8: 0 | AB8: 0 | AC8: 0 | AD8: 0 | AE8: 0 | AF8: 0 | AG8: 0 | AH8: =+M8+P8+S8+V8+Y8+AB8+AE8 -> 0 | AI8: =+N8+Q8+T8+W8+Z8+AC8+AF8 -> 0 | AJ8: =+O8+R8+U8+X8+AA8+AD8+AG8 -> 0 | AK8: 0 | AL8: 0 | AM8: 0 | AN8: =AH8+AK8 -> 0 | AO8: =AI8+AL8 -> 0 | AP8: =AJ8+AM8 -> 0 | AQ8: 0 | AR8: 0 | AS8: 0 | AT8: =AN8+AQ8 -> 0 | AU8: =AO8+AR8 -> 0 | AV8: =AP8+AS8 -> 0 | AW8: =AZ8-AQ8 -> 0 | AX8: =BA8-AR8 -> 53672000 | AY8: =BB8-AS8 -> 274508 | AZ8: 0 | BA8: 53672000 | BB8: 274508 | BC8: =AN8+AZ8 -> 0 | BD8: =AO8+BA8 -> 53672000 | BE8: =AP8+BB8 -> 274508 | BF8: 0 | BG8: 0 | BH8: 0 | BI8: =BC8+BF8 -> 0 | BJ8: =BD8+BG8 -> 53672000 | BK8: =BE8+BH8 -> 274508 | BL8: =BO8-BF8 -> 0 | BM8: =BP8-BG8 -> 0 | BN8: =BQ8-BH8 -> 0 | BO8: 0 | BP8: 0 | BQ8: 0 | BR8: =BC8+BO8 -> 0 | BS8: =BD8+BP8 -> 53672000 | BT8: =BE8+BQ8 -> 274508 | BU8: 0 | BV8: -128899120 | BW8: -594225 | BX8: =BR8+BU8 -> 0 | BY8: =BS8+BV8 -> -75227120 | BZ8: =BT8+BW8 -> -319717 | CA8: 201601-201606 | CB8: VN | CC8: OK！ | CD8: =IF($E8="","",IF($BW8>0,IF($CA8="-","BA列に売掛金の対象月を入力して下さい！","OK！"),"OK！")) -> OK！ | CE8: =F8 -> J1 | CF8: =G8 -> KE | CG8: =VLOOKUP(K8,資金源,2,FALSE) -> JICA円借款
A9: =F9 -> J1 | B9: =G9 -> KE | C9: =K9 -> (独)国際協力機構 調査 | D9: =CA9 -> 201407-201606 | E9: JA13E1004P-JPY-G501100000 | F9: J1 | G9: KE | H9: =IF($E9="","",LEFT(E9,10)) -> JA13E1004P | I9: ミャンマー国用地取得及び住民移転に係る法 | J9: (独)国際協力機構 調査 | K9: (独)国際協力機構 調査 | L9: JPY | M9: 0 | N9: 0 | O9: 0 | P9: 0 | Q9: 0 | R9: 0 | S9: 0 | T9: 0 | U9: 0 | V9: 0 | W9: 0 | X9: 0 | Y9: 0 | Z9: 0 | AA9: 0 | AB9: 0 | AC9: 0 | AD9: 0 | AE9: 0 | AF9: 0 | AG9: 0 | AH9: =+M9+P9+S9+V9+Y9+AB9+AE9 -> 0 | AI9: =+N9+Q9+T9+W9+Z9+AC9+AF9 -> 0 | AJ9: =+O9+R9+U9+X9+AA9+AD9+AG9 -> 0 | AK9: 0 | AL9: 0 | AM9: 0 | AN9: =AH9+AK9 -> 0 | AO9: =AI9+AL9 -> 0 | AP9: =AJ9+AM9 -> 0 | AQ9: 0 | AR9: 0 | AS9: 0 | AT9: =AN9+AQ9 -> 0 | AU9: =AO9+AR9 -> 0 | AV9: =AP9+AS9 -> 0 | AW9: =AZ9-AQ9 -> 137901960 | AX9: =BA9-AR9 -> 0 | AY9: =BB9-AS9 -> 137901960 | AZ9: 137901960 | BA9: 0 | BB9: 137901960 | BC9: =AN9+AZ9 -> 137901960 | BD9: =AO9+BA9 -> 0 | BE9: =AP9+BB9 -> 137901960 | BF9: 0 | BG9: 0 | BH9: 0 | BI9: =BC9+BF9 -> 137901960 | BJ9: =BD9+BG9 -> 0 | BK9: =BE9+BH9 -> 137901960 | BL9: =BO9-BF9 -> 0 | BM9: =BP9-BG9 -> 0 | BN9: =BQ9-BH9 -> 0 | BO9: 0 | BP9: 0 | BQ9: 0 | BR9: =BC9+BO9 -> 137901960 | BS9: =BD9+BP9 -> 0 | BT9: =BE9+BQ9 -> 137901960 | BU9: -112270320 | BV9: 0 | BW9: -112270320 | BX9: =BR9+BU9 -> 25631640 | BY9: =BS9+BV9 -> 0 | BZ9: =BT9+BW9 -> 25631640 | CA9: 201407-201606 | CB9: MM | CC9: OK！ | CD9: =IF($E9="","",IF($BW9>0,IF($CA9="-","BA列に売掛金の対象月を入力して下さい！","OK！"),"OK！")) -> OK！ | CE9: =F9 -> J1 | CF9: =G9 -> KE | CG9: =VLOOKUP(K9,資金源,2,FALSE) -> JICA調査
A10: =F10 -> J1 | B10: =G10 -> KE | C10: =K10 -> (独)国際協力機構 調査 | D10: =CA10 -> 201406-201606 | E10: JA14E1024P-JPY-G501100000 | F10: J1 | G10: KE | H10: =IF($E10="","",LEFT(E10,10)) -> JA14E1024P | I10: ミャンマー国非自発的住民移転に伴う生計回 | J10: (独)国際協力機構 調査 | K10: (独)国際協力機構 調査 | L10: JPY | M10: 0 | N10: 0 | O10: 0 | P10: 0 | Q10: 0 | R10: 0 | S10: 0 | T10: 0 | U10: 0 | V10: 0 | W10: 0 | X10: 0 | Y10: 0 | Z10: 0 | AA10: 0 | AB10: 0 | AC10: 0 | AD10: 0 | AE10: 0 | AF10: 0 | AG10: 0 | AH10: =+M10+P10+S10+V10+Y10+AB10+AE10 -> 0 | AI10: =+N10+Q10+T10+W10+Z10+AC10+AF10 -> 0 | AJ10: =+O10+R10+U10+X10+AA10+AD10+AG10 -> 0 | AK10: 0 | AL10: 0 | AM10: 0 | AN10: =AH10+AK10 -> 0 | AO10: =AI10+AL10 -> 0 | AP10: =AJ10+AM10 -> 0 | AQ10: 0 | AR10: 0 | AS10: 0 | AT10: =AN10+AQ10 -> 0 | AU10: =AO10+AR10 -> 0 | AV10: =AP10+AS10 -> 0 | AW10: =AZ10-AQ10 -> 37411632 | AX10: =BA10-AR10 -> 0 | AY10: =BB10-AS10 -> 37411632 | AZ10: 37411632 | BA10: 0 | BB10: 37411632 | BC10: =AN10+AZ10 -> 37411632 | BD10: =AO10+BA10 -> 0 | BE10: =AP10+BB10 -> 37411632 | BF10: 0 | BG10: 0 | BH10: 0 | BI10: =BC10+BF10 -> 37411632 | BJ10: =BD10+BG10 -> 0 | BK10: =BE10+BH10 -> 37411632 | BL10: =BO10-BF10 -> 0 | BM10: =BP10-BG10 -> 0 | BN10: =BQ10-BH10 -> 0 | BO10: 0 | BP10: 0 | BQ10: 0 | BR10: =BC10+BO10 -> 37411632 | BS10: =BD10+BP10 -> 0 | BT10: =BE10+BQ10 -> 37411632 | BU10: -13332400 | BV10: 0 | BW10: -13332400 | BX10: =BR10+BU10 -> 24079232 | BY10: =BS10+BV10 -> 0 | BZ10: =BT10+BW10 -> 24079232 | CA10: 201406-201606 | CB10: MM | CC10: OK！ | CD10: =IF($E10="","",IF($BW10>0,IF($CA10="-","BA列に売掛金の対象月を入力して下さい！","OK！"),"OK！")) -> OK！ | CE10: =F10 -> J1 | CF10: =G10 -> KE | CG10: =VLOOKUP(K10,資金源,2,FALSE) -> JICA調査
A11: =F11 -> J1 | B11: =G11 -> KE | C11: =K11 -> (独)国際協力機構 調査 | D11: =CA11 -> 201507-201606 | E11: JA15E1025P-JPY-M000265200 | F11: J1 | G11: KE | H11: =IF($E11="","",LEFT(E11,10)) -> JA15E1025P | I11: ベトナム国簡易測定法を用いた省エネ診断技 | J11: (株)オオスミ | K11: (独)国際協力機構 調査 | L11: JPY | M11: 0 | N11: 0 | O11: 0 | P11: 0 | Q11: 0 | R11: 0 | S11: 0 | T11: 0 | U11: 0 | V11: 0 | W11: 0 | X11: 0 | Y11: 0 | Z11: 0 | AA11: 0 | AB11: 0 | AC11: 0 | AD11: 0 | AE11: 0 | AF11: 0 | AG11: 0 | AH11: =+M11+P11+S11+V11+Y11+AB11+AE11 -> 0 | AI11: =+N11+Q11+T11+W11+Z11+AC11+AF11 -> 0 | AJ11: =+O11+R11+U11+X11+AA11+AD11+AG11 -> 0 | AK11: 0 | AL11: 0 | AM11: 0 | AN11: =AH11+AK11 -> 0 | AO11: =AI11+AL11 -> 0 | AP11: =AJ11+AM11 -> 0 | AQ11: 0 | AR11: 0 | AS11: 0 | AT11: =AN11+AQ11 -> 0 | AU11: =AO11+AR11 -> 0 | AV11: =AP11+AS11 -> 0 | AW11: =AZ11-AQ11 -> 12112918 | AX11: =BA11-AR11 -> 0 | AY11: =BB11-AS11 -> 12112918 | AZ11: 12112918 | BA11: 0 | BB11: 12112918 | BC11: =AN11+AZ11 -> 12112918 | BD11: =AO11+BA11 -> 0 | BE11: =AP11+BB11 -> 12112918 | BF11: 0 | BG11: 0 | BH11: 0 | BI11: =BC11+BF11 -> 12112918 | BJ11: =BD11+BG11 -> 0 | BK11: =BE11+BH11 -> 12112918 | BL11: =BO11-BF11 -> 0 | BM11: =BP11-BG11 -> 0 | BN11: =BQ11-BH11 -> 0 | BO11: 0 | BP11: 0 | BQ11: 0 | BR11: =BC11+BO11 -> 12112918 | BS11: =BD11+BP11 -> 0 | BT11: =BE11+BQ11 -> 12112918 | BU11: 0 | BV11: 0 | BW11: 0 | BX11: =BR11+BU11 -> 12112918 | BY11: =BS11+BV11 -> 0 | BZ11: =BT11+BW11 -> 12112918 | CA11: 201507-201606 | CB11: VN | CC11: OK！ | CD11: =IF($E11="","",IF($BW11>0,IF($CA11="-","BA列に売掛金の対象月を入力して下さい！","OK！"),"OK！")) -> OK！ | CE11: =F11 -> J1 | CF11: =G11 -> KE | CG11: =VLOOKUP(K11,資金源,2,FALSE) -> JICA調査
A12: =F12 -> J1 | B12: =G12 -> KE | C12: =K12 -> (独)国際協力機構 調査 | D12: =CA12 -> 201504-201606 | E12: JA15E1031P-JPY-G501100000 | F12: J1 | G12: KE | H12: =IF($E12="","",LEFT(E12,10)) -> JA15E1031P | I12: イラン国アンザリ湿原環境管理プロジェクト | J12: (独)国際協力機構 調査 | K12: (独)国際協力機構 調査 | L12: JPY | M12: 0 | N12: 0 | O12: 0 | P12: 0 | Q12: 0 | R12: 0 | S12: 0 | T12: 0 | U12: 0 | V12: 0 | W12: 0 | X12: 0 | Y12: 0 | Z12: 0 | AA12: 0 | AB12: 0 | AC12: 0 | AD12: 0 | AE12: 0 | AF12: 0 | AG12: 0 | AH12: =+M12+P12+S12+V12+Y12+AB12+AE12 -> 0 | AI12: =+N12+Q12+T12+W12+Z12+AC12+AF12 -> 0 | AJ12: =+O12+R12+U12+X12+AA12+AD12+AG12 -> 0 | AK12: 0 | AL12: 0 | AM12: 0 | AN12: =AH12+AK12 -> 0 | AO12: =AI12+AL12 -> 0 | AP12: =AJ12+AM12 -> 0 | AQ12: 0 | AR12: 0 | AS12: 0 | AT12: =AN12+AQ12 -> 0 | AU12: =AO12+AR12 -> 0 | AV12: =AP12+AS12 -> 0 | AW12: =AZ12-AQ12 -> 293421960 | AX12: =BA12-AR12 -> 0 | AY12: =BB12-AS12 -> 293421960 | AZ12: 293421960 | BA12: 0 | BB12: 293421960 | BC12: =AN12+AZ12 -> 293421960 | BD12: =AO12+BA12 -> 0 | BE12: =AP12+BB12 -> 293421960 | BF12: 0 | BG12: 0 | BH12: 0 | BI12: =BC12+BF12 -> 293421960 | BJ12: =BD12+BG12 -> 0 | BK12: =BE12+BH12 -> 293421960 | BL12: =BO12-BF12 -> 0 | BM12: =BP12-BG12 -> 0 | BN12: =BQ12-BH12 -> 0 | BO12: 0 | BP12: 0 | BQ12: 0 | BR12: =BC12+BO12 -> 293421960 | BS12: =BD12+BP12 -> 0 | BT12: =BE12+BQ12 -> 293421960 | BU12: -109593000 | BV12: 0 | BW12: -109593000 | BX12: =BR12+BU12 -> 183828960 | BY12: =BS12+BV12 -> 0 | BZ12: =BT12+BW12 -> 183828960 | CA12: 201504-201606 | CB12: IR | CC12: OK！ | CD12: =IF($E12="","",IF($BW12>0,IF($CA12="-","BA列に売掛金の対象月を入力して下さい！","OK！"),"OK！")) -> OK！ | CE12: =F12 -> J1 | CF12: =G12 -> KE | CG12: =VLOOKUP(K12,資金源,2,FALSE) -> JICA調査
A13: =F13 -> J1 | B13: =G13 -> KE | C13: =K13 -> (独)国際協力機構 調査 | D13: =CA13 -> 201506-201606 | E13: JA15E1035P-JPY-G501100000 | F13: J1 | G13: KE | H13: =IF($E13="","",LEFT(E13,10)) -> JA15E1035P | I13: パプアニューギニア国生物多様性保全のため | J13: (独)国際協力機構 調査 | K13: (独)国際協力機構 調査 | L13: JPY | M13: 0 | N13: 0 | O13: 0 | P13: 0 | Q13: 0 | R13: 0 | S13: 0 | T13: 0 | U13: 0 | V13: 0 | W13: 0 | X13: 0 | Y13: 0 | Z13: 0 | AA13: 0 | AB13: 0 | AC13: 0 | AD13: 0 | AE13: 0 | AF13: 0 | AG13: 0 | AH13: =+M13+P13+S13+V13+Y13+AB13+AE13 -> 0 | AI13: =+N13+Q13+T13+W13+Z13+AC13+AF13 -> 0 | AJ13: =+O13+R13+U13+X13+AA13+AD13+AG13 -> 0 | AK13: 0 | AL13: 0 | AM13: 0 | AN13: =AH13+AK13 -> 0 | AO13: =AI13+AL13 -> 0 | AP13: =AJ13+AM13 -> 0 | AQ13: 0 | AR13: 0 | AS13: 0 | AT13: =AN13+AQ13 -> 0 | AU13: =AO13+AR13 -> 0 | AV13: =AP13+AS13 -> 0 | AW13: =AZ13-AQ13 -> 7021836 | AX13: =BA13-AR13 -> 0 | AY13: =BB13-AS13 -> 7021836 | AZ13: 7021836 | BA13: 0 | BB13: 7021836 | BC13: =AN13+AZ13 -> 7021836 | BD13: =AO13+BA13 -> 0 | BE13: =AP13+BB13 -> 7021836 | BF13: 0 | BG13: 0 | BH13: 0 | BI13: =BC13+BF13 -> 7021836 | BJ13: =BD13+BG13 -> 0 | BK13: =BE13+BH13 -> 7021836 | BL13: =BO13-BF13 -> 0 | BM13: =BP13-BG13 -> 0 | BN13: =BQ13-BH13 -> 0 | BO13: 0 | BP13: 0 | BQ13: 0 | BR13: =BC13+BO13 -> 7021836 | BS13: =BD13+BP13 -> 0 | BT13: =BE13+BQ13 -> 7021836 | BU13: -88105700 | BV13: 0 | BW13: -88105700 | BX13: =BR13+BU13 -> -81083864 | BY13: =BS13+BV13 -> 0 | BZ13: =BT13+BW13 -> -81083864 | CA13: 201506-201606 | CB13: PG | CC13: OK！ | CD13: =IF($E13="","",IF($BW13>0,IF($CA13="-","BA列に売掛金の対象月を入力して下さい！","OK！"),"OK！")) -> OK！ | CE13: =F13 -> J1 | CF13: =G13 -> KE | CG13: =VLOOKUP(K13,資金源,2,FALSE) -> JICA調査
A14: =F14 -> J1 | B14: =G14 -> KE | C14: =K14 -> (独)国際協力機構 調査 | D14: =CA14 -> 201505-201605 | E14: JA15E1037P-JPY-G501100000 | F14: J1 | G14: KE | H14: =IF($E14="","",LEFT(E14,10)) -> JA15E1037P | I14: ミャンマー国水環境管理及び環境影響評価制 | J14: (独)国際協力機構 調査 | K14: (独)国際協力機構 調査 | L14: JPY | M14: 0 | N14: 0 | O14: 0 | P14: 0 | Q14: 0 | R14: 0 | S14: 0 | T14: 0 | U14: 0 | V14: 0 | W14: 0 | X14: 0 | Y14: 0 | Z14: 0 | AA14: 0 | AB14: 0 | AC14: 0 | AD14: 0 | AE14: 0 | AF14: 0 | AG14: 0 | AH14: =+M14+P14+S14+V14+Y14+AB14+AE14 -> 0 | AI14: =+N14+Q14+T14+W14+Z14+AC14+AF14 -> 0 | AJ14: =+O14+R14+U14+X14+AA14+AD14+AG14 -> 0 | AK14: 0 | AL14: 0 | AM14: 0 | AN14: =AH14+AK14 -> 0 | AO14: =AI14+AL14 -> 0 | AP14: =AJ14+AM14 -> 0 | AQ14: 0 | AR14: 0 | AS14: 0 | AT14: =AN14+AQ14 -> 0 | AU14: =AO14+AR14 -> 0 | AV14: =AP14+AS14 -> 0 | AW14: =AZ14-AQ14 -> 3891888 | AX14: =BA14-AR14 -> 0 | AY14: =BB14-AS14 -> 3891888 | AZ14: 3891888 | BA14: 0 | BB14: 3891888 | BC14: =AN14+AZ14 -> 3891888 | BD14: =AO14+BA14 -> 0 | BE14: =AP14+BB14 -> 3891888 | BF14: 0 | BG14: 0 | BH14: 0 | BI14: =BC14+BF14 -> 3891888 | BJ14: =BD14+BG14 -> 0 | BK14: =BE14+BH14 -> 3891888 | BL14: =BO14-BF14 -> 0 | BM14: =BP14-BG14 -> 0 | BN14: =BQ14-BH14 -> 0 | BO14: 0 | BP14: 0 | BQ14: 0 | BR14: =BC14+BO14 -> 3891888 | BS14: =BD14+BP14 -> 0 | BT14: =BE14+BQ14 -> 3891888 | BU14: -20011600 | BV14: 0 | BW14: -20011600 | BX14: =BR14+BU14 -> -16119712 | BY14: =BS14+BV14 -> 0 | BZ14: =BT14+BW14 -> -16119712 | CA14: 201505-201605 | CB14: MM | CC14: OK！ | CD14: =IF($E14="","",IF($BW14>0,IF($CA14="-","BA列に売掛金の対象月を入力して下さい！","OK！"),"OK！")) -> OK！ | CE14: =F14 -> J1 | CF14: =G14 -> KE | CG14: =VLOOKUP(K14,資金源,2,FALSE) -> JICA調査
A15: =F15 -> J1 | B15: =G15 -> KE | C15: =K15 -> (独)国際協力機構 調査 | D15: =CA15 -> - | E15: JA16E1001P-JPY-G501100000 | F15: J1 | G15: KE | H15: =IF($E15="","",LEFT(E15,10)) -> JA16E1001P | I15: ベトナム国クアンニン省ハロン湾の持続可能 | J15: (独)国際協力機構 調査 | K15: (独)国際協力機構 調査 | L15: JPY | M15: 0 | N15: 0 | O15: 0 | P15: 0 | Q15: 0 | R15: 0 | S15: 0 | T15: 0 | U15: 0 | V15: 0 | W15: 0 | X15: 0 | Y15: 0 | Z15: 0 | AA15: 0 | AB15: 0 | AC15: 0 | AD15: 0 | AE15: 0 | AF15: 0 | AG15: 0 | AH15: =+M15+P15+S15+V15+Y15+AB15+AE15 -> 0 | AI15: =+N15+Q15+T15+W15+Z15+AC15+AF15 -> 0 | AJ15: =+O15+R15+U15+X15+AA15+AD15+AG15 -> 0 | AK15: 0 | AL15: 0 | AM15: 0 | AN15: =AH15+AK15 -> 0 | AO15: =AI15+AL15 -> 0 | AP15: =AJ15+AM15 -> 0 | AQ15: 0 | AR15: 0 | AS15: 0 | AT15: =AN15+AQ15 -> 0 | AU15: =AO15+AR15 -> 0 | AV15: =AP15+AS15 -> 0 | AW15: =AZ15-AQ15 -> 0 | AX15: =BA15-AR15 -> 0 | AY15: =BB15-AS15 -> 0 | AZ15: 0 | BA15: 0 | BB15: 0 | BC15: =AN15+AZ15 -> 0 | BD15: =AO15+BA15 -> 0 | BE15: =AP15+BB15 -> 0 | BF15: 0 | BG15: 0 | BH15: 0 | BI15: =BC15+BF15 -> 0 | BJ15: =BD15+BG15 -> 0 | BK15: =BE15+BH15 -> 0 | BL15: =BO15-BF15 -> 0 | BM15: =BP15-BG15 -> 0 | BN15: =BQ15-BH15 -> 0 | BO15: 0 | BP15: 0 | BQ15: 0 | BR15: =BC15+BO15 -> 0 | BS15: =BD15+BP15 -> 0 | BT15: =BE15+BQ15 -> 0 | BU15: -33926000 | BV15: 0 | BW15: -33926000 | BX15: =BR15+BU15 -> -33926000 | BY15: =BS15+BV15 -> 0 | BZ15: =BT15+BW15 -> -33926000 | CA15: - | CB15: VN | CC15: OK！ | CD15: =IF($E15="","",IF($BW15>0,IF($CA15="-","BA列に売掛金の対象月を入力して下さい！","OK！"),"OK！")) -> OK！ | CE15: =F15 -> J1 | CF15: =G15 -> KE | CG15: =VLOOKUP(K15,資金源,2,FALSE) -> JICA調査
A16: =F16 -> J1 | B16: =G16 -> KE | C16: =K16 -> (独)国際協力機構 調査 | D16: =CA16 -> 201512-201606 | E16: JA16E1007P-JPY-G501100000 | F16: J1 | G16: KE | H16: =IF($E16="","",LEFT(E16,10)) -> JA16E1007P | I16: ベトナム国流域水環境管理能力向上プロジェ | J16: (独)国際協力機構 調査 | K16: (独)国際協力機構 調査 | L16: JPY | M16: 0 | N16: 0 | O16: 0 | P16: 0 | Q16: 0 | R16: 0 | S16: 0 | T16: 0 | U16: 0 | V16: 0 | W16: 0 | X16: 0 | Y16: 0 | Z16: 0 | AA16: 0 | AB16: 0 | AC16: 0 | AD16: 0 | AE16: 0 | AF16: 0 | AG16: 0 | AH16: =+M16+P16+S16+V16+Y16+AB16+AE16 -> 0 | AI16: =+N16+Q16+T16+W16+Z16+AC16+AF16 -> 0 | AJ16: =+O16+R16+U16+X16+AA16+AD16+AG16 -> 0 | AK16: 0 | AL16: 0 | AM16: 0 | AN16: =AH16+AK16 -> 0 | AO16: =AI16+AL16 -> 0 | AP16: =AJ16+AM16 -> 0 | AQ16: 0 | AR16: 0 | AS16: 0 | AT16: =AN16+AQ16 -> 0 | AU16: =AO16+AR16 -> 0 | AV16: =AP16+AS16 -> 0 | AW16: =AZ16-AQ16 -> 36817200 | AX16: =BA16-AR16 -> 0 | AY16: =BB16-AS16 -> 36817200 | AZ16: 36817200 | BA16: 0 | BB16: 36817200 | BC16: =AN16+AZ16 -> 36817200 | BD16: =AO16+BA16 -> 0 | BE16: =AP16+BB16 -> 36817200 | BF16: 0 | BG16: 0 | BH16: 0 | BI16: =BC16+BF16 -> 36817200 | BJ16: =BD16+BG16 -> 0 | BK16: =BE16+BH16 -> 36817200 | BL16: =BO16-BF16 -> 0 | BM16: =BP16-BG16 -> 0 | BN16: =BQ16-BH16 -> 0 | BO16: 0 | BP16: 0 | BQ16: 0 | BR16: =BC16+BO16 -> 36817200 | BS16: =BD16+BP16 -> 0 | BT16: =BE16+BQ16 -> 36817200 | BU16: 0 | BV16: 0 | BW16: 0 | BX16: =BR16+BU16 -> 36817200 | BY16: =BS16+BV16 -> 0 | BZ16: =BT16+BW16 -> 36817200 | CA16: 201512-201606 | CB16: VN | CC16: OK！ | CD16: =IF($E16="","",IF($BW16>0,IF($CA16="-","BA列に売掛金の対象月を入力して下さい！","OK！"),"OK！")) -> OK！ | CE16: =F16 -> J1 | CF16: =G16 -> KE | CG16: =VLOOKUP(K16,資金源,2,FALSE) -> JICA調査
... A28: =F28 -> J1 | B28: =G28 -> KE | C28: =K28 -> アジア開発銀行 | D28: =CA28 -> 201605-201605 | E28: JA16E1029P-USD-CMV0000000 | F28: J1 | G28: KE | H28: =IF($E28="","",LEFT(E28,10)) -> JA16E1029P | I28: モルディブ国アッドゥ環礁におけるスマート | J28: モルディブ政府 | K28: アジア開発銀行 | L28: USD | M28: 0 | N28: 0 | O28: 0 | P28: 0 | Q28: 0 | R28: 0 | S28: 0 | T28: 0 | U28: 0 | V28: 0 | W28: 0 | X28: 0 | Y28: 0 | Z28: 0 | AA28: 0 | AB28: 0 | AC28: 0 | AD28: 0 | AE28: 0 | AF28: 0 | AG28: 0 | AH28: =+M28+P28+S28+V28+Y28+AB28+AE28 -> 0 | AI28: =+N28+Q28+T28+W28+Z28+AC28+AF28 -> 0 | AJ28: =+O28+R28+U28+X28+AA28+AD28+AG28 -> 0 | AK28: 0 | AL28: 0 | AM28: 0 | AN28: =AH28+AK28 -> 0 | AO28: =AI28+AL28 -> 0 | AP28: =AJ28+AM28 -> 0 | AQ28: 0 | AR28: 0 | AS28: 0 | AT28: =AN28+AQ28 -> 0 | AU28: =AO28+AR28 -> 0 | AV28: =AP28+AS28 -> 0 | AW28: =AZ28-AQ28 -> 0 | AX28: =BA28-AR28 -> 19240 | AY28: =BB28-AS28 -> 2144587 | AZ28: 0 | BA28: 19240 | BB28: 2144587 | BC28: =AN28+AZ28 -> 0 | BD28: =AO28+BA28 -> 19240 | BE28: =AP28+BB28 -> 2144587 | BF28: 0 | BG28: 0 | BH28: 0 | BI28: =BC28+BF28 -> 0 | BJ28: =BD28+BG28 -> 19240 | BK28: =BE28+BH28 -> 2144587 | BL28: =BO28-BF28 -> 0 | BM28: =BP28-BG28 -> 0 | BN28: =BQ28-BH28 -> 0 | BO28: 0 | BP28: 0 | BQ28: 0 | BR28: =BC28+BO28 -> 0 | BS28: =BD28+BP28 -> 19240 | BT28: =BE28+BQ28 -> 2144587 | BU28: 0 | BV28: 0 | BW28: 0 | BX28: =BR28+BU28 -> 0 | BY28: =BS28+BV28 -> 19240 | BZ28: =BT28+BW28 -> 2144587 | CA28: 201605-201605 | CB28: MV | CC28: OK！ | CD28: =IF($E28="","",IF($BW28>0,IF($CA28="-","BA列に売掛金の対象月を入力して下さい！","OK！"),"OK！")) -> OK！ | CE28: =F28 -> J1 | CF28: =G28 -> KE | CG28: =VLOOKUP(K28,資金源,2,FALSE) -> ｱｼﾞｱ開発銀行
A29: =F29 -> J1 | B29: =G29 -> KE | C29: =K29 -> 環境省 | D29: =CA29 -> - | E29: JA16E1030P-JPY-M000284100 | F29: J1 | G29: KE | H29: =IF($E29="","",LEFT(E29,10)) -> JA16E1030P | I29: JCM設備補助事業提案書作成 | J29: ニチバン(株) | K29: 環境省 | L29: JPY | M29: 0 | N29: 0 | O29: 0 | P29: 0 | Q29: 0 | R29: 0 | S29: 0 | T29: 0 | U29: 0 | V29: 0 | W29: 0 | X29: 0 | Y29: 0 | Z29: 0 | AA29: 0 | AB29: 0 | AC29: 0 | AD29: 0 | AE29: 0 | AF29: 0 | AG29: 0 | AH29: =+M29+P29+S29+V29+Y29+AB29+AE29 -> 0 | AI29: =+N29+Q29+T29+W29+Z29+AC29+AF29 -> 0 | AJ29: =+O29+R29+U29+X29+AA29+AD29+AG29 -> 0 | AK29: 0 | AL29: 0 | AM29: 0 | AN29: =AH29+AK29 -> 0 | AO29: =AI29+AL29 -> 0 | AP29: =AJ29+AM29 -> 0 | AQ29: 0 | AR29: 0 | AS29: 0 | AT29: =AN29+AQ29 -> 0 | AU29: =AO29+AR29 -> 0 | AV29: =AP29+AS29 -> 0 | AW29: =AZ29-AQ29 -> 0 | AX29: =BA29-AR29 -> 0 | AY29: =BB29-AS29 -> 0 | AZ29: 0 | BA29: 0 | BB29: 0 | BC29: =AN29+AZ29 -> 0 | BD29: =AO29+BA29 -> 0 | BE29: =AP29+BB29 -> 0 | BF29: 0 | BG29: 0 | BH29: 0 | BI29: =BC29+BF29 -> 0 | BJ29: =BD29+BG29 -> 0 | BK29: =BE29+BH29 -> 0 | BL29: =BO29-BF29 -> 0 | BM29: =BP29-BG29 -> 0 | BN29: =BQ29-BH29 -> 0 | BO29: 0 | BP29: 0 | BQ29: 0 | BR29: =BC29+BO29 -> 0 | BS29: =BD29+BP29 -> 0 | BT29: =BE29+BQ29 -> 0 | BU29: -1080000 | BV29: 0 | BW29: -1080000 | BX29: =BR29+BU29 -> -1080000 | BY29: =BS29+BV29 -> 0 | BZ29: =BT29+BW29 -> -1080000 | CA29: - | CC29: OK！ | CD29: =IF($E29="","",IF($BW29>0,IF($CA29="-","BA列に売掛金の対象月を入力して下さい！","OK！"),"OK！")) -> OK！ | CE29: =F29 -> J1 | CF29: =G29 -> KE | CG29: =VLOOKUP(K29,資金源,2,FALSE) -> 環境省
A30: =F30 -> J1 | B30: =G30 -> KE | C30: =K30 -> 環境省 | D30: =CA30 -> - | E30: JA16E1030P-JPY-M000284300 | F30: J1 | G30: KE | H30: =IF($E30="","",LEFT(E30,10)) -> JA16E1030P | I30: JCM設備補助事業提案書作成 | J30: キリンホールディングス(株) | K30: 環境省 | L30: JPY | M30: 0 | N30: 0 | O30: 0 | P30: 0 | Q30: 0 | R30: 0 | S30: 0 | T30: 0 | U30: 0 | V30: 0 | W30: 0 | X30: 0 | Y30: 0 | Z30: 0 | AA30: 0 | AB30: 0 | AC30: 0 | AD30: 0 | AE30: 0 | AF30: 0 | AG30: 0 | AH30: =+M30+P30+S30+V30+Y30+AB30+AE30 -> 0 | AI30: =+N30+Q30+T30+W30+Z30+AC30+AF30 -> 0 | AJ30: =+O30+R30+U30+X30+AA30+AD30+AG30 -> 0 | AK30: 0 | AL30: 0 | AM30: 0 | AN30: =AH30+AK30 -> 0 | AO30: =AI30+AL30 -> 0 | AP30: =AJ30+AM30 -> 0 | AQ30: 0 | AR30: 0 | AS30: 0 | AT30: =AN30+AQ30 -> 0 | AU30: =AO30+AR30 -> 0 | AV30: =AP30+AS30 -> 0 | AW30: =AZ30-AQ30 -> 0 | AX30: =BA30-AR30 -> 0 | AY30: =BB30-AS30 -> 0 | AZ30: 0 | BA30: 0 | BB30: 0 | BC30: =AN30+AZ30 -> 0 | BD30: =AO30+BA30 -> 0 | BE30: =AP30+BB30 -> 0 | BF30: 0 | BG30: 0 | BH30: 0 | BI30: =BC30+BF30 -> 0 | BJ30: =BD30+BG30 -> 0 | BK30: =BE30+BH30 -> 0 | BL30: =BO30-BF30 -> 0 | BM30: =BP30-BG30 -> 0 | BN30: =BQ30-BH30 -> 0 | BO30: 0 | BP30: 0 | BQ30: 0 | BR30: =BC30+BO30 -> 0 | BS30: =BD30+BP30 -> 0 | BT30: =BE30+BQ30 -> 0 | BU30: -1080000 | BV30: 0 | BW30: -1080000 | BX30: =BR30+BU30 -> -1080000 | BY30: =BS30+BV30 -> 0 | BZ30: =BT30+BW30 -> -1080000 | CA30: - | CC30: OK！ | CD30: =IF($E30="","",IF($BW30>0,IF($CA30="-","BA列に売掛金の対象月を入力して下さい！","OK！"),"OK！")) -> OK！ | CE30: =F30 -> J1 | CF30: =G30 -> KE | CG30: =VLOOKUP(K30,資金源,2,FALSE) -> 環境省
A31: =F31 -> J1 | B31: =G31 -> KG | C31: =K31 -> (独)国際協力機構 円借款 | D31: =CA31 -> 201605-201606 | E31: JA15G1006P-JPY-CBO0000000 | F31: J1 | G31: KG | H31: =IF($E31="","",LEFT(E31,10)) -> JA15G1006P | I31: ボリビア国ラグナ・コロラダ地熱発電所建設 | J31: ボリヴィア政府 | K31: (独)国際協力機構 円借款 | L31: JPY | M31: 0 | N31: 0 | O31: 0 | P31: 0 | Q31: 0 | R31: 0 | S31: 0 | T31: 0 | U31: 0 | V31: 0 | W31: 0 | X31: 0 | Y31: 0 | Z31: 0 | AA31: 0 | AB31: 0 | AC31: 0 | AD31: 0 | AE31: 0 | AF31: 0 | AG31: 0 | AH31: =+M31+P31+S31+V31+Y31+AB31+AE31 -> 0 | AI31: =+N31+Q31+T31+W31+Z31+AC31+AF31 -> 0 | AJ31: =+O31+R31+U31+X31+AA31+AD31+AG31 -> 0 | AK31: 0 | AL31: 0 | AM31: 0 | AN31: =AH31+AK31 -> 0 | AO31: =AI31+AL31 -> 0 | AP31: =AJ31+AM31 -> 0 | AQ31: 0 | AR31: 0 | AS31: 0 | AT31: =AN31+AQ31 -> 0 | AU31: =AO31+AR31 -> 0 | AV31: =AP31+AS31 -> 0 | AW31: =AZ31-AQ31 -> 3400000 | AX31: =BA31-AR31 -> 0 | AY31: =BB31-AS31 -> 3400000 | AZ31: 3400000 | BA31: 0 | BB31: 3400000 | BC31: =AN31+AZ31 -> 3400000 | BD31: =AO31+BA31 -> 0 | BE31: =AP31+BB31 -> 3400000 | BF31: 0 | BG31: 0 | BH31: 0 | BI31: =BC31+BF31 -> 3400000 | BJ31: =BD31+BG31 -> 0 | BK31: =BE31+BH31 -> 3400000 | BL31: =BO31-BF31 -> 0 | BM31: =BP31-BG31 -> 0 | BN31: =BQ31-BH31 -> 0 | BO31: 0 | BP31: 0 | BQ31: 0 | BR31: =BC31+BO31 -> 3400000 | BS31: =BD31+BP31 -> 0 | BT31: =BE31+BQ31 -> 3400000 | BU31: 0 | BV31: 0 | BW31: 0 | BX31: =BR31+BU31 -> 3400000 | BY31: =BS31+BV31 -> 0 | BZ31: =BT31+BW31 -> 3400000 | CA31: 201605-201606 | CB31: BO | CC31: OK！ | CD31: =IF($E31="","",IF($BW31>0,IF($CA31="-","BA列に売掛金の対象月を入力して下さい！","OK！"),"OK！")) -> OK！ | CE31: =F31 -> J1 | CF31: =G31 -> KG | CG31: =VLOOKUP(K31,資金源,2,FALSE) -> JICA円借款
A32: =F32 -> J1 | B32: =G32 -> KG | C32: =K32 -> (独)国際協力機構 調査 | D32: =CA32 -> 201504-201605 | E32: JA15G1012P-JPY-G501100000 | F32: J1 | G32: KG | H32: =IF($E32="","",LEFT(E32,10)) -> JA15G1012P | I32: ブラジル国統合自然災害リスク管理国家戦略 | J32: (独)国際協力機構 調査 | K32: (独)国際協力機構 調査 | L32: JPY | M32: 0 | N32: 0 | O32: 0 | P32: 0 | Q32: 0 | R32: 0 | S32: 0 | T32: 0 | U32: 0 | V32: 0 | W32: 0 | X32: 0 | Y32: 0 | Z32: 0 | AA32: 0 | AB32: 0 | AC32: 0 | AD32: 0 | AE32: 0 | AF32: 0 | AG32: 0 | AH32: =+M32+P32+S32+V32+Y32+AB32+AE32 -> 0 | AI32: =+N32+Q32+T32+W32+Z32+AC32+AF32 -> 0 | AJ32: =+O32+R32+U32+X32+AA32+AD32+AG32 -> 0 | AK32: 0 | AL32: 0 | AM32: 0 | AN32: =AH32+AK32 -> 0 | AO32: =AI32+AL32 -> 0 | AP32: =AJ32+AM32 -> 0 | AQ32: 0 | AR32: 0 | AS32: 0 | AT32: =AN32+AQ32 -> 0 | AU32: =AO32+AR32 -> 0 | AV32: =AP32+AS32 -> 0 | AW32: =AZ32-AQ32 -> 29816640 | AX32: =BA32-AR32 -> 0 | AY32: =BB32-AS32 -> 29816640 | AZ32: 29816640 | BA32: 0 | BB32: 29816640 | BC32: =AN32+AZ32 -> 29816640 | BD32: =AO32+BA32 -> 0 | BE32: =AP32+BB32 -> 29816640 | BF32: 0 | BG32: 0 | BH32: 0 | BI32: =BC32+BF32 -> 29816640 | BJ32: =BD32+BG32 -> 0 | BK32: =BE32+BH32 -> 29816640 | BL32: =BO32-BF32 -> 0 | BM32: =BP32-BG32 -> 0 | BN32: =BQ32-BH32 -> 0 | BO32: 0 | BP32: 0 | BQ32: 0 | BR32: =BC32+BO32 -> 29816640 | BS32: =BD32+BP32 -> 0 | BT32: =BE32+BQ32 -> 29816640 | BU32: -8033000 | BV32: 0 | BW32: -8033000 | BX32: =BR32+BU32 -> 21783640 | BY32: =BS32+BV32 -> 0 | BZ32: =BT32+BW32 -> 21783640 | CA32: 201504-201605 | CB32: BR | CC32: OK！ | CD32: =IF($E32="","",IF($BW32>0,IF($CA32="-","BA列に売掛金の対象月を入力して下さい！","OK！"),"OK！")) -> OK！ | CE32: =F32 -> J1 | CF32: =G32 -> KG | CG32: =VLOOKUP(K32,資金源,2,FALSE) -> JICA調査
A33: =F33 -> J1 | B33: =G33 -> KG | C33: =K33 -> (独)国際協力機構 調査 | D33: =CA33 -> 201502-201605 | E33: JA15G1014P-JPY-G501100000 | F33: J1 | G33: KG | H33: =IF($E33="","",LEFT(E33,10)) -> JA15G1014P | I33: セントビンセント及びグレナダ地熱開発に係 | J33: (独)国際協力機構 調査 | K33: (独)国際協力機構 調査 | L33: JPY | M33: 0 | N33: 0 | O33: 0 | P33: 0 | Q33: 0 | R33: 0 | S33: 0 | T33: 0 | U33: 0 | V33: 0 | W33: 0 | X33: 0 | Y33: 0 | Z33: 0 | AA33: 0 | AB33: 0 | AC33: 0 | AD33: 0 | AE33: 0 | AF33: 0 | AG33: 0 | AH33: =+M33+P33+S33+V33+Y33+AB33+AE33 -> 0 | AI33: =+N33+Q33+T33+W33+Z33+AC33+AF33 -> 0 | AJ33: =+O33+R33+U33+X33+AA33+AD33+AG33 -> 0 | AK33: 0 | AL33: 0 | AM33: 0 | AN33: =AH33+AK33 -> 0 | AO33: =AI33+AL33 -> 0 | AP33: =AJ33+AM33 -> 0 | AQ33: 0 | AR33: 0 | AS33: 0 | AT33: =AN33+AQ33 -> 0 | AU33: =AO33+AR33 -> 0 | AV33: =AP33+AS33 -> 0 | AW33: =AZ33-AQ33 -> 8019324 | AX33: =BA33-AR33 -> 0 | AY33: =BB33-AS33 -> 8019324 | AZ33: 8019324 | BA33: 0 | BB33: 8019324 | BC33: =AN33+AZ33 -> 8019324 | BD33: =AO33+BA33 -> 0 | BE33: =AP33+BB33 -> 8019324 | BF33: 0 | BG33: 0 | BH33: 0 | BI33: =BC33+BF33 -> 8019324 | BJ33: =BD33+BG33 -> 0 | BK33: =BE33+BH33 -> 8019324 | BL33: =BO33-BF33 -> 0 | BM33: =BP33-BG33 -> 0 | BN33: =BQ33-BH33 -> 0 | BO33: 0 | BP33: 0 | BQ33: 0 | BR33: =BC33+BO33 -> 8019324 | BS33: =BD33+BP33 -> 0 | BT33: =BE33+BQ33 -> 8019324 | BU33: -14824300 | BV33: 0 | BW33: -14824300 | BX33: =BR33+BU33 -> -6804976 | BY33: =BS33+BV33 -> 0 | BZ33: =BT33+BW33 -> -6804976 | CA33: 201502-201605 | CB33: VC | CC33: OK！ | CD33: =IF($E33="","",IF($BW33>0,IF($CA33="-","BA列に売掛金の対象月を入力して下さい！","OK！"),"OK！")) -> OK！ | CE33: =F33 -> J1 | CF33: =G33 -> KG | CG33: =VLOOKUP(K33,資金源,2,FALSE) -> JICA調査
A34: =F34 -> J1 | B34: =G34 -> KG | C34: =K34 -> (独)国際協力機構 調査 | D34: =CA34 -> - | E34: JA16G1001P-JPY-G501100000 | F34: J1 | G34: KG | H34: =IF($E34="","",LEFT(E34,10)) -> JA16G1001P | I34: アルメニア国地すべり災害管理対策プロジェ | J34: (独)国際協力機構 調査 | K34: (独)国際協力機構 調査 | L34: JPY | M34: 0 | N34: 0 | O34: 0 | P34: 0 | Q34: 0 | R34: 0 | S34: 0 | T34: 0 | U34: 0 | V34: 0 | W34: 0 | X34: 0 | Y34: 0 | Z34: 0 | AA34: 0 | AB34: 0 | AC34: 0 | AD34: 0 | AE34: 0 | AF34: 0 | AG34: 0 | AH34: =+M34+P34+S34+V34+Y34+AB34+AE34 -> 0 | AI34: =+N34+Q34+T34+W34+Z34+AC34+AF34 -> 0 | AJ34: =+O34+R34+U34+X34+AA34+AD34+AG34 -> 0 | AK34: 0 | AL34: 0 | AM34: 0 | AN34: =AH34+AK34 -> 0 | AO34: =AI34+AL34 -> 0 | AP34: =AJ34+AM34 -> 0 | AQ34: 0 | AR34: 0 | AS34: 0 | AT34: =AN34+AQ34 -> 0 | AU34: =AO34+AR34 -> 0 | AV34: =AP34+AS34 -> 0 | AW34: =AZ34-AQ34 -> 0 | AX34: =BA34-AR34 -> 0 | AY34: =BB34-AS34 -> 0 | AZ34: 0 | BA34: 0 | BB34: 0 | BC34: =AN34+AZ34 -> 0 | BD34: =AO34+BA34 -> 0 | BE34: =AP34+BB34 -> 0 | BF34: 0 | BG34: 0 | BH34: 0 | BI34: =BC34+BF34 -> 0 | BJ34: =BD34+BG34 -> 0 | BK34: =BE34+BH34 -> 0 | BL34: =BO34-BF34 -> 0 | BM34: =BP34-BG34 -> 0 | BN34: =BQ34-BH34 -> 0 | BO34: 0 | BP34: 0 | BQ34: 0 | BR34: =BC34+BO34 -> 0 | BS34: =BD34+BP34 -> 0 | BT34: =BE34+BQ34 -> 0 | BU34: -83236000 | BV34: 0 | BW34: -83236000 | BX34: =BR34+BU34 -> -83236000 | BY34: =BS34+BV34 -> 0 | BZ34: =BT34+BW34 -> -83236000 | CA34: - | CB34: AM | CC34: OK！ | CD34: =IF($E34="","",IF($BW34>0,IF($CA34="-","BA列に売掛金の対象月を入力して下さい！","OK！"),"OK！")) -> OK！ | CE34: =F34 -> J1 | CF34: =G34 -> KG | CG34: =VLOOKUP(K34,資金源,2,FALSE) -> JICA調査
A35: =F35 -> J1 | B35: =G35 -> KG | C35: =K35 -> (独)国際協力機構 調査 | D35: =CA35 -> - | E35: JA16G1002P-JPY-G501100000 | F35: J1 | G35: KG | H35: =IF($E35="","",LEFT(E35,10)) -> JA16G1002P | I35: エチオピア国地熱開発に係る情報収集･確認 | J35: (独)国際協力機構 調査 | K35: (独)国際協力機構 調査 | L35: JPY | M35: 0 | N35: 0 | O35: 0 | P35: 0 | Q35: 0 | R35: 0 | S35: 0 | T35: 0 | U35: 0 | V35: 0 | W35: 0 | X35: 0 | Y35: 0 | Z35: 0 | AA35: 0 | AB35: 0 | AC35: 0 | AD35: 0 | AE35: 0 | AF35: 0 | AG35: 0 | AH35: =+M35+P35+S35+V35+Y35+AB35+AE35 -> 0 | AI35: =+N35+Q35+T35+W35+Z35+AC35+AF35 -> 0 | AJ35: =+O35+R35+U35+X35+AA35+AD35+AG35 -> 0 | AK35: 0 | AL35: 0 | AM35: 0 | AN35: =AH35+AK35 -> 0 | AO35: =AI35+AL35 -> 0 | AP35: =AJ35+AM35 -> 0 | AQ35: 0 | AR35: 0 | AS35: 0 | AT35: =AN35+AQ35 -> 0 | AU35: =AO35+AR35 -> 0 | AV35: =AP35+AS35 -> 0 | AW35: =AZ35-AQ35 -> 0 | AX35: =BA35-AR35 -> 0 | AY35: =BB35-AS35 -> 0 | AZ35: 0 | BA35: 0 | BB35: 0 | BC35: =AN35+AZ35 -> 0 | BD35: =AO35+BA35 -> 0 | BE35: =AP35+BB35 -> 0 | BF35: 0 | BG35: 0 | BH35: 0 | BI35: =BC35+BF35 -> 0 | BJ35: =BD35+BG35 -> 0 | BK35: =BE35+BH35 -> 0 | BL35: =BO35-BF35 -> 0 | BM35: =BP35-BG35 -> 0 | BN35: =BQ35-BH35 -> 0 | BO35: 0 | BP35: 0 | BQ35: 0 | BR35: =BC35+BO35 -> 0 | BS35: =BD35+BP35 -> 0 | BT35: =BE35+BQ35 -> 0 | BU35: -70745000 | BV35: 0 | BW35: -70745000 | BX35: =BR35+BU35 -> -70745000 | BY35: =BS35+BV35 -> 0 | BZ35: =BT35+BW35 -> -70745000 | CA35: - | CB35: ET | CC35: OK！ | CD35: =IF($E35="","",IF($BW35>0,IF($CA35="-","BA列に売掛金の対象月を入力して下さい！","OK！"),"OK！")) -> OK！ | CE35: =F35 -> J1 | CF35: =G35 -> KG | CG35: =VLOOKUP(K35,資金源,2,FALSE) -> JICA調査
A36: =F36 -> J1 | B36: =G36 -> KG | C36: =K36 -> (独)国際協力機構 調査 | D36: =CA36 -> - | E36: JA16G1006P-JPY-G501100000 | F36: J1 | G36: KG | H36: =IF($E36="","",LEFT(E36,10)) -> JA16G1006P | I36: ジブチ国地熱開発のための情報収集･確認調 | J36: (独)国際協力機構 調査 | K36: (独)国際協力機構 調査 | L36: JPY | M36: 0 | N36: 0 | O36: 0 | P36: 0 | Q36: 0 | R36: 0 | S36: 0 | T36: 0 | U36: 0 | V36: 0 | W36: 0 | X36: 0 | Y36: 0 | Z36: 0 | AA36: 0 | AB36: 0 | AC36: 0 | AD36: 0 | AE36: 0 | AF36: 0 | AG36: 0 | AH36: =+M36+P36+S36+V36+Y36+AB36+AE36 -> 0 | AI36: =+N36+Q36+T36+W36+Z36+AC36+AF36 -> 0 | AJ36: =+O36+R36+U36+X36+AA36+AD36+AG36 -> 0 | AK36: 0 | AL36: 0 | AM36: 0 | AN36: =AH36+AK36 -> 0 | AO36: =AI36+AL36 -> 0 | AP36: =AJ36+AM36 -> 0 | AQ36: 0 | AR36: 0 | AS36: 0 | AT36: =AN36+AQ36 -> 0 | AU36: =AO36+AR36 -> 0 | AV36: =AP36+AS36 -> 0 | AW36: =AZ36-AQ36 -> 0 | AX36: =BA36-AR36 -> 0 | AY36: =BB36-AS36 -> 0 | AZ36: 0 | BA36: 0 | BB36: 0 | BC36: =AN36+AZ36 -> 0 | BD36: =AO36+BA36 -> 0 | BE36: =AP36+BB36 -> 0 | BF36: 0 | BG36: 0 | BH36: 0 | BI36: =BC36+BF36 -> 0 | BJ36: =BD36+BG36 -> 0 | BK36: =BE36+BH36 -> 0 | BL36: =BO36-BF36 -> 0 | BM36: =BP36-BG36 -> 0 | BN36: =BQ36-BH36 -> 0 | BO36: 0 | BP36: 0 | BQ36: 0 | BR36: =BC36+BO36 -> 0 | BS36: =BD36+BP36 -> 0 | BT36: =BE36+BQ36 -> 0 | BU36: -67259000 | BV36: 0 | BW36: -67259000 | BX36: =BR36+BU36 -> -67259000 | BY36: =BS36+BV36 -> 0 | BZ36: =BT36+BW36 -> -67259000 | CA36: - | CB36: DJ | CC36: OK！ | CD36: =IF($E36="","",IF($BW36>0,IF($CA36="-","BA列に売掛金の対象月を入力して下さい！","OK！"),"OK！")) -> OK！ | CE36: =F36 -> J1 | CF36: =G36 -> KG | CG36: =VLOOKUP(K36,資金源,2,FALSE) -> JICA調査
A37: =F37 -> J1 | B37: =G37 -> KG | C37: =K37 -> (独)国際協力機構 調査 | D37: =CA37 -> - | E37: JA16G1007P-JPY-G501100000 | F37: J1 | G37: KG | H37: =IF($E37="","",LEFT(E37,10)) -> JA16G1007P | I37: 中米地域(エルサルバドル他)広域防災能力 | J37: (独)国際協力機構 調査 | K37: (独)国際協力機構 調査 | L37: JPY | M37: 0 | N37: 0 | O37: 0 | P37: 0 | Q37: 0 | R37: 0 | S37: 0 | T37: 0 | U37: 0 | V37: 0 | W37: 0 | X37: 0 | Y37: 0 | Z37: 0 | AA37: 0 | AB37: 0 | AC37: 0 | AD37: 0 | AE37: 0 | AF37: 0 | AG37: 0 | AH37: =+M37+P37+S37+V37+Y37+AB37+AE37 -> 0 | AI37: =+N37+Q37+T37+W37+Z37+AC37+AF37 -> 0 | AJ37: =+O37+R37+U37+X37+AA37+AD37+AG37 -> 0 | AK37: 0 | AL37: 0 | AM37: 0 | AN37: =AH37+AK37 -> 0 | AO37: =AI37+AL37 -> 0 | AP37: =AJ37+AM37 -> 0 | AQ37: 0 | AR37: 0 | AS37: 0 | AT37: =AN37+AQ37 -> 0 | AU37: =AO37+AR37 -> 0 | AV37: =AP37+AS37 -> 0 | AW37: =AZ37-AQ37 -> 0 | AX37: =BA37-AR37 -> 0 | AY37: =BB37-AS37 -> 0 | AZ37: 0 | BA37: 0 | BB37: 0 | BC37: =AN37+AZ37 -> 0 | BD37: =AO37+BA37 -> 0 | BE37: =AP37+BB37 -> 0 | BF37: 0 | BG37: 0 | BH37: 0 | BI37: =BC37+BF37 -> 0 | BJ37: =BD37+BG37 -> 0 | BK37: =BE37+BH37 -> 0 | BL37: =BO37-BF37 -> 0 | BM37: =BP37-BG37 -> 0 | BN37: =BQ37-BH37 -> 0 | BO37: 0 | BP37: 0 | BQ37: 0 | BR37: =BC37+BO37 -> 0 | BS37: =BD37+BP37 -> 0 | BT37: =BE37+BQ37 -> 0 | BU37: -20494000 | BV37: 0 | BW37: -20494000 | BX37: =BR37+BU37 -> -20494000 | BY37: =BS37+BV37 -> 0 | BZ37: =BT37+BW37 -> -20494000 | CA37: - | CB37: SV | CC37: OK！ | CD37: =IF($E37="","",IF($BW37>0,IF($CA37="-","BA列に売掛金の対象月を入力して下さい！","OK！"),"OK！")) -> OK！ | CE37: =F37 -> J1 | CF37: =G37 -> KG | CG37: =VLOOKUP(K37,資金源,2,FALSE) -> JICA調査
A38: =F38 -> J1 | B38: =G38 -> KG | C38: =K38 -> (独)国際協力機構 調査 | D38: =CA38 -> - | E38: JA16G1008P-JPY-G501100000 | F38: J1 | G38: KG | H38: =IF($E38="","",LEFT(E38,10)) -> JA16G1008P | I38: スリランカ国土砂災害対策強化プロジェクト | J38: (独)国際協力機構 調査 | K38: (独)国際協力機構 調査 | L38: JPY | M38: 0 | N38: 0 | O38: 0 | P38: 0 | Q38: 0 | R38: 0 | S38: 0 | T38: 0 | U38: 0 | V38: 0 | W38: 0 | X38: 0 | Y38: 0 | Z38: 0 | AA38: 0 | AB38: 0 | AC38: 0 | AD38: 0 | AE38: 0 | AF38: 0 | AG38: 0 | AH38: =+M38+P38+S38+V38+Y38+AB38+AE38 -> 0 | AI38: =+N38+Q38+T38+W38+Z38+AC38+AF38 -> 0 | AJ38: =+O38+R38+U38+X38+AA38+AD38+AG38 -> 0 | AK38: 0 | AL38: 0 | AM38: 0 | AN38: =AH38+AK38 -> 0 | AO38: =AI38+AL38 -> 0 | AP38: =AJ38+AM38 -> 0 | AQ38: 0 | AR38: 0 | AS38: 0 | AT38: =AN38+AQ38 -> 0 | AU38: =AO38+AR38 -> 0 | AV38: =AP38+AS38 -> 0 | AW38: =AZ38-AQ38 -> 0 | AX38: =BA38-AR38 -> 0 | AY38: =BB38-AS38 -> 0 | AZ38: 0 | BA38: 0 | BB38: 0 | BC38: =AN38+AZ38 -> 0 | BD38: =AO38+BA38 -> 0 | BE38: =AP38+BB38 -> 0 | BF38: 0 | BG38: 0 | BH38: 0 | BI38: =BC38+BF38 -> 0 | BJ38: =BD38+BG38 -> 0 | BK38: =BE38+BH38 -> 0 | BL38: =BO38-BF38 -> 0 | BM38: =BP38-BG38 -> 0 | BN38: =BQ38-BH38 -> 0 | BO38: 0 | BP38: 0 | BQ38: 0 | BR38: =BC38+BO38 -> 0 | BS38: =BD38+BP38 -> 0 | BT38: =BE38+BQ38 -> 0 | BU38: -9949000 | BV38: 0 | BW38: -9949000 | BX38: =BR38+BU38 -> -9949000 | BY38: =BS38+BV38 -> 0 | BZ38: =BT38+BW38 -> -9949000 | CA38: - | CB38: LK | CC38: OK！ | CD38: =IF($E38="","",IF($BW38>0,IF($CA38="-","BA列に売掛金の対象月を入力して下さい！","OK！"),"OK！")) -> OK！ | CE38: =F38 -> J1 | CF38: =G38 -> KG | CG38: =VLOOKUP(K38,資金源,2,FALSE) -> JICA調査
A39: =F39 -> J1 | B39: =G39 -> KG | C39: =K39 -> (独)国際協力機構 調査 | D39: =CA39 -> - | E39: JA16G1010P-JPY-G501100000 | F39: J1 | G39: KG | H39: =IF($E39="","",LEFT(E39,10)) -> JA16G1010P | I39: ホンジュラス国国道6号線地すべり防止計画 | J39: (独)国際協力機構 調査 | K39: (独)国際協力機構 調査 | L39: JPY | M39: 0 | N39: 0 | O39: 0 | P39: 0 | Q39: 0 | R39: 0 | S39: 0 | T39: 0 | U39: 0 | V39: 0 | W39: 0 | X39: 0 | Y39: 0 | Z39: 0 | AA39: 0 | AB39: 0 | AC39: 0 | AD39: 0 | AE39: 0 | AF39: 0 | AG39: 0 | AH39: =+M39+P39+S39+V39+Y39+AB39+AE39 -> 0 | AI39: =+N39+Q39+T39+W39+Z39+AC39+AF39 -> 0 | AJ39: =+O39+R39+U39+X39+AA39+AD39+AG39 -> 0 | AK39: 0 | AL39: 0 | AM39: 0 | AN39: =AH39+AK39 -> 0 | AO39: =AI39+AL39 -> 0 | AP39: =AJ39+AM39 -> 0 | AQ39: 0 | AR39: 0 | AS39: 0 | AT39: =AN39+AQ39 -> 0 | AU39: =AO39+AR39 -> 0 | AV39: =AP39+AS39 -> 0 | AW39: =AZ39-AQ39 -> 0 | AX39: =BA39-AR39 -> 0 | AY39: =BB39-AS39 -> 0 | AZ39: 0 | BA39: 0 | BB39: 0 | BC39: =AN39+AZ39 -> 0 | BD39: =AO39+BA39 -> 0 | BE39: =AP39+BB39 -> 0 | BF39: 0 | BG39: 0 | BH39: 0 | BI39: =BC39+BF39 -> 0 | BJ39: =BD39+BG39 -> 0 | BK39: =BE39+BH39 -> 0 | BL39: =BO39-BF39 -> 0 | BM39: =BP39-BG39 -> 0 | BN39: =BQ39-BH39 -> 0 | BO39: 0 | BP39: 0 | BQ39: 0 | BR39: =BC39+BO39 -> 0 | BS39: =BD39+BP39 -> 0 | BT39: =BE39+BQ39 -> 0 | BU39: -50367000 | BV39: 0 | BW39: -50367000 | BX39: =BR39+BU39 -> -50367000 | BY39: =BS39+BV39 -> 0 | BZ39: =BT39+BW39 -> -50367000 | CA39: - | CB39: HN | CC39: OK！ | CD39: =IF($E39="","",IF($BW39>0,IF($CA39="-","BA列に売掛金の対象月を入力して下さい！","OK！"),"OK！")) -> OK！ | CE39: =F39 -> J1 | CF39: =G39 -> KG | CG39: =VLOOKUP(K39,資金源,2,FALSE) -> JICA調査
A40: =F40 -> J1 | B40: =G40 -> KG | C40: =K40 -> (独)国際協力機構 調査 | D40: =CA40 -> - | E40: JA16G1013P-JPY-G501100000 | F40: J1 | G40: KG | H40: =IF($E40="","",LEFT(E40,10)) -> JA16G1013P | I40: コロンビア国地熱発電開発にかかる情報収集 | J40: (独)国際協力機構 調査 | K40: (独)国際協力機構 調査 | L40: JPY | M40: 0 | N40: 0 | O40: 0 | P40: 0 | Q40: 0 | R40: 0 | S40: 0 | T40: 0 | U40: 0 | V40: 0 | W40: 0 | X40: 0 | Y40: 0 | Z40: 0 | AA40: 0 | AB40: 0 | AC40: 0 | AD40: 0 | AE40: 0 | AF40: 0 | AG40: 0 | AH40: =+M40+P40+S40+V40+Y40+AB40+AE40 -> 0 | AI40: =+N40+Q40+T40+W40+Z40+AC40+AF40 -> 0 | AJ40: =+O40+R40+U40+X40+AA40+AD40+AG40 -> 0 | AK40: 0 | AL40: 0 | AM40: 0 | AN40: =AH40+AK40 -> 0 | AO40: =AI40+AL40 -> 0 | AP40: =AJ40+AM40 -> 0 | AQ40: 0 | AR40: 0 | AS40: 0 | AT40: =AN40+AQ40 -> 0 | AU40: =AO40+AR40 -> 0 | AV40: =AP40+AS40 -> 0 | AW40: =AZ40-AQ40 -> 0 | AX40: =BA40-AR40 -> 0 | AY40: =BB40-AS40 -> 0 | AZ40: 0 | BA40: 0 | BB40: 0 | BC40: =AN40+AZ40 -> 0 | BD40: =AO40+BA40 -> 0 | BE40: =AP40+BB40 -> 0 | BF40: 0 | BG40: 0 | BH40: 0 | BI40: =BC40+BF40 -> 0 | BJ40: =BD40+BG40 -> 0 | BK40: =BE40+BH40 -> 0 | BL40: =BO40-BF40 -> 0 | BM40: =BP40-BG40 -> 0 | BN40: =BQ40-BH40 -> 0 | BO40: 0 | BP40: 0 | BQ40: 0 | BR40: =BC40+BO40 -> 0 | BS40: =BD40+BP40 -> 0 | BT40: =BE40+BQ40 -> 0 | BU40: -10253000 | BV40: 0 | BW40: -10253000 | BX40: =BR40+BU40 -> -10253000 | BY40: =BS40+BV40 -> 0 | BZ40: =BT40+BW40 -> -10253000 | CA40: - | CB40: CO | CC40: OK！ | CD40: =IF($E40="","",IF($BW40>0,IF($CA40="-","BA列に売掛金の対象月を入力して下さい！","OK！"),"OK！")) -> OK！ | CE40: =F40 -> J1 | CF40: =G40 -> KG | CG40: =VLOOKUP(K40,資金源,2,FALSE) -> JICA調査
A41: =F41 -> J1 | B41: =G41 -> KG | C41: =K41 -> パキスタン政府 | D41: =CA41 -> 201303-201308 | E41: JA11G1010P-JPY-CPK0000000 | F41: J1 | G41: KG | H41: =IF($E41="","",LEFT(E41,10)) -> JA11G1010P | I41: パキスタン国ムンダ水力詳細設計 | J41: パキスタン政府 | K41: パキスタン政府 | L41: JPY | M41: 0 | N41: 0 | O41: 0 | P41: 0 | Q41: 0 | R41: 0 | S41: 0 | T41: 0 | U41: 0 | V41: 0 | W41: 0 | X41: 0 | Y41: 2377654 | Z41: 0 | AA41: 2377654 | AB41: 0 | AC41: 0 | AD41: 0 | AE41: 391200 | AF41: 0 | AG41: 391200 | AH41: =+M41+P41+S41+V41+Y41+AB41+AE41 -> 2768854 | AI41: =+N41+Q41+T41+W41+Z41+AC41+AF41 -> 0 | AJ41: =+O41+R41+U41+X41+AA41+AD41+AG41 -> 2768854 | AK41: 0 | AL41: 0 | AM41: 0 | AN41: =AH41+AK41 -> 2768854 | AO41: =AI41+AL41 -> 0 | AP41: =AJ41+AM41 -> 2768854 | AQ41: 0 | AR41: 0 | AS41: 0 | AT41: =AN41+AQ41 -> 2768854 | AU41: =AO41+AR41 -> 0 | AV41: =AP41+AS41 -> 2768854 | AW41: =AZ41-AQ41 -> 0 | AX41: =BA41-AR41 -> 0 | AY41: =BB41-AS41 -> 0 | AZ41: 0 | BA41: 0 | BB41: 0 | BC41: =AN41+AZ41 -> 2768854 | BD41: =AO41+BA41 -> 0 | BE41: =AP41+BB41 -> 2768854 | BF41: 0 | BG41: 0 | BH41: 0 | BI41: =BC41+BF41 -> 2768854 | BJ41: =BD41+BG41 -> 0 | BK41: =BE41+BH41 -> 2768854 | BL41: =BO41-BF41 -> 0 | BM41: =BP41-BG41 -> 0 | BN41: =BQ41-BH41 -> 0 | BO41: 0 | BP41: 0 | BQ41: 0 | BR41: =BC41+BO41 -> 2768854 | BS41: =BD41+BP41 -> 0 | BT41: =BE41+BQ41 -> 2768854 | BU41: -1041868 | BV41: 0 | BW41: -1041868 | BX41: =BR41+BU41 -> 1726986 | BY41: =BS41+BV41 -> 0 | BZ41: =BT41+BW41 -> 1726986 | CA41: 201303-201308 | CB41: PK | CC41: OK！ | CD41: =IF($E41="","",IF($BW41>0,IF($CA41="-","BA列に売掛金の対象月を入力して下さい！","OK！"),"OK！")) -> OK！ | CE41: =F41 -> J1 | CF41: =G41 -> KG | CG41: =VLOOKUP(K41,資金源,2,FALSE) -> ﾊﾟｷｽﾀﾝ政府
A42: =F42 -> J1 | B42: =G42 -> KG | C42: =K42 -> 世界銀行 | D42: =CA42 -> 201506-201605 | E42: JA15G1017P-USD-C080000000 | F42: J1 | G42: KG | H42: =IF($E42="","",LEFT(E42,10)) -> JA15G1017P | I42: 道路防災対策ハンドブック作成業務(全世界 | J42: 世界銀行 | K42: 世界銀行 | L42: USD | M42: 0 | N42: 0 | O42: 0 | P42: 0 | Q42: 0 | R42: 0 | S42: 0 | T42: 0 | U42: 0 | V42: 0 | W42: 0 | X42: 0 | Y42: 0 | Z42: 0 | AA42: 0 | AB42: 0 | AC42: 0 | AD42: 0 | AE42: 0 | AF42: 0 | AG42: 0 | AH42: =+M42+P42+S42+V42+Y42+AB42+AE42 -> 0 | AI42: =+N42+Q42+T42+W42+Z42+AC42+AF42 -> 0 | AJ42: =+O42+R42+U42+X42+AA42+AD42+AG42 -> 0 | AK42: 0 | AL42: 0 | AM42: 0 | AN42: =AH42+AK42 -> 0 | AO42: =AI42+AL42 -> 0 | AP42: =AJ42+AM42 -> 0 | AQ42: 0 | AR42: 0 | AS42: 0 | AT42: =AN42+AQ42 -> 0 | AU42: =AO42+AR42 -> 0 | AV42: =AP42+AS42 -> 0 | AW42: =AZ42-AQ42 -> 0 | AX42: =BA42-AR42 -> 33260 | AY42: =BB42-AS42 -> 3707326 | AZ42: 0 | BA42: 33260 | BB42: 3707326 | BC42: =AN42+AZ42 -> 0 | BD42: =AO42+BA42 -> 33260 | BE42: =AP42+BB42 -> 3707326 | BF42: 0 | BG42: 0 | BH42: 0 | BI42: =BC42+BF42 -> 0 | BJ42: =BD42+BG42 -> 33260 | BK42: =BE42+BH42 -> 3707326 | BL42: =BO42-BF42 -> 0 | BM42: =BP42-BG42 -> 0 | BN42: =BQ42-BH42 -> 0 | BO42: 0 | BP42: 0 | BQ42: 0 | BR42: =BC42+BO42 -> 0 | BS42: =BD42+BP42 -> 33260 | BT42: =BE42+BQ42 -> 3707326 | BU42: 0 | BV42: 0 | BW42: 0 | BX42: =BR42+BU42 -> 0 | BY42: =BS42+BV42 -> 33260 | BZ42: =BT42+BW42 -> 3707326 | CA42: 201506-201605 | CC42: OK！ | CD42: =IF($E42="","",IF($BW42>0,IF($CA42="-","BA列に売掛金の対象月を入力して下さい！","OK！"),"OK！")) -> OK！ | CE42: =F42 -> J1 | CF42: =G42 -> KG | CG42: =VLOOKUP(K42,資金源,2,FALSE) -> 世界銀行
A43: =F43 -> J1 | B43: =G43 -> KH | C43: =K43 -> (独)国際協力機構 円借款 | D43: =CA43 -> 201406-201407 | E43: JA07H1010P-INR-CIN0000000 | F43: J1 | G43: KH | H43: =IF($E43="","",LEFT(E43,10)) -> JA07H1010P | I43: インド国アンドラプラデシュ州灌漑・農家生 | J43: インド政府 | K43: (独)国際協力機構 円借款 | L43: INR | M43: 0 | N43: 0 | O43: 0 | P43: 0 | Q43: 0 | R43: 0 | S43: 0 | T43: 0 | U43: 0 | V43: 0 | W43: 0 | X43: 0 | Y43: 0 | Z43: 0 | AA43: 0 | AB43: 0 | AC43: 0 | AD43: 0 | AE43: 0 | AF43: 498173 | AG43: 857186 | AH43: =+M43+P43+S43+V43+Y43+AB43+AE43 -> 0 | AI43: =+N43+Q43+T43+W43+Z43+AC43+AF43 -> 498173 | AJ43: =+O43+R43+U43+X43+AA43+AD43+AG43 -> 857186 | AK43: 0 | AL43: 208208 | AM43: 351286 | AN43: =AH43+AK43 -> 0 | AO43: =AI43+AL43 -> 706381 | AP43: =AJ43+AM43 -> 1208472 | AQ43: 0 | AR43: 0 | AS43: 0 | AT43: =AN43+AQ43 -> 0 | AU43: =AO43+AR43 -> 706381 | AV43: =AP43+AS43 -> 1208472 | AW43: =AZ43-AQ43 -> 0 | AX43: =BA43-AR43 -> 0 | AY43: =BB43-AS43 -> 0 | AZ43: 0 | BA43: 0 | BB43: 0 | BC43: =AN43+AZ43 -> 0 | BD43: =AO43+BA43 -> 706381 | BE43: =AP43+BB43 -> 1208472 | BF43: 0 | BG43: 0 | BH43: 0 | BI43: =BC43+BF43 -> 0 | BJ43: =BD43+BG43 -> 706381 | BK43: =BE43+BH43 -> 1208472 | BL43: =BO43-BF43 -> 0 | BM43: =BP43-BG43 -> 0 | BN43: =BQ43-BH43 -> 0 | BO43: 0 | BP43: 0 | BQ43: 0 | BR43: =BC43+BO43 -> 0 | BS43: =BD43+BP43 -> 706381 | BT43: =BE43+BQ43 -> 1208472 | BU43: 0 | BV43: 0 | BW43: 0 | BX43: =BR43+BU43 -> 0 | BY43: =BS43+BV43 -> 706381 | BZ43: =BT43+BW43 -> 1208472 | CA43: 201406-201407 | CB43: IN | CC43: OK！ | CD43: =IF($E43="","",IF($BW43>0,IF($CA43="-","BA列に売掛金の対象月を入力して下さい！","OK！"),"OK！")) -> OK！ | CE43: =F43 -> J1 | CF43: =G43 -> KH | CG43: =VLOOKUP(K43,資金源,2,FALSE) -> JICA円借款
A44: =F44 -> J1 | B44: =G44 -> KH | C44: =K44 -> (独)国際協力機構 円借款 | D44: =CA44 -> 201603-201606 | E44: JA08H1025P-IDR-CID0000000 | F44: J1 | G44: KH | H44: =IF($E44="","",LEFT(E44,10)) -> JA08H1025P | I44: インドネシア国参加型灌漑施設改修計画設計 | J44: インドネシア政府 | K44: (独)国際協力機構 円借款 | L44: IDR | M44: 0 | N44: 0 | O44: 0 | P44: 0 | Q44: 0 | R44: 0 | S44: 0 | T44: 0 | U44: 0 | V44: 0 | W44: 0 | X44: 0 | Y44: 0 | Z44: 0 | AA44: 0 | AB44: 0 | AC44: 0 | AD44: 0 | AE44: 0 | AF44: 0 | AG44: 0 | AH44: =+M44+P44+S44+V44+Y44+AB44+AE44 -> 0 | AI44: =+N44+Q44+T44+W44+Z44+AC44+AF44 -> 0 | AJ44: =+O44+R44+U44+X44+AA44+AD44+AG44 -> 0 | AK44: 0 | AL44: 0 | AM44: 0 | AN44: =AH44+AK44 -> 0 | AO44: =AI44+AL44 -> 0 | AP44: =AJ44+AM44 -> 0 | AQ44: 0 | AR44: 0 | AS44: 0 | AT44: =AN44+AQ44 -> 0 | AU44: =AO44+AR44 -> 0 | AV44: =AP44+AS44 -> 0 | AW44: =AZ44-AQ44 -> 0 | AX44: =BA44-AR44 -> 2922590430 | AY44: =BB44-AS44 -> 24552859 | AZ44: 0 | BA44: 2922590430 | BB44: 24552859 | BC44: =AN44+AZ44 -> 0 | BD44: =AO44+BA44 -> 2922590430 | BE44: =AP44+BB44 -> 24552859 | BF44: 0 | BG44: 0 | BH44: 0 | BI44: =BC44+BF44 -> 0 | BJ44: =BD44+BG44 -> 2922590430 | BK44: =BE44+BH44 -> 24552859 | BL44: =BO44-BF44 -> 0 | BM44: =BP44-BG44 -> 0 | BN44: =BQ44-BH44 -> 0 | BO44: 0 | BP44: 0 | BQ44: 0 | BR44: =BC44+BO44 -> 0 | BS44: =BD44+BP44 -> 2922590430 | BT44: =BE44+BQ44 -> 24552859 | BU44: 0 | BV44: 0 | BW44: 0 | BX44: =BR44+BU44 -> 0 | BY44: =BS44+BV44 -> 2922590430 | BZ44: =BT44+BW44 -> 24552859 | CA44: 201603-201606 | CB44: ID | CC44: OK！ | CD44: =IF($E44="","",IF($BW44>0,IF($CA44="-","BA列に売掛金の対象月を入力して下さい！","OK！"),"OK！")) -> OK！ | CE44: =F44 -> J1 | CF44: =G44 -> KH | CG44: =VLOOKUP(K44,資金源,2,FALSE) -> JICA円借款
A45: =F45 -> J1 | B45: =G45 -> KH | C45: =K45 -> (独)国際協力機構 円借款 | D45: =CA45 -> 201603-201606 | E45: JA08H1025P-JPY-CID0000000 | F45: J1 | G45: KH | H45: =IF($E45="","",LEFT(E45,10)) -> JA08H1025P | I45: インドネシア国参加型灌漑施設改修計画設計 | J45: インドネシア政府 | K45: (独)国際協力機構 円借款 | L45: JPY | M45: 0 | N45: 0 | O45: 0 | P45: 0 | Q45: 0 | R45: 0 | S45: 0 | T45: 0 | U45: 0 | V45: 0 | W45: 0 | X45: 0 | Y45: 0 | Z45: 0 | AA45: 0 | AB45: 0 | AC45: 0 | AD45: 0 | AE45: 0 | AF45: 0 | AG45: 0 | AH45: =+M45+P45+S45+V45+Y45+AB45+AE45 -> 0 | AI45: =+N45+Q45+T45+W45+Z45+AC45+AF45 -> 0 | AJ45: =+O45+R45+U45+X45+AA45+AD45+AG45 -> 0 | AK45: 0 | AL45: 0 | AM45: 0 | AN45: =AH45+AK45 -> 0 | AO45: =AI45+AL45 -> 0 | AP45: =AJ45+AM45 -> 0 | AQ45: 0 | AR45: 0 | AS45: 0 | AT45: =AN45+AQ45 -> 0 | AU45: =AO45+AR45 -> 0 | AV45: =AP45+AS45 -> 0 | AW45: =AZ45-AQ45 -> 57372806 | AX45: =BA45-AR45 -> 0 | AY45: =BB45-AS45 -> 57372806 | AZ45: 57372806 | BA45: 0 | BB45: 57372806 | BC45: =AN45+AZ45 -> 57372806 | BD45: =AO45+BA45 -> 0 | BE45: =AP45+BB45 -> 57372806 | BF45: 0 | BG45: 0 | BH45: 0 | BI45: =BC45+BF45 -> 57372806 | BJ45: =BD45+BG45 -> 0 | BK45: =BE45+BH45 -> 57372806 | BL45: =BO45-BF45 -> 0 | BM45: =BP45-BG45 -> 0 | BN45: =BQ45-BH45 -> 0 | BO45: 0 | BP45: 0 | BQ45: 0 | BR45: =BC45+BO45 -> 57372806 | BS45: =BD45+BP45 -> 0 | BT45: =BE45+BQ45 -> 57372806 | BU45: -1 | BV45: 0 | BW45: -1 | BX45: =BR45+BU45 -> 57372805 | BY45: =BS45+BV45 -> 0 | BZ45: =BT45+BW45 -> 57372805 | CA45: 201603-201606 | CB45: ID | CC45: OK！ | CD45: =IF($E45="","",IF($BW45>0,IF($CA45="-","BA列に売掛金の対象月を入力して下さい！","OK！"),"OK！")) -> OK！ | CE45: =F45 -> J1 | CF45: =G45 -> KH | CG45: =VLOOKUP(K45,資金源,2,FALSE) -> JICA円借款
A46: =F46 -> J1 | B46: =G46 -> KH | C46: =K46 -> (独)国際協力機構 円借款 | D46: =CA46 -> 201604-201606 | E46: JA10H1015P-JPY-CKE0000000 | F46: J1 | G46: KH | H46: =IF($E46="","",LEFT(E46,10)) -> JA10H1015P | I46: ケニア国ムエア灌漑開発事業設計・監督 | J46: ケニア政府 | K46: (独)国際協力機構 円借款 | L46: JPY | M46: 0 | N46: 0 | O46: 0 | P46: 0 | Q46: 0 | R46: 0 | S46: 0 | T46: 0 | U46: 0 | V46: 0 | W46: 0 | X46: 0 | Y46: 0 | Z46: 0 | AA46: 0 | AB46: 0 | AC46: 0 | AD46: 0 | AE46: 0 | AF46: 0 | AG46: 0 | AH46: =+M46+P46+S46+V46+Y46+AB46+AE46 -> 0 | AI46: =+N46+Q46+T46+W46+Z46+AC46+AF46 -> 0 | AJ46: =+O46+R46+U46+X46+AA46+AD46+AG46 -> 0 | AK46: 0 | AL46: 0 | AM46: 0 | AN46: =AH46+AK46 -> 0 | AO46: =AI46+AL46 -> 0 | AP46: =AJ46+AM46 -> 0 | AQ46: 0 | AR46: 0 | AS46: 0 | AT46: =AN46+AQ46 -> 0 | AU46: =AO46+AR46 -> 0 | AV46: =AP46+AS46 -> 0 | AW46: =AZ46-AQ46 -> 7405927 | AX46: =BA46-AR46 -> 0 | AY46: =BB46-AS46 -> 7405927 | AZ46: 7405927 | BA46: 0 | BB46: 7405927 | BC46: =AN46+AZ46 -> 7405927 | BD46: =AO46+BA46 -> 0 | BE46: =AP46+BB46 -> 7405927 | BF46: 0 | BG46: 0 | BH46: 0 | BI46: =BC46+BF46 -> 7405927 | BJ46: =BD46+BG46 -> 0 | BK46: =BE46+BH46 -> 7405927 | BL46: =BO46-BF46 -> 0 | BM46: =BP46-BG46 -> 0 | BN46: =BQ46-BH46 -> 0 | BO46: 0 | BP46: 0 | BQ46: 0 | BR46: =BC46+BO46 -> 7405927 | BS46: =BD46+BP46 -> 0 | BT46: =BE46+BQ46 -> 7405927 | BU46: -71393081 | BV46: 0 | BW46: -71393081 | BX46: =BR46+BU46 -> -63987154 | BY46: =BS46+BV46 -> 0 | BZ46: =BT46+BW46 -> -63987154 | CA46: 201604-201606 | CB46: KE | CC46: OK！ | CD46: =IF($E46="","",IF($BW46>0,IF($CA46="-","BA列に売掛金の対象月を入力して下さい！","OK！"),"OK！")) -> OK！ | CE46: =F46 -> J1 | CF46: =G46 -> KH | CG46: =VLOOKUP(K46,資金源,2,FALSE) -> JICA円借款
A47: =F47 -> J1 | B47: =G47 -> KH | C47: =K47 -> (独)国際協力機構 円借款 | D47: =CA47 -> 201604-201606 | E47: JA10H1015P-KES-CKE0000000 | F47: J1 | G47: KH | H47: =IF($E47="","",LEFT(E47,10)) -> JA10H1015P | I47: ケニア国ムエア灌漑開発事業設計・監督 | J47: ケニア政府 | K47: (独)国際協力機構 円借款 | L47: KES | M47: 0 | N47: 0 | O47: 0 | P47: 0 | Q47: 0 | R47: 0 | S47: 0 | T47: 0 | U47: 0 | V47: 0 | W47: 0 | X47: 0 | Y47: 0 | Z47: 0 | AA47: 0 | AB47: 0 | AC47: 0 | AD47: 0 | AE47: 0 | AF47: 0 | AG47: 0 | AH47: =+M47+P47+S47+V47+Y47+AB47+AE47 -> 0 | AI47: =+N47+Q47+T47+W47+Z47+AC47+AF47 -> 0 | AJ47: =+O47+R47+U47+X47+AA47+AD47+AG47 -> 0 | AK47: 0 | AL47: 0 | AM47: 0 | AN47: =AH47+AK47 -> 0 | AO47: =AI47+AL47 -> 0 | AP47: =AJ47+AM47 -> 0 | AQ47: 0 | AR47: 0 | AS47: 0 | AT47: =AN47+AQ47 -> 0 | AU47: =AO47+AR47 -> 0 | AV47: =AP47+AS47 -> 0 | AW47: =AZ47-AQ47 -> 0 | AX47: =BA47-AR47 -> 10202733 | AY47: =BB47-AS47 -> 11266859 | AZ47: 0 | BA47: 10202733 | BB47: 11266859 | BC47: =AN47+AZ47 -> 0 | BD47: =AO47+BA47 -> 10202733 | BE47: =AP47+BB47 -> 11266859 | BF47: 0 | BG47: 0 | BH47: 0 | BI47: =BC47+BF47 -> 0 | BJ47: =BD47+BG47 -> 10202733 | BK47: =BE47+BH47 -> 11266859 | BL47: =BO47-BF47 -> 0 | BM47: =BP47-BG47 -> 0 | BN47: =BQ47-BH47 -> 0 | BO47: 0 | BP47: 0 | BQ47: 0 | BR47: =BC47+BO47 -> 0 | BS47: =BD47+BP47 -> 10202733 | BT47: =BE47+BQ47 -> 11266859 | BU47: 0 | BV47: -31736350 | BW47: -32277772 | BX47: =BR47+BU47 -> 0 | BY47: =BS47+BV47 -> -21533617 | BZ47: =BT47+BW47 -> -21010913 | CA47: 201604-201606 | CB47: KE | CC47: OK！ | CD47: =IF($E47="","",IF($BW47>0,IF($CA47="-","BA列に売掛金の対象月を入力して下さい！","OK！"),"OK！")) -> OK！ | CE47: =F47 -> J1 | CF47: =G47 -> KH | CG47: =VLOOKUP(K47,資金源,2,FALSE) -> JICA円借款
A48: =F48 -> J1 | B48: =G48 -> KH | C48: =K48 -> (独)国際協力機構 円借款 | D48: =CA48 -> 201602-201606 | E48: JA11H1022P-JPY-CKH0000000 | F48: J1 | G48: KH | H48: =IF($E48="","",LEFT(E48,10)) -> JA11H1022P | I48: カンボジア国トンレサップ西部流域灌漑施設 | J48: カンボジア政府 | K48: (独)国際協力機構 円借款 | L48: JPY | M48: 0 | N48: 0 | O48: 0 | P48: 0 | Q48: 0 | R48: 0 | S48: 0 | T48: 0 | U48: 0 | V48: 0 | W48: 0 | X48: 0 | Y48: 0 | Z48: 0 | AA48: 0 | AB48: 0 | AC48: 0 | AD48: 0 | AE48: 0 | AF48: 0 | AG48: 0 | AH48: =+M48+P48+S48+V48+Y48+AB48+AE48 -> 0 | AI48: =+N48+Q48+T48+W48+Z48+AC48+AF48 -> 0 | AJ48: =+O48+R48+U48+X48+AA48+AD48+AG48 -> 0 | AK48: 0 | AL48: 0 | AM48: 0 | AN48: =AH48+AK48 -> 0 | AO48: =AI48+AL48 -> 0 | AP48: =AJ48+AM48 -> 0 | AQ48: 0 | AR48: 0 | AS48: 0 | AT48: =AN48+AQ48 -> 0 | AU48: =AO48+AR48 -> 0 | AV48: =AP48+AS48 -> 0 | AW48: =AZ48-AQ48 -> 14402167 | AX48: =BA48-AR48 -> 0 | AY48: =BB48-AS48 -> 14402167 | AZ48: 14402167 | BA48: 0 | BB48: 14402167 | BC48: =AN48+AZ48 -> 14402167 | BD48: =AO48+BA48 -> 0 | BE48: =AP48+BB48 -> 14402167 | BF48: 0 | BG48: 0 | BH48: 0 | BI48: =BC48+BF48 -> 14402167 | BJ48: =BD48+BG48 -> 0 | BK48: =BE48+BH48 -> 14402167 | BL48: =BO48-BF48 -> 0 | BM48: =BP48-BG48 -> 0 | BN48: =BQ48-BH48 -> 0 | BO48: 0 | BP48: 0 | BQ48: 0 | BR48: =BC48+BO48 -> 14402167 | BS48: =BD48+BP48 -> 0 | BT48: =BE48+BQ48 -> 14402167 | BU48: 0 | BV48: 0 | BW48: 0 | BX48: =BR48+BU48 -> 14402167 | BY48: =BS48+BV48 -> 0 | BZ48: =BT48+BW48 -> 14402167 | CA48: 201602-201606 | CB48: KH | CC48: OK！ | CD48: =IF($E48="","",IF($BW48>0,IF($CA48="-","BA列に売掛金の対象月を入力して下さい！","OK！"),"OK！")) -> OK！ | CE48: =F48 -> J1 | CF48: =G48 -> KH | CG48: =VLOOKUP(K48,資金源,2,FALSE) -> JICA円借款
A49: =F49 -> J1 | B49: =G49 -> KH | C49: =K49 -> (独)国際協力機構 円借款 | D49: =CA49 -> 201602-201606 | E49: JA11H1022P-USD-CKH0000000 | F49: J1 | G49: KH | H49: =IF($E49="","",LEFT(E49,10)) -> JA11H1022P | I49: カンボジア国トンレサップ西部流域灌漑施設 | J49: カンボジア政府 | K49: (独)国際協力機構 円借款 | L49: USD | M49: 0 | N49: 0 | O49: 0 | P49: 0 | Q49: 0 | R49: 0 | S49: 0 | T49: 0 | U49: 0 | V49: 0 | W49: 0 | X49: 0 | Y49: 0 | Z49: 0 | AA49: 0 | AB49: 0 | AC49: 0 | AD49: 0 | AE49: 0 | AF49: 0 | AG49: 0 | AH49: =+M49+P49+S49+V49+Y49+AB49+AE49 -> 0 | AI49: =+N49+Q49+T49+W49+Z49+AC49+AF49 -> 0 | AJ49: =+O49+R49+U49+X49+AA49+AD49+AG49 -> 0 | AK49: 0 | AL49: 0 | AM49: 0 | AN49: =AH49+AK49 -> 0 | AO49: =AI49+AL49 -> 0 | AP49: =AJ49+AM49 -> 0 | AQ49: 0 | AR49: 0 | AS49: 0 | AT49: =AN49+AQ49 -> 0 | AU49: =AO49+AR49 -> 0 | AV49: =AP49+AS49 -> 0 | AW49: =AZ49-AQ49 -> 0 | AX49: =BA49-AR49 -> 40755 | AY49: =BB49-AS49 -> 4644120 | AZ49: 0 | BA49: 40755 | BB49: 4644120 | BC49: =AN49+AZ49 -> 0 | BD49: =AO49+BA49 -> 40755 | BE49: =AP49+BB49 -> 4644120 | BF49: 0 | BG49: 0 | BH49: 0 | BI49: =BC49+BF49 -> 0 | BJ49: =BD49+BG49 -> 40755 | BK49: =BE49+BH49 -> 4644120 | BL49: =BO49-BF49 -> 0 | BM49: =BP49-BG49 -> 0 | BN49: =BQ49-BH49 -> 0 | BO49: 0 | BP49: 0 | BQ49: 0 | BR49: =BC49+BO49 -> 0 | BS49: =BD49+BP49 -> 40755 | BT49: =BE49+BQ49 -> 4644120 | BU49: 0 | BV49: 0 | BW49: 0 | BX49: =BR49+BU49 -> 0 | BY49: =BS49+BV49 -> 40755 | BZ49: =BT49+BW49 -> 4644120 | CA49: 201602-201606 | CB49: KH | CC49: OK！ | CD49: =IF($E49="","",IF($BW49>0,IF($CA49="-","BA列に売掛金の対象月を入力して下さい！","OK！"),"OK！")) -> OK！ | CE49: =F49 -> J1 | CF49: =G49 -> KH | CG49: =VLOOKUP(K49,資金源,2,FALSE) -> JICA円借款
A50: =F50 -> J1 | B50: =G50 -> KH | C50: =K50 -> (独)国際協力機構 円借款 | D50: =CA50 -> 201605-201606 | E50: JA12H1011P-JPY-CPH0000000 | F50: J1 | G50: KH | H50: =IF($E50="","",LEFT(E50,10)) -> JA12H1011P | I50: フィリピン国灌漑セクター改修改善事業（N | J50: フィリピン政府 | K50: (独)国際協力機構 円借款 | L50: JPY | M50: 0 | N50: 0 | O50: 0 | P50: 0 | Q50: 0 | R50: 0 | S50: 0 | T50: 0 | U50: 0 | V50: 0 | W50: 0 | X50: 0 | Y50: 0 | Z50: 0 | AA50: 0 | AB50: 0 | AC50: 0 | AD50: 0 | AE50: 0 | AF50: 0 | AG50: 0 | AH50: =+M50+P50+S50+V50+Y50+AB50+AE50 -> 0 | AI50: =+N50+Q50+T50+W50+Z50+AC50+AF50 -> 0 | AJ50: =+O50+R50+U50+X50+AA50+AD50+AG50 -> 0 | AK50: 0 | AL50: 0 | AM50: 0 | AN50: =AH50+AK50 -> 0 | AO50: =AI50+AL50 -> 0 | AP50: =AJ50+AM50 -> 0 | AQ50: 0 | AR50: 0 | AS50: 0 | AT50: =AN50+AQ50 -> 0 | AU50: =AO50+AR50 -> 0 | AV50: =AP50+AS50 -> 0 | AW50: =AZ50-AQ50 -> 9020000 | AX50: =BA50-AR50 -> 0 | AY50: =BB50-AS50 -> 9020000 | AZ50: 9020000 | BA50: 0 | BB50: 9020000 | BC50: =AN50+AZ50 -> 9020000 | BD50: =AO50+BA50 -> 0 | BE50: =AP50+BB50 -> 9020000 | BF50: 0 | BG50: 0 | BH50: 0 | BI50: =BC50+BF50 -> 9020000 | BJ50: =BD50+BG50 -> 0 | BK50: =BE50+BH50 -> 9020000 | BL50: =BO50-BF50 -> 0 | BM50: =BP50-BG50 -> 0 | BN50: =BQ50-BH50 -> 0 | BO50: 0 | BP50: 0 | BQ50: 0 | BR50: =BC50+BO50 -> 9020000 | BS50: =BD50+BP50 -> 0 | BT50: =BE50+BQ50 -> 9020000 | BU50: -5689264 | BV50: 0 | BW50: -5689264 | BX50: =BR50+BU50 -> 3330736 | BY50: =BS50+BV50 -> 0 | BZ50: =BT50+BW50 -> 3330736 | CA50: 201605-201606 | CB50: PH | CC50: OK！ | CD50: =IF($E50="","",IF($BW50>0,IF($CA50="-","BA列に売掛金の対象月を入力して下さい！","OK！"),"OK！")) -> OK！ | CE50: =F50 -> J1 | CF50: =G50 -> KH | CG50: =VLOOKUP(K50,資金源,2,FALSE) -> JICA円借款
A51: =F51 -> J1 | B51: =G51 -> KH | C51: =K51 -> (独)国際協力機構 円借款 | D51: =CA51 -> 201603-201606 | E51: JA12H1011P-PHP-CPH0000000 | F51: J1 | G51: KH | H51: =IF($E51="","",LEFT(E51,10)) -> JA12H1011P | I51: フィリピン国灌漑セクター改修改善事業（N | J51: フィリピン政府 | K51: (独)国際協力機構 円借款 | L51: PHP | M51: 0 | N51: 0 | O51: 0 | P51: 0 | Q51: 0 | R51: 0 | S51: 0 | T51: 0 | U51: 0 | V51: 0 | W51: 0 | X51: 0 | Y51: 0 | Z51: 0 | AA51: 0 | AB51: 0 | AC51: 0 | AD51: 0 | AE51: 0 | AF51: 0 | AG51: 0 | AH51: =+M51+P51+S51+V51+Y51+AB51+AE51 -> 0 | AI51: =+N51+Q51+T51+W51+Z51+AC51+AF51 -> 0 | AJ51: =+O51+R51+U51+X51+AA51+AD51+AG51 -> 0 | AK51: 0 | AL51: 0 | AM51: 0 | AN51: =AH51+AK51 -> 0 | AO51: =AI51+AL51 -> 0 | AP51: =AJ51+AM51 -> 0 | AQ51: 0 | AR51: 0 | AS51: 0 | AT51: =AN51+AQ51 -> 0 | AU51: =AO51+AR51 -> 0 | AV51: =AP51+AS51 -> 0 | AW51: =AZ51-AQ51 -> 0 | AX51: =BA51-AR51 -> 1691265 | AY51: =BB51-AS51 -> 4060503 | AZ51: 0 | BA51: 1691265 | BB51: 4060503 | BC51: =AN51+AZ51 -> 0 | BD51: =AO51+BA51 -> 1691265 | BE51: =AP51+BB51 -> 4060503 | BF51: 0 | BG51: 0 | BH51: 0 | BI51: =BC51+BF51 -> 0 | BJ51: =BD51+BG51 -> 1691265 | BK51: =BE51+BH51 -> 4060503 | BL51: =BO51-BF51 -> 0 | BM51: =BP51-BG51 -> 0 | BN51: =BQ51-BH51 -> 0 | BO51: 0 | BP51: 0 | BQ51: 0 | BR51: =BC51+BO51 -> 0 | BS51: =BD51+BP51 -> 1691265 | BT51: =BE51+BQ51 -> 4060503 | BU51: 0 | BV51: -1941043.4 | BW51: -4609085 | BX51: =BR51+BU51 -> 0 | BY51: =BS51+BV51 -> -249778.44 | BZ51: =BT51+BW51 -> -548582 | CA51: 201603-201606 | CB51: PH | CC51: OK！ | CD51: =IF($E51="","",IF($BW51>0,IF($CA51="-","BA列に売掛金の対象月を入力して下さい！","OK！"),"OK！")) -> OK！ | CE51: =F51 -> J1 | CF51: =G51 -> KH | CG51: =VLOOKUP(K51,資金源,2,FALSE) -> JICA円借款
A52: =F52 -> J1 | B52: =G52 -> KH | C52: =K52 -> (独)国際協力機構 円借款 | D52: =CA52 -> 201605-201606 | E52: JA12H1016P-JPY-CPH0000000 | F52: J1 | G52: KH | H52: =IF($E52="","",LEFT(E52,10)) -> JA12H1016P | I52: フィリピン国ミンダナオ持続的入植地農業開 | J52: フィリピン政府 | K52: (独)国際協力機構 円借款 | L52: JPY | M52: 0 | N52: 0 | O52: 0 | P52: 0 | Q52: 0 | R52: 0 | S52: 0 | T52: 0 | U52: 0 | V52: 0 | W52: 0 | X52: 0 | Y52: 0 | Z52: 0 | AA52: 0 | AB52: 0 | AC52: 0 | AD52: 0 | AE52: 0 | AF52: 0 | AG52: 0 | AH52: =+M52+P52+S52+V52+Y52+AB52+AE52 -> 0 | AI52: =+N52+Q52+T52+W52+Z52+AC52+AF52 -> 0 | AJ52: =+O52+R52+U52+X52+AA52+AD52+AG52 -> 0 | AK52: 0 | AL52: 0 | AM52: 0 | AN52: =AH52+AK52 -> 0 | AO52: =AI52+AL52 -> 0 | AP52: =AJ52+AM52 -> 0 | AQ52: 0 | AR52: 0 | AS52: 0 | AT52: =AN52+AQ52 -> 0 | AU52: =AO52+AR52 -> 0 | AV52: =AP52+AS52 -> 0 | AW52: =AZ52-AQ52 -> 9640000 | AX52: =BA52-AR52 -> 0 | AY52: =BB52-AS52 -> 9640000 | AZ52: 9640000 | BA52: 0 | BB52: 9640000 | BC52: =AN52+AZ52 -> 9640000 | BD52: =AO52+BA52 -> 0 | BE52: =AP52+BB52 -> 9640000 | BF52: 0 | BG52: 0 | BH52: 0 | BI52: =BC52+BF52 -> 9640000 | BJ52: =BD52+BG52 -> 0 | BK52: =BE52+BH52 -> 9640000 | BL52: =BO52-BF52 -> 0 | BM52: =BP52-BG52 -> 0 | BN52: =BQ52-BH52 -> 0 | BO52: 0 | BP52: 0 | BQ52: 0 | BR52: =BC52+BO52 -> 9640000 | BS52: =BD52+BP52 -> 0 | BT52: =BE52+BQ52 -> 9640000 | BU52: -1370947 | BV52: 0 | BW52: -1370947 | BX52: =BR52+BU52 -> 8269053 | BY52: =BS52+BV52 -> 0 | BZ52: =BT52+BW52 -> 8269053 | CA52: 201605-201606 | CB52: PH | CC52: OK！ | CD52: =IF($E52="","",IF($BW52>0,IF($CA52="-","BA列に売掛金の対象月を入力して下さい！","OK！"),"OK！")) -> OK！ | CE52: =F52 -> J1 | CF52: =G52 -> KH | CG52: =VLOOKUP(K52,資金源,2,FALSE) -> JICA円借款
A53: =F53 -> J1 | B53: =G53 -> KH | C53: =K53 -> (独)国際協力機構 円借款 | D53: =CA53 -> 201606-201606 | E53: JA14H1002P-JPY-CTZ0000000 | F53: J1 | G53: KH | H53: =IF($E53="","",LEFT(E53,10)) -> JA14H1002P | I53: タンザニア国小規模灌漑事業 | J53: タンザニア政府 | K53: (独)国際協力機構 円借款 | L53: JPY | M53: 0 | N53: 0 | O53: 0 | P53: 0 | Q53: 0 | R53: 0 | S53: 0 | T53: 0 | U53: 0 | V53: 0 | W53: 0 | X53: 0 | Y53: 0 | Z53: 0 | AA53: 0 | AB53: 0 | AC53: 0 | AD53: 0 | AE53: 0 | AF53: 0 | AG53: 0 | AH53: =+M53+P53+S53+V53+Y53+AB53+AE53 -> 0 | AI53: =+N53+Q53+T53+W53+Z53+AC53+AF53 -> 0 | AJ53: =+O53+R53+U53+X53+AA53+AD53+AG53 -> 0 | AK53: 0 | AL53: 0 | AM53: 0 | AN53: =AH53+AK53 -> 0 | AO53: =AI53+AL53 -> 0 | AP53: =AJ53+AM53 -> 0 | AQ53: 0 | AR53: 0 | AS53: 0 | AT53: =AN53+AQ53 -> 0 | AU53: =AO53+AR53 -> 0 | AV53: =AP53+AS53 -> 0 | AW53: =AZ53-AQ53 -> 3002850 | AX53: =BA53-AR53 -> 0 | AY53: =BB53-AS53 -> 3002850 | AZ53: 3002850 | BA53: 0 | BB53: 3002850 | BC53: =AN53+AZ53 -> 3002850 | BD53: =AO53+BA53 -> 0 | BE53: =AP53+BB53 -> 3002850 | BF53: 0 | BG53: 0 | BH53: 0 | BI53: =BC53+BF53 -> 3002850 | BJ53: =BD53+BG53 -> 0 | BK53: =BE53+BH53 -> 3002850 | BL53: =BO53-BF53 -> 0 | BM53: =BP53-BG53 -> 0 | BN53: =BQ53-BH53 -> 0 | BO53: 0 | BP53: 0 | BQ53: 0 | BR53: =BC53+BO53 -> 3002850 | BS53: =BD53+BP53 -> 0 | BT53: =BE53+BQ53 -> 3002850 | BU53: -3651127 | BV53: 0 | BW53: -3651127 | BX53: =BR53+BU53 -> -648277 | BY53: =BS53+BV53 -> 0 | BZ53: =BT53+BW53 -> -648277 | CA53: 201606-201606 | CB53: TZ | CC53: OK！ | CD53: =IF($E53="","",IF($BW53>0,IF($CA53="-","BA列に売掛金の対象月を入力して下さい！","OK！"),"OK！")) -> OK！ | CE53: =F53 -> J1 | CF53: =G53 -> KH | CG53: =VLOOKUP(K53,資金源,2,FALSE) -> JICA円借款
A54: =F54 -> J1 | B54: =G54 -> KH | C54: =K54 -> (独)国際協力機構 円借款 | D54: =CA54 -> 201407-201606 | E54: JA14H1002P-TZS-CTZ0000000 | F54: J1 | G54: KH | H54: =IF($E54="","",LEFT(E54,10)) -> JA14H1002P | I54: タンザニア国小規模灌漑事業 | J54: タンザニア政府 | K54: (独)国際協力機構 円借款 | L54: TZS | M54: 0 | N54: 0 | O54: 0 | P54: 0 | Q54: 0 | R54: 0 | S54: 0 | T54: 0 | U54: 0 | V54: 0 | W54: 0 | X54: 0 | Y54: 0 | Z54: 0 | AA54: 0 | AB54: 0 | AC54: 0 | AD54: 0 | AE54: 0 | AF54: 0 | AG54: 0 | AH54: =+M54+P54+S54+V54+Y54+AB54+AE54 -> 0 | AI54: =+N54+Q54+T54+W54+Z54+AC54+AF54 -> 0 | AJ54: =+O54+R54+U54+X54+AA54+AD54+AG54 -> 0 | AK54: 0 | AL54: 3933388.2 | AM54: 250488 | AN54: =AH54+AK54 -> 0 | AO54: =AI54+AL54 -> 3933388.2 | AP54: =AJ54+AM54 -> 250488 | AQ54: 0 | AR54: 3831625.4 | AS54: 213060 | AT54: =AN54+AQ54 -> 0 | AU54: =AO54+AR54 -> 7765013.7 | AV54: =AP54+AS54 -> 463548 | AW54: =AZ54-AQ54 -> 0 | AX54: =BA54-AR54 -> 5480000 | AY54: =BB54-AS54 -> 277835 | AZ54: 0 | BA54: 9311625.4 | BB54: 490895 | BC54: =AN54+AZ54 -> 0 | BD54: =AO54+BA54 -> 13245014 | BE54: =AP54+BB54 -> 741383 | BF54: 0 | BG54: 0 | BH54: 0 | BI54: =BC54+BF54 -> 0 | BJ54: =BD54+BG54 -> 13245014 | BK54: =BE54+BH54 -> 741383 | BL54: =BO54-BF54 -> 0 | BM54: =BP54-BG54 -> 0 | BN54: =BQ54-BH54 -> 0 | BO54: 0 | BP54: 0 | BQ54: 0 | BR54: =BC54+BO54 -> 0 | BS54: =BD54+BP54 -> 13245014 | BT54: =BE54+BQ54 -> 741383 | BU54: 0 | BV54: -5823664 | BW54: -295202 | BX54: =BR54+BU54 -> 0 | BY54: =BS54+BV54 -> 7421349.7 | BZ54: =BT54+BW54 -> 446181 | CA54: 201407-201606 | CB54: TZ | CC54: OK！ | CD54: =IF($E54="","",IF($BW54>0,IF($CA54="-","BA列に売掛金の対象月を入力して下さい！","OK！"),"OK！")) -> OK！ | CE54: =F54 -> J1 | CF54: =G54 -> KH | CG54: =VLOOKUP(K54,資金源,2,FALSE) -> JICA円借款
... A340: =F340 -> M | B340: =G340 -> M | C340: =K340 -> クラウンエイジェンツ日本事務所（無償） | D340: =CA340 -> - | E340: JA16M1017P-JPY-F000018801 | F340: M | G340: M | H340: =IF($E340="","",LEFT(E340,10)) -> JA16M1017P | I340: ウルグアイ国太陽光を活用したクリーンエネ | J340: クラウンエイジェンツ日本事務所（無 | K340: クラウンエイジェンツ日本事務所（無償） | L340: JPY | M340: 0 | N340: 0 | O340: 0 | P340: 0 | Q340: 0 | R340: 0 | S340: 0 | T340: 0 | U340: 0 | V340: 0 | W340: 0 | X340: 0 | Y340: 0 | Z340: 0 | AA340: 0 | AB340: 0 | AC340: 0 | AD340: 0 | AE340: 0 | AF340: 0 | AG340: 0 | AH340: =+M340+P340+S340+V340+Y340+AB340+AE340 -> 0 | AI340: =+N340+Q340+T340+W340+Z340+AC340+AF340 -> 0 | AJ340: =+O340+R340+U340+X340+AA340+AD340+AG340 -> 0 | AK340: 0 | AL340: 0 | AM340: 0 | AN340: =AH340+AK340 -> 0 | AO340: =AI340+AL340 -> 0 | AP340: =AJ340+AM340 -> 0 | AQ340: 0 | AR340: 0 | AS340: 0 | AT340: =AN340+AQ340 -> 0 | AU340: =AO340+AR340 -> 0 | AV340: =AP340+AS340 -> 0 | AW340: =AZ340-AQ340 -> 0 | AX340: =BA340-AR340 -> 0 | AY340: =BB340-AS340 -> 0 | AZ340: 0 | BA340: 0 | BB340: 0 | BC340: =AN340+AZ340 -> 0 | BD340: =AO340+BA340 -> 0 | BE340: =AP340+BB340 -> 0 | BF340: 0 | BG340: 0 | BH340: 0 | BI340: =BC340+BF340 -> 0 | BJ340: =BD340+BG340 -> 0 | BK340: =BE340+BH340 -> 0 | BL340: =BO340-BF340 -> 0 | BM340: =BP340-BG340 -> 0 | BN340: =BQ340-BH340 -> 0 | BO340: 0 | BP340: 0 | BQ340: 0 | BR340: =BC340+BO340 -> 0 | BS340: =BD340+BP340 -> 0 | BT340: =BE340+BQ340 -> 0 | BU340: -7314600 | BV340: 0 | BW340: -7314600 | BX340: =BR340+BU340 -> -7314600 | BY340: =BS340+BV340 -> 0 | BZ340: =BT340+BW340 -> -7314600 | CA340: - | CB340: UY | CC340: OK！ | CD340: =IF($E340="","",IF($BW340>0,IF($CA340="-","BA列に売掛金の対象月を入力して下さい！","OK！"),"OK！")) -> OK！ | CE340: =F340 -> M | CF340: =G340 -> M | CG340: =VLOOKUP(K340,資金源,2,FALSE) -> ｸﾗｳﾝｴｲｼﾞｪﾝﾂ

Sheet 提出用（全体）
E2: 売掛金未回収残高一覧（2016年7月）
J3: 担当者 | O3: 2016年6月末残高／最新残高 | W3: 2016年6月末売掛金 回収予定/実績 | AH3: 参考）売掛金残高(13)の通貨別内訳
A4: 並び順 | B4: 国順 コード | C4: 国 コード | D4: 国名 | E4: プロジェクト コード | F4: プロジェクト名称 | G4: 資金源 | H4: 主管事業部 | I4: 主管部 | J4: 事業部・部 | K4: 営業部 | L4: 海外事務所 | M4: 業務部(事務担当) | N4: 作業終了／継続 | P4: 売掛金 残高 | Q4: うち2015年12月以前の売掛金 | R4: うち2016年1月から6月までの売掛金 | S4: うち2016年7月以降の売掛金 | T4: うち 未請求 | U4: 前受金 残高 | V4: 未収残高（売掛－前受） | X4: 2016年 7月 | Y4: 2016年 8月 | Z4: 2016年 9月 | AA4: 2016年 10月 | AB4: 2016年 11月 | AC4: 2016年 12月 | AD4: 2017年 1月以降 | AE4: 計 | AF4: 備考 | AH4: 円貨 | AI4: 通貨 コード | AJ4: 外貨／ 現地貨 | AK4: 外貨／ 現地貨 円相当 | AL4: 円相当 合計
D6: 項目番号(1) | E6: (2) | F6: (3) | G6: (4) | H6: (5) | I6: (6) | J6: (7) | K6: (8) | L6: (9) | M6: (10) | N6: (11) | O6: (12) | P6: (13) | Q6: (14) | R6: (15) | S6: (16) | T6: (17) | U6: (18) | V6: (19) | W6: (20) | X6: (21) | Y6: (22) | Z6: (23) | AA6: (24) | AB6: (25) | AC6: (26) | AD6: (27) | AE6: (28) | AF6: (29) | AH6: b1 | AJ6: b2 | AK6: b2' | AL6: b1+b2'=(13)
A7: JA14R1014P | B7: A02 | C7: BD | D7: ﾊﾞﾝｸﾞﾗﾃﾞｼｭ | E7: JA14R1014P | F7: ﾊﾞﾝｸﾞﾗﾃﾞｼｭ国ﾀﾞｯｶ都市交通ﾏﾈｼﾞﾒﾝﾄﾌﾟﾛｼﾞｪｸﾄ | G7: JICA調査 | H7: J2 | I7: KR | J7: 大園 | K7: 小泉 | L7: 田中 | M7: 岡島 | N7: 継続 | O7: 16/6末 | P7: 5952204 | Q7: 5952204 | R7: =P7-Q7 -> 0 | S7: 0 | T7: 0 | U7: 40801300 | V7: =P7-U7 -> -34849096 | W7: 予定 | X7: =X8 -> 0 | AE7: =SUM(X7:AD7) -> 0 | AF7: JICA部分払につき未収金は最終精算確定後回収予定 | AH7: 5952204 | AI7: - | AJ7: 0 | AK7: =AL7-+AH7 -> 0 | AL7: =Q7+R7 -> 5952204
B8: A02 | C8: BD | D8: ﾊﾞﾝｸﾞﾗﾃﾞｼｭ | E8: JA14R1014P | G8: JICA調査 | H8: J2 | I8: KR | O8: 最新 | P8: 5952204 | Q8: 5952204 | R8: 0 | S8: =P8-Q8-R8 -> 0 | T8: 0 | U8: 40801300 | V8: =P8-U8 -> -34849096 | W8: 実績 | X8: 0 | Y8: 0 | Z8: 0 | AA8: 0 | AB8: 0 | AC8: 0 | AD8: 0 | AE8: =SUM(X8:AD8) -> 0 | AH8: 5952204 | AI8: - | AJ8: 0 | AK8: =AL8-+AH8 -> 0 | AL8: =Q8+R8 -> 5952204
B9: A02 | C9: BD | D9: ﾊﾞﾝｸﾞﾗﾃﾞｼｭ | E9: JA14R1014P | G9: JICA調査 | H9: J2 | I9: KR | O9: 差 | P9: =P7-+P8 -> 0 | Q9: =Q7-+Q8 -> 0 | R9: =R7-+R8 -> 0 | T9: =T7-+T8 -> 0 | U9: =U7-+U8 -> 0 | V9: =V7-+V8 -> 0 | W9: 差 | X9: =X7-+X8 -> 0 | Y9: =Y7-+Y8 -> 0 | Z9: =Z7-+Z8 -> 0 | AA9: =AA7-+AA8 -> 0 | AB9: =AB7-+AB8 -> 0 | AC9: =AC7-+AC8 -> 0 | AD9: =AD7-+AD8 -> 0 | AE9: =SUM(X9:AD9) -> 0 | AH9: =AH7-+AH8 -> 0 | AI9: - | AJ9: =AJ7-+AJ8 -> 0 | AK9: =AK7-+AK8 -> 0 | AL9: =AL7-+AL8 -> 0
A10: JA12T1004P | B10: A02 | C10: BD | D10: ﾊﾞﾝｸﾞﾗﾃﾞｼｭ | E10: JA12T1004P | F10: ﾊﾞﾝｸﾞﾗﾃﾞｼｭ国ﾀﾞｯｶMRT6号線GC | G10: JICA円借款 | H10: J3 | I10: KL | J10: 藤冨・加藤 | K10: 小泉 | L10: 田中 | M10: 黒井 | N10: 継続 | O10: 16/6末 | P10: 468628980 | Q10: 347246 | R10: =P10-Q10 -> 468281734 | S10: 0 | T10: 310996321 | U10: 63396499 | V10: =P10-U10 -> 405232481 | W10: 予定 | X10: =X11 -> 0 | AE10: =SUM(X10:AD10) -> 0 | AF10: 0 | AH10: 369306647 | AI10: ※ | AJ10: 66907086 | AK10: =AL10-+AH10 -> 99322333 | AL10: =Q10+R10 -> 468628980 | AM10: BDT:66.9百万タカ(95.7百万円相当）& USD:0.03百万ドル（3.7百万円相当）
B11: A02 | C11: BD | D11: ﾊﾞﾝｸﾞﾗﾃﾞｼｭ | E11: JA12T1004P | G11: JICA円借款 | H11: J3 | I11: KL | O11: 最新 | P11: 468628980 | Q11: 347246 | R11: 468281734 | S11: =P11-Q11-R11 -> 0 | T11: 310996321 | U11: 63396499 | V11: =P11-U11 -> 405232481 | W11: 実績 | X11: 0 | Y11: 0 | Z11: 0 | AA11: 0 | AB11: 0 | AC11: 0 | AD11: 0 | AE11: =SUM(X11:AD11) -> 0 | AH11: 369306647 | AI11: ※ | AJ11: 66907086 | AK11: =AL11-+AH11 -> 99322333 | AL11: =Q11+R11 -> 468628980 | AM11: BDT:66.9百万タカ(95.7百万円相当）& USD:0.03百万ドル（3.7百万円相当）
B12: A02 | C12: BD | D12: ﾊﾞﾝｸﾞﾗﾃﾞｼｭ | E12: JA12T1004P | G12: JICA円借款 | H12: J3 | I12: KL | O12: 差 | P12: =P10-+P11 -> 0 | Q12: =Q10-+Q11 -> 0 | R12: =R10-+R11 -> 0 | T12: =T10-+T11 -> 0 | U12: =U10-+U11 -> 0 | V12: =V10-+V11 -> 0 | W12: 差 | X12: =X10-+X11 -> 0 | Y12: =Y10-+Y11 -> 0 | Z12: =Z10-+Z11 -> 0 | AA12: =AA10-+AA11 -> 0 | AB12: =AB10-+AB11 -> 0 | AC12: =AC10-+AC11 -> 0 | AD12: =AD10-+AD11 -> 0 | AE12: =SUM(X12:AD12) -> 0 | AH12: =AH10-+AH11 -> 0 | AI12: - | AJ12: =AJ10-+AJ11 -> 0 | AK12: =AK10-+AK11 -> 0 | AL12: =AL10-+AL11 -> 0
A13: JA15W1007P | B13: A02 | C13: BD | D13: ﾊﾞﾝｸﾞﾗﾃﾞｼｭ | E13: JA15W1007P | F13: ﾊﾞﾝｸﾞﾗﾃﾞｼｭ国ﾊｵｰﾙ地域洪水対策･生活向上事業 | G13: JICA円借款 | H13: J1 | I13: KW | J13: 福渡 | K13: 小泉 | L13: 田中 | M13: 内桶 | N13: 継続 | O13: 16/6末 | P13: 64050877 | Q13: 0 | R13: =P13-Q13 -> 64050877 | S13: 0 | T13: 64050877 | U13: 50718748 | V13: =P13-U13 -> 13332129 | W13: 予定 | X13: =X14 -> 58828380 | AE13: =SUM(X13:AD13) -> 58828380 | AF13: 0 | AH13: 4734352 | AI13: BDT | AJ13: 41691348 | AK13: =AL13-+AH13 -> 59316525 | AL13: =Q13+R13 -> 64050877
B14: A02 | C14: BD | D14: ﾊﾞﾝｸﾞﾗﾃﾞｼｭ | E14: JA15W1007P | G14: JICA円借款 | H14: J1 | I14: KW | O14: 最新 | P14: 5222497 | Q14: 0 | R14: 5222497 | S14: =P14-Q14-R14 -> 0 | T14: 5222497 | U14: 38903749 | V14: =P14-U14 -> -33681252 | W14: 実績 | X14: 58828380 | Y14: 0 | Z14: 0 | AA14: 0 | AB14: 0 | AC14: 0 | AD14: 0 | AE14: =SUM(X14:AD14) -> 58828380 | AH14: 4734352 | AI14: BDT | AJ14: 344996 | AK14: =AL14-+AH14 -> 488145 | AL14: =Q14+R14 -> 5222497
B15: A02 | C15: BD | D15: ﾊﾞﾝｸﾞﾗﾃﾞｼｭ | E15: JA15W1007P | G15: JICA円借款 | H15: J1 | I15: KW | O15: 差 | P15: =P13-+P14 -> 58828380 | Q15: =Q13-+Q14 -> 0 | R15: =R13-+R14 -> 58828380 | T15: =T13-+T14 -> 58828380 | U15: =U13-+U14 -> 11814999 | V15: =V13-+V14 -> 47013381 | W15: 差 | X15: =X13-+X14 -> 0 | Y15: =Y13-+Y14 -> 0 | Z15: =Z13-+Z14 -> 0 | AA15: =AA13-+AA14 -> 0 | AB15: =AB13-+AB14 -> 0 | AC15: =AC13-+AC14 -> 0 | AD15: =AD13-+AD14 -> 0 | AE15: =SUM(X15:AD15) -> 0 | AH15: =AH13-+AH14 -> 0 | AI15: 4734352 | AJ15: =AJ13-+AJ14 -> 41346352 | AK15: =AK13-+AK14 -> 58828380 | AL15: =AL13-+AL14 -> 58828380
A16: JA14X1022P | B16: A02 | C16: BD | D16: ﾊﾞﾝｸﾞﾗﾃﾞｼｭ | E16: JA14X1022P | F16: ﾊﾞﾝｸﾞﾗﾃﾞｼｭ国ﾏﾀﾊﾞﾘ石炭火力発電所設計･施工監理業務 | G16: JICA円借款 | H16: J2 | I16: KX | J16: 飯沼 | K16: 小泉 | L16: 田中 | M16: 岡島 | N16: 継続 | O16: 16/6末 | P16: 63653698 | Q16: 0 | R16: =P16-Q16 -> 63653698 | S16: 0 | T16: 15871815 | U16: 0 | V16: =P16-U16 -> 63653698 | W16: 予定 | X16: =X17 -> 25047473 | AE16: =SUM(X16:AD16) -> 25047473 | AF16: 0 | AH16: 59379064 | AI16: BDT | AJ16: 2988167.3 | AK16: =AL16-+AH16 -> 4274634 | AL16: =Q16+R16 -> 63653698
B17: A02 | C17: BD | D17: ﾊﾞﾝｸﾞﾗﾃﾞｼｭ | E17: JA14X1022P | G17: JICA円借款 | H17: J2 | I17: KX | O17: 最新 | P17: 38606225 | Q17: 0 | R17: 38606225 | S17: =P17-Q17-R17 -> 0 | T17: 15871815 | U17: 0 | V17: =P17-U17 -> 38606225 | W17: 実績 | X17: 25047473 | Y17: 0 | Z17: 0 | AA17: 0 | AB17: 0 | AC17: 0 | AD17: 0 | AE17: =SUM(X17:AD17) -> 25047473 | AH17: 35339939 | AI17: BDT | AJ17: 2294224.1 | AK17: =AL17-+AH17 -> 3266286 | AL17: =Q17+R17 -> 38606225
B18: A02 | C18: BD | D18: ﾊﾞﾝｸﾞﾗﾃﾞｼｭ | E18: JA14X1022P | G18: JICA円借款 | H18: J2 | I18: KX | O18: 差 | P18: =P16-+P17 -> 25047473 | Q18: =Q16-+Q17 -> 0 | R18: =R16-+R17 -> 25047473 | T18: =T16-+T17 -> 0 | U18: =U16-+U17 -> 0 | V18: =V16-+V17 -> 25047473 | W18: 差 | X18: =X16-+X17 -> 0 | Y18: =Y16-+Y17 -> 0 | Z18: =Z16-+Z17 -> 0 | AA18: =AA16-+AA17 -> 0 | AB18: =AB16-+AB17 -> 0 | AC18: =AC16-+AC17 -> 0 | AD18: =AD16-+AD17 -> 0 | AE18: =SUM(X18:AD18) -> 0 | AH18: =AH16-+AH17 -> 24039125 | AI18: 35339939 | AJ18: =AJ16-+AJ17 -> 693943.21 | AK18: =AK16-+AK17 -> 1008348 | AL18: =AL16-+AL17 -> 25047473
A19: JA12M1016P | B19: A02 | C19: BD | D19: ﾊﾞﾝｸﾞﾗﾃﾞｼｭ | E19: JA12M1016P | F19: ﾊﾞﾝｸﾞﾗﾃﾞｼｭ国送電線整備事業 | G19: JICA円借款 | H19: M | I19: M | J19: 岩淵 | K19: 小泉 | L19: 田中 | M19: 黒井 | N19: 継続 | O19: 16/6末 | P19: 14540493 | Q19: 0 | R19: =P19-Q19 -> 14540493 | S19: 0 | T19: 8275081 | U19: 19870835 | V19: =P19-U19 -> -5330342 | W19: 予定 | X19: =X20 -> 0 | AE19: =SUM(X19:AD19) -> 0 | AF19: 0 | AH19: 11740865 | AI19: BDT | AJ19: 1951419 | AK19: =AL19-+AH19 -> 2799628 | AL19: =Q19+R19 -> 14540493
B20: A02 | C20: BD | D20: ﾊﾞﾝｸﾞﾗﾃﾞｼｭ | E20: JA12M1016P | G20: JICA円借款 | H20: M | I20: M | O20: 最新 | P20: 14540493 | Q20: 0 | R20: 14540493 | S20: =P20-Q20-R20 -> 0 | T20: 8275081 | U20: 19870835 | V20: =P20-U20 -> -5330342 | W20: 実績 | X20: 0 | Y20: 0 | Z20: 0 | AA20: 0 | AB20: 0 | AC20: 0 | AD20: 0 | AE20: =SUM(X20:AD20) -> 0 | AH20: 11740865 | AI20: BDT | AJ20: 1951419 | AK20: =AL20-+AH20 -> 2799628 | AL20: =Q20+R20 -> 14540493
B21: A02 | C21: BD | D21: ﾊﾞﾝｸﾞﾗﾃﾞｼｭ | E21: JA12M1016P | G21: JICA円借款 | H21: M | I21: M | O21: 差 | P21: =P19-+P20 -> 0 | Q21: =Q19-+Q20 -> 0 | R21: =R19-+R20 -> 0 | T21: =T19-+T20 -> 0 | U21: =U19-+U20 -> 0 | V21: =V19-+V20 -> 0 | W21: 差 | X21: =X19-+X20 -> 0 | Y21: =Y19-+Y20 -> 0 | Z21: =Z19-+Z20 -> 0 | AA21: =AA19-+AA20 -> 0 | AB21: =AB19-+AB20 -> 0 | AC21: =AC19-+AC20 -> 0 | AD21: =AD19-+AD20 -> 0 | AE21: =SUM(X21:AD21) -> 0 | AH21: =AH19-+AH20 -> 0 | AI21: - | AJ21: =AJ19-+AJ20 -> 0 | AK21: =AK19-+AK20 -> 0 | AL21: =AL19-+AL20 -> 0
A22: JA15H1037P | B22: A02 | C22: BD | D22: ﾊﾞﾝｸﾞﾗﾃﾞｼｭ | E22: JA15H1037P | F22: ﾊﾞﾝｸﾞﾗﾃﾞｼｭ国地方行政強化事業案件実施促進支援(SAPI) | G22: JICA調査 | H22: J1 | I22: KH | M22: 倉持 | N22: 2016/6月期完成 | O22: 16/6末 | P22: 5614920 | Q22: 0 | R22: =P22-Q22 -> 5614920 | S22: 0 | T22: 0 | U22: 5057976 | V22: =P22-U22 -> 556944 | W22: 予定 | X22: =X23 -> 0 | AE22: =SUM(X22:AD22) -> 0 | AF22: 0 | AH22: 5614920 | AI22: - | AJ22: 0 | AK22: =AL22-+AH22 -> 0 | AL22: =Q22+R22 -> 5614920
B23: A02 | C23: BD | D23: ﾊﾞﾝｸﾞﾗﾃﾞｼｭ | E23: JA15H1037P | G23: JICA調査 | H23: J1 | I23: KH | O23: 最新 | P23: 5614920 | Q23: 0 | R23: 5614920 | S23: =P23-Q23-R23 -> 0 | T23: 0 | U23: 5057976 | V23: =P23-U23 -> 556944 | W23: 実績 | X23: 0 | Y23: 0 | Z23: 0 | AA23: 0 | AB23: 0 | AC23: 0 | AD23: 0 | AE23: =SUM(X23:AD23) -> 0 | AH23: 5614920 | AI23: - | AJ23: 0 | AK23: =AL23-+AH23 -> 0 | AL23: =Q23+R23 -> 5614920
B24: A02 | C24: BD | D24: ﾊﾞﾝｸﾞﾗﾃﾞｼｭ | E24: JA15H1037P | G24: JICA調査 | H24: J1 | I24: KH | O24: 差 | P24: =P22-+P23 -> 0 | Q24: =Q22-+Q23 -> 0 | R24: =R22-+R23 -> 0 | T24: =T22-+T23 -> 0 | U24: =U22-+U23 -> 0 | V24: =V22-+V23 -> 0 | W24: 差 | X24: =X22-+X23 -> 0 | Y24: =Y22-+Y23 -> 0 | Z24: =Z22-+Z23 -> 0 | AA24: =AA22-+AA23 -> 0 | AB24: =AB22-+AB23 -> 0 | AC24: =AC22-+AC23 -> 0 | AD24: =AD22-+AD23 -> 0 | AE24: =SUM(X24:AD24) -> 0 | AH24: =AH22-+AH23 -> 0 | AI24: - | AJ24: =AJ22-+AJ23 -> 0 | AK24: =AK22-+AK23 -> 0 | AL24: =AL22-+AL23 -> 0
A25: JA16X1007P | B25: A02 | C25: BD | D25: ﾊﾞﾝｸﾞﾗﾃﾞｼｭ | E25: JA16X1007P | F25: ﾊﾞﾝｸﾞﾗﾃﾞｼｭ国電力ﾏｽﾀｰﾌﾟﾗﾝ改訂に係る情報収集･確認調査 | G25: JICA調査 | H25: J2 | I25: KX | M25: 岡島 | N25: 継続 | O25: 16/6末 | P25: 2510560 | Q25: 0 | R25: =P25-Q25 -> 2510560 | S25: 0 | T25: 2510560 | U25: 0 | V25: =P25-U25 -> 2510560 | W25: 予定 | X25: =X26 -> 0 | AE25: =SUM(X25:AD25) -> 0 | AF25: 0 | AH25: 2510560 | AI25: - | AJ25: 0 | AK25: =AL25-+AH25 -> 0 | AL25: =Q25+R25 -> 2510560
B26: A02 | C26: BD | D26: ﾊﾞﾝｸﾞﾗﾃﾞｼｭ | E26: JA16X1007P | G26: JICA調査 | H26: J2 | I26: KX | O26: 最新 | P26: 2510560 | Q26: 0 | R26: 2510560 | S26: =P26-Q26-R26 -> 0 | T26: 2510560 | U26: 0 | V26: =P26-U26 -> 2510560 | W26: 実績 | X26: 0 | Y26: 0 | Z26: 0 | AA26: 0 | AB26: 0 | AC26: 0 | AD26: 0 | AE26: =SUM(X26:AD26) -> 0 | AH26: 2510560 | AI26: - | AJ26: 0 | AK26: =AL26-+AH26 -> 0 | AL26: =Q26+R26 -> 2510560
B27: A02 | C27: BD | D27: ﾊﾞﾝｸﾞﾗﾃﾞｼｭ | E27: JA16X1007P | G27: JICA調査 | H27: J2 | I27: KX | O27: 差 | P27: =P25-+P26 -> 0 | Q27: =Q25-+Q26 -> 0 | R27: =R25-+R26 -> 0 | T27: =T25-+T26 -> 0 | U27: =U25-+U26 -> 0 | V27: =V25-+V26 -> 0 | W27: 差 | X27: =X25-+X26 -> 0 | Y27: =Y25-+Y26 -> 0 | Z27: =Z25-+Z26 -> 0 | AA27: =AA25-+AA26 -> 0 | AB27: =AB25-+AB26 -> 0 | AC27: =AC25-+AC26 -> 0 | AD27: =AD25-+AD26 -> 0 | AE27: =SUM(X27:AD27) -> 0 | AH27: =AH25-+AH26 -> 0 | AI27: - | AJ27: =AJ25-+AJ26 -> 0 | AK27: =AK25-+AK26 -> 0 | AL27: =AL25-+AL26 -> 0
A28: JA07S1007P | B28: A03 | C28: ID | D28: ｲﾝﾄﾞﾈｼｱ | E28: JA07S1007P | F28: ｲﾝﾄﾞﾈｼｱ国ﾌﾟｻﾝｶﾞﾝ水力発電計画監督 | G28: JICA円借款 | H28: J1 | I28: KW | J28: 小玉 | K28: 田村 | L28: 斎藤 | M28: 岡島 | N28: 継続 | O28: 16/6末 | P28: 299013260 | Q28: 156535215 | R28: =P28-Q28 -> 142478045 | S28: 0 | T28: 112290612 | U28: 107836319 | V28: =P28-U28 -> 191176941 | W28: 予定 | X28: =X29 -> 0 | AE28: =SUM(X28:AD28) -> 0 | AF28: 0 | AH28: 229525960 | AI28: IDR | AJ28: 7918645380 | AK28: =AL28-+AH28 -> 69487300 | AL28: =Q28+R28 -> 299013260
B29: A03 | C29: ID | D29: ｲﾝﾄﾞﾈｼｱ | E29: JA07S1007P | G29: JICA円借款 | H29: J1 | I29: KW | O29: 最新 | P29: 299013260 | Q29: 156535215 | R29: 142478045 | S29: =P29-Q29-R29 -> 0 | T29: 112290612 | U29: 107836319 | V29: =P29-U29 -> 191176941 | W29: 実績 | X29: 0 | Y29: 0 | Z29: 0 | AA29: 0 | AB29: 0 | AC29: 0 | AD29: 0 | AE29: =SUM(X29:AD29) -> 0 | AH29: 229525960 | AI29: IDR | AJ29: 7918645380 | AK29: =AL29-+AH29 -> 69487300 | AL29: =Q29+R29 -> 299013260
B30: A03 | C30: ID | D30: ｲﾝﾄﾞﾈｼｱ | E30: JA07S1007P | G30: JICA円借款 | H30: J1 | I30: KW | O30: 差 | P30: =P28-+P29 -> 0 | Q30: =Q28-+Q29 -> 0 | R30: =R28-+R29 -> 0 | T30: =T28-+T29 -> 0 | U30: =U28-+U29 -> 0 | V30: =V28-+V29 -> 0 | W30: 差 | X30: =X28-+X29 -> 0 | Y30: =Y28-+Y29 -> 0 | Z30: =Z28-+Z29 -> 0 | AA30: =AA28-+AA29 -> 0 | AB30: =AB28-+AB29 -> 0 | AC30: =AC28-+AC29 -> 0 | AD30: =AD28-+AD29 -> 0 | AE30: =SUM(X30:AD30) -> 0 | AH30: =AH28-+AH29 -> 0 | AI30: - | AJ30: =AJ28-+AJ29 -> 0 | AK30: =AK28-+AK29 -> 0 | AL30: =AL28-+AL29 -> 0
A31: JA05W1005P | B31: A03 | C31: ID | D31: ｲﾝﾄﾞﾈｼｱ | E31: JA05W1005P | F31: ﾛﾜｰｿﾛ河川改修ﾌｪｰｽﾞⅡ設計･監督 | G31: JICA円借款 | H31: J1 | I31: KW | M31: 内桶 | N31: 継続 | O31: 16/6末 | P31: 107108291 | Q31: 40734261 | R31: =P31-Q31 -> 66374030 | S31: 0 | T31: 107108291 | U31: 209127 | V31: =P31-U31 -> 106899164 | W31: 予定 | X31: =X32 -> 0 | AE31: =SUM(X31:AD31) -> 0 | AF31: 0 | AH31: 88643164 | AI31: IDR | AJ31: 2149700097 | AK31: =AL31-+AH31 -> 18465127 | AL31: =Q31+R31 -> 107108291
B32: A03 | C32: ID | D32: ｲﾝﾄﾞﾈｼｱ | E32: JA05W1005P | G32: JICA円借款 | H32: J1 | I32: KW | O32: 最新 | P32: 107108291 | Q32: 40734261 | R32: 66374030 | S32: =P32-Q32-R32 -> 0 | T32: 107108291 | U32: 209127 | V32: =P32-U32 -> 106899164 | W32: 実績 | X32: 0 | Y32: 0 | Z32: 0 | AA32: 0 | AB32: 0 | AC32: 0 | AD32: 0 | AE32: =SUM(X32:AD32) -> 0 | AH32: 88643164 | AI32: IDR | AJ32: 2149700097 | AK32: =AL32-+AH32 -> 18465127 | AL32: =Q32+R32 -> 107108291
B33: A03 | C33: ID | D33: ｲﾝﾄﾞﾈｼｱ | E33: JA05W1005P | G33: JICA円借款 | H33: J1 | I33: KW | O33: 差 | P33: =P31-+P32 -> 0 | Q33: =Q31-+Q32 -> 0 | R33: =R31-+R32 -> 0 | T33: =T31-+T32 -> 0 | U33: =U31-+U32 -> 0 | V33: =V31-+V32 -> 0 | W33: 差 | X33: =X31-+X32 -> 0 | Y33: =Y31-+Y32 -> 0 | Z33: =Z31-+Z32 -> 0 | AA33: =AA31-+AA32 -> 0 | AB33: =AB31-+AB32 -> 0 | AC33: =AC31-+AC32 -> 0 | AD33: =AD31-+AD32 -> 0 | AE33: =SUM(X33:AD33) -> 0 | AH33: =AH31-+AH32 -> 0 | AI33: - | AJ33: =AJ31-+AJ32 -> 0 | AK33: =AK31-+AK32 -> 0 | AL33: =AL31-+AL32 -> 0
A34: JA09W1006P | B34: A03 | C34: ID | D34: ｲﾝﾄﾞﾈｼｱ | E34: JA09W1006P | F34: ｲﾝﾄﾞﾈｼｱ国ｳｫﾉｷﾞﾘﾀﾞﾑ推砂対策事業一期工事 | G34: JICA円借款 | H34: J1 | I34: KW | J34: 福渡 | K34: 田村 | L34: 斎藤 | M34: 内桶 | N34: 継続 | O34: 16/6末 | P34: 57825178 | Q34: 31485134 | R34: =P34-Q34 -> 26340044 | S34: 0 | T34: 26340044 | U34: 0 | V34: =P34-U34 -> 57825178 | W34: 予定 | X34: =X35 -> 0 | AE34: =SUM(X34:AD34) -> 0 | AF34: 0 | AH34: 33597880 | AI34: IDR | AJ34: 2802520054 | AK34: =AL34-+AH34 -> 24227298 | AL34: =Q34+R34 -> 57825178
B35: A03 | C35: ID | D35: ｲﾝﾄﾞﾈｼｱ | E35: JA09W1006P | G35: JICA円借款 | H35: J1 | I35: KW | O35: 最新 | P35: 57825178 | Q35: 31485134 | R35: 26340044 | S35: =P35-Q35-R35 -> 0 | T35: 26340044 | U35: 0 | V35: =P35-U35 -> 57825178 | W35: 実績 | X35: 0 | Y35: 0 | Z35: 0 | AA35: 0 | AB35: 0 | AC35: 0 | AD35: 0 | AE35: =SUM(X35:AD35) -> 0 | AH35: 33597880 | AI35: IDR | AJ35: 2802520054 | AK35: =AL35-+AH35 -> 24227298 | AL35: =Q35+R35 -> 57825178
B36: A03 | C36: ID | D36: ｲﾝﾄﾞﾈｼｱ | E36: JA09W1006P | G36: JICA円借款 | H36: J1 | I36: KW | O36: 差 | P36: =P34-+P35 -> 0 | Q36: =Q34-+Q35 -> 0 | R36: =R34-+R35 -> 0 | T36: =T34-+T35 -> 0 | U36: =U34-+U35 -> 0 | V36: =V34-+V35 -> 0 | W36: 差 | X36: =X34-+X35 -> 0 | Y36: =Y34-+Y35 -> 0 | Z36: =Z34-+Z35 -> 0 | AA36: =AA34-+AA35 -> 0 | AB36: =AB34-+AB35 -> 0 | AC36: =AC34-+AC35 -> 0 | AD36: =AD34-+AD35 -> 0 | AE36: =SUM(X36:AD36) -> 0 | AH36: =AH34-+AH35 -> 0 | AI36: - | AJ36: =AJ34-+AJ35 -> 0 | AK36: =AK34-+AK35 -> 0 | AL36: =AL34-+AL35 -> 0
A37: JA15S1029P | B37: A03 | C37: ID | D37: ｲﾝﾄﾞﾈｼｱ | E37: JA15S1029P | F37: ｲﾝﾄﾞﾈｼｱ国ﾗﾘｱﾝ7水力発電簡易実現可能性調査 | G37: 民間 | H37: J1 | I37: KW | M37: 岡島 | N37: 2016/6月期完成 | O37: 16/6末 | P37: 24226000 | Q37: 24226000 | R37: =P37-Q37 -> 0 | S37: 0 | T37: 24226000 | U37: 0 | V37: =P37-U37 -> 24226000 | W37: 予定 | X37: =X38 -> 0 | AE37: =SUM(X37:AD37) -> 0 | AF37: 0 | AH37: 0 | AI37: USD | AJ37: 200000 | AK37: =AL37-+AH37 -> 24226000 | AL37: =Q37+R37 -> 24226000
B38: A03 | C38: ID | D38: ｲﾝﾄﾞﾈｼｱ | E38: JA15S1029P | G38: 民間 | H38: J1 | I38: KW | O38: 最新 | P38: 24226000 | Q38: 24226000 | R38: 0 | S38: =P38-Q38-R38 -> 0 | T38: 24226000 | U38: 0 | V38: =P38-U38 -> 24226000 | W38: 実績 | X38: 0 | Y38: 0 | Z38: 0 | AA38: 0 | AB38: 0 | AC38: 0 | AD38: 0 | AE38: =SUM(X38:AD38) -> 0 | AH38: 0 | AI38: USD | AJ38: 200000 | AK38: =AL38-+AH38 -> 24226000 | AL38: =Q38+R38 -> 24226000
B39: A03 | C39: ID | D39: ｲﾝﾄﾞﾈｼｱ | E39: JA15S1029P | G39: 民間 | H39: J1 | I39: KW | O39: 差 | P39: =P37-+P38 -> 0 | Q39: =Q37-+Q38 -> 0 | R39: =R37-+R38 -> 0 | T39: =T37-+T38 -> 0 | U39: =U37-+U38 -> 0 | V39: =V37-+V38 -> 0 | W39: 差 | X39: =X37-+X38 -> 0 | Y39: =Y37-+Y38 -> 0 | Z39: =Z37-+Z38 -> 0 | AA39: =AA37-+AA38 -> 0 | AB39: =AB37-+AB38 -> 0 | AC39: =AC37-+AC38 -> 0 | AD39: =AD37-+AD38 -> 0 | AE39: =SUM(X39:AD39) -> 0 | AH39: =AH37-+AH38 -> 0 | AI39: - | AJ39: =AJ37-+AJ38 -> 0 | AK39: =AK37-+AK38 -> 0 | AL39: =AL37-+AL38 -> 0
A40: JA06S1016P | B40: A03 | C40: ID | D40: ｲﾝﾄﾞﾈｼｱ | E40: JA06S1016P | F40: ｲﾝﾄﾞﾈｼｱ国ｱｻﾊﾝNo.3水力発電計画監督 | G40: JICA円借款 | H40: J1 | I40: KW | J40: 馬場 | K40: 田村 | L40: 斎藤 | M40: 岡島 | N40: 継続 | O40: 16/6末 | P40: 46872897 | Q40: 21592163 | R40: =P40-Q40 -> 25280734 | S40: 0 | T40: 33139114 | U40: 306001523 | V40: =P40-U40 -> -259128626 | W40: 予定 | X40: =X41 -> 0 | AE40: =SUM(X40:AD40) -> 0 | AF40: 0 | AH40: 35242430 | AI40: IDR | AJ40: 1349363450 | AK40: =AL40-+AH40 -> 11630467 | AL40: =Q40+R40 -> 46872897
B41: A03 | C41: ID | D41: ｲﾝﾄﾞﾈｼｱ | E41: JA06S1016P | G41: JICA円借款 | H41: J1 | I41: KW | O41: 最新 | P41: 46872897 | Q41: 21592163 | R41: 25280734 | S41: =P41-Q41-R41 -> 0 | T41: 33139114 | U41: 306001523 | V41: =P41-U41 -> -259128626 | W41: 実績 | X41: 0 | Y41: 0 | Z41: 0 | AA41: 0 | AB41: 0 | AC41: 0 | AD41: 0 | AE41: =SUM(X41:AD41) -> 0 | AH41: 35242430 | AI41: IDR | AJ41: 1349363450 | AK41: =AL41-+AH41 -> 11630467 | AL41: =Q41+R41 -> 46872897
B42: A03 | C42: ID | D42: ｲﾝﾄﾞﾈｼｱ | E42: JA06S1016P | G42: JICA円借款 | H42: J1 | I42: KW | O42: 差 | P42: =P40-+P41 -> 0 | Q42: =Q40-+Q41 -> 0 | R42: =R40-+R41 -> 0 | T42: =T40-+T41 -> 0 | U42: =U40-+U41 -> 0 | V42: =V40-+V41 -> 0 | W42: 差 | X42: =X40-+X41 -> 0 | Y42: =Y40-+Y41 -> 0 | Z42: =Z40-+Z41 -> 0 | AA42: =AA40-+AA41 -> 0 | AB42: =AB40-+AB41 -> 0 | AC42: =AC40-+AC41 -> 0 | AD42: =AD40-+AD41 -> 0 | AE42: =SUM(X42:AD42) -> 0 | AH42: =AH40-+AH41 -> 0 | AI42: - | AJ42: =AJ40-+AJ41 -> 0 | AK42: =AK40-+AK41 -> 0 | AL42: =AL40-+AL41 -> 0
A43: JA15X1006P | B43: A03 | C43: ID | D43: ｲﾝﾄﾞﾈｼｱ | E43: JA15X1006P | F43: ｲﾝﾄﾞﾈｼｱ国ﾏﾝﾔｰ･ｸﾞﾚｼｯｸ港ﾀｰﾐﾅﾙ開発ﾏｽﾀｰﾌﾟﾗﾝﾚﾋﾞｭｰ | G43: 民間 | H43: J2 | I43: KX | M43: 岡島 | N43: 2016/6月期完成 | O43: 16/6末 | P43: 10030000 | Q43: 10030000 | R43: =P43-Q43 -> 0 | S43: 0 | T43: 10030000 | U43: 0 | V43: =P43-U43 -> 10030000 | W43: 予定 | X43: =X44 -> 0 | AE43: =SUM(X43:AD43) -> 0 | AF43: 0 | AH43: 10030000 | AI43: - | AJ43: 0 | AK43: =AL43-+AH43 -> 0 | AL43: =Q43+R43 -> 10030000
B44: A03 | C44: ID | D44: ｲﾝﾄﾞﾈｼｱ | E44: JA15X1006P | G44: 民間 | H44: J2 | I44: KX | O44: 最新 | P44: 10030000 | Q44: 10030000 | R44: 0 | S44: =P44-Q44-R44 -> 0 | T44: 10030000 | U44: 0 | V44: =P44-U44 -> 10030000 | W44: 実績 | X44: 0 | Y44: 0 | Z44: 0 | AA44: 0 | AB44: 0 | AC44: 0 | AD44: 0 | AE44: =SUM(X44:AD44) -> 0 | AH44: 10030000 | AI44: - | AJ44: 0 | AK44: =AL44-+AH44 -> 0 | AL44: =Q44+R44 -> 10030000
B45: A03 | C45: ID | D45: ｲﾝﾄﾞﾈｼｱ | E45: JA15X1006P | G45: 民間 | H45: J2 | I45: KX | O45: 差 | P45: =P43-+P44 -> 0 | Q45: =Q43-+Q44 -> 0 | R45: =R43-+R44 -> 0 | T45: =T43-+T44 -> 0 | U45: =U43-+U44 -> 0 | V45: =V43-+V44 -> 0 | W45: 差 | X45: =X43-+X44 -> 0 | Y45: =Y43-+Y44 -> 0 | Z45: =Z43-+Z44 -> 0 | AA45: =AA43-+AA44 -> 0 | AB45: =AB43-+AB44 -> 0 | AC45: =AC43-+AC44 -> 0 | AD45: =AD43-+AD44 -> 0 | AE45: =SUM(X45:AD45) -> 0 | AH45: =AH43-+AH44 -> 0 | AI45: - | AJ45: =AJ43-+AJ44 -> 0 | AK45: =AK43-+AK44 -> 0 | AL45: =AL43-+AL44 -> 0
A46: JA05O1010P | B46: A03 | C46: ID | D46: ｲﾝﾄﾞﾈｼｱ | E46: JA05O1010P | F46: ﾀﾝｼﾞｭﾝ･ﾌﾟﾘｵｸ･ｱｸｾｽ道路建設計画設計･監督 | G46: JICA円借款 | H46: J2 | I46: KR | J46: 中川/河村 | K46: 田村 | L46: 斎藤 | M46: 黒井 | N46: 継続 | O46: 16/6末 | P46: 5831154 | Q46: 5831154 | R46: =P46-Q46 -> 0 | S46: 0 | T46: 5831154 | U46: 0 | V46: =P46-U46 -> 5831154 | W46: 予定 | X46: =X47 -> 0 | AE46: =SUM(X46:AD46) -> 0 | AF46: 0 | AH46: 4137870 | AI46: IDR | AJ46: 189830002 | AK46: =AL46-+AH46 -> 1693284 | AL46: =Q46+R46 -> 5831154
B47: A03 | C47: ID | D47: ｲﾝﾄﾞﾈｼｱ | E47: JA05O1010P | G47: JICA円借款 | H47: J2 | I47: KR | O47: 最新 | P47: 5831154 | Q47: 5831154 | R47: 0 | S47: =P47-Q47-R47 -> 0 | T47: 5831154 | U47: 0 | V47: =P47-U47 -> 5831154 | W47: 実績 | X47: 0 | Y47: 0 | Z47: 0 | AA47: 0 | AB47: 0 | AC47: 0 | AD47: 0 | AE47: =SUM(X47:AD47) -> 0 | AH47: 4137870 | AI47: IDR | AJ47: 189830002 | AK47: =AL47-+AH47 -> 1693284 | AL47: =Q47+R47 -> 5831154
B48: A03 | C48: ID | D48: ｲﾝﾄﾞﾈｼｱ | E48: JA05O1010P | G48: JICA円借款 | H48: J2 | I48: KR | O48: 差 | P48: =P46-+P47 -> 0 | Q48: =Q46-+Q47 -> 0 | R48: =R46-+R47 -> 0 | T48: =T46-+T47 -> 0 | U48: =U46-+U47 -> 0 | V48: =V46-+V47 -> 0 | W48: 差 | X48: =X46-+X47 -> 0 | Y48: =Y46-+Y47 -> 0 | Z48: =Z46-+Z47 -> 0 | AA48: =AA46-+AA47 -> 0 | AB48: =AB46-+AB47 -> 0 | AC48: =AC46-+AC47 -> 0 | AD48: =AD46-+AD47 -> 0 | AE48: =SUM(X48:AD48) -> 0 | AH48: =AH46-+AH47 -> 0 | AI48: - | AJ48: =AJ46-+AJ47 -> 0 | AK48: =AK46-+AK47 -> 0 | AL48: =AL46-+AL47 -> 0
A49: JA14S1002P | B49: A03 | C49: ID | D49: ｲﾝﾄﾞﾈｼｱ | E49: JA14S1002P | F49: ｲﾝﾄﾞﾈｼｱ国ﾁｱﾝﾃﾝ小水力発電事業ｱﾄﾞﾊﾞｲｻﾞﾘｰ | G49: 民間 | H49: J1 | I49: KW | J49: 喜友名 | K49: 小泉 | L49: 斎藤 | M49: 岡島 | N49: 2016/6月期完成 | O49: 16/6末 | P49: 17246821 | Q49: 5724671 | R49: =P49-Q49 -> 11522150 | S49: 0 | T49: 0 | U49: 0 | V49: =P49-U49 -> 17246821 | W49: 予定 | X49: =X50 -> 0 | AE49: =SUM(X49:AD49) -> 0 | AF49: 0 | AH49: 0 | AI49: USD | AJ49: 145748 | AK49: =AL49-+AH49 -> 17246821 | AL49: =Q49+R49 -> 17246821
B50: A03 | C50: ID | D50: ｲﾝﾄﾞﾈｼｱ | E50: JA14S1002P | G50: 民間 | H50: J1 | I50: KW | O50: 最新 | P50: 17246821 | Q50: 5724671 | R50: 11522150 | S50: =P50-Q50-R50 -> 0 | T50: 0 | U50: 0 | V50: =P50-U50 -> 17246821 | W50: 実績 | X50: 0 | Y50: 0 | Z50: 0 | AA50: 0 | AB50: 0 | AC50: 0 | AD50: 0 | AE50: =SUM(X50:AD50) -> 0 | AH50: 0 | AI50: USD | AJ50: 145748 | AK50: =AL50-+AH50 -> 17246821 | AL50: =Q50+R50 -> 17246821
B51: A03 | C51: ID | D51: ｲﾝﾄﾞﾈｼｱ | E51: JA14S1002P | G51: 民間 | H51: J1 | I51: KW | O51: 差 | P51: =P49-+P50 -> 0 | Q51: =Q49-+Q50 -> 0 | R51: =R49-+R50 -> 0 | T51: =T49-+T50 -> 0 | U51: =U49-+U50 -> 0 | V51: =V49-+V50 -> 0 | W51: 差 | X51: =X49-+X50 -> 0 | Y51: =Y49-+Y50 -> 0 | Z51: =Z49-+Z50 -> 0 | AA51: =AA49-+AA50 -> 0 | AB51: =AB49-+AB50 -> 0 | AC51: =AC49-+AC50 -> 0 | AD51: =AD49-+AD50 -> 0 | AE51: =SUM(X51:AD51) -> 0 | AH51: =AH49-+AH50 -> 0 | AI51: - | AJ51: =AJ49-+AJ50 -> 0 | AK51: =AK49-+AK50 -> 0 | AL51: =AL49-+AL50 -> 0
A52: JA08H1025P | B52: A03 | C52: ID | D52: ｲﾝﾄﾞﾈｼｱ | E52: JA08H1025P | F52: ｲﾝﾄﾞﾈｼｱ国参加型灌漑施設改修計画設計･監督(PIRIMP) | G52: JICA円借款 | H52: J1 | I52: KH | J52: 箕浦 | K52: 田村 | L52: 斎藤 | M52: 内桶 | N52: 継続 | O52: 16/6末 | P52: 81925665 | Q52: 0 | R52: =P52-Q52 -> 81925665 | S52: 0 | T52: 81925665 | U52: 1 | V52: =P52-U52 -> 81925664 | W52: 予定 | X52: =X53 -> 0 | AE52: =SUM(X52:AD52) -> 0 | AF52: 0 | AH52: 57372806 | AI52: IDR | AJ52: 2922590430 | AK52: =AL52-+AH52 -> 24552859 | AL52: =Q52+R52 -> 81925665
B53: A03 | C53: ID | D53: ｲﾝﾄﾞﾈｼｱ | E53: JA08H1025P | G53: JICA円借款 | H53: J1 | I53: KH | O53: 最新 | P53: 81925665 | Q53: 0 | R53: 81925665 | S53: =P53-Q53-R53 -> 0 | T53: 81925665 | U53: 1 | V53: =P53-U53 -> 81925664 | W53: 実績 | X53: 0 | Y53: 0 | Z53: 0 | AA53: 0 | AB53: 0 | AC53: 0 | AD53: 0 | AE53: =SUM(X53:AD53) -> 0 | AH53: 57372806 | AI53: IDR | AJ53: 2922590430 | AK53: =AL53-+AH53 -> 24552859 | AL53: =Q53+R53 -> 81925665
B54: A03 | C54: ID | D54: ｲﾝﾄﾞﾈｼｱ | E54: JA08H1025P | G54: JICA円借款 | H54: J1 | I54: KH | O54: 差 | P54: =P52-+P53 -> 0 | Q54: =Q52-+Q53 -> 0 | R54: =R52-+R53 -> 0 | T54: =T52-+T53 -> 0 | U54: =U52-+U53 -> 0 | V54: =V52-+V53 -> 0 | W54: 差 | X54: =X52-+X53 -> 0 | Y54: =Y52-+Y53 -> 0 | Z54: =Z52-+Z53 -> 0 | AA54: =AA52-+AA53 -> 0 | AB54: =AB52-+AB53 -> 0 | AC54: =AC52-+AC53 -> 0 | AD54: =AD52-+AD53 -> 0 | AE54: =SUM(X54:AD54) -> 0 | AH54: =AH52-+AH53 -> 0 | AI54: - | AJ54: =AJ52-+AJ53 -> 0 | AK54: =AK52-+AK53 -> 0 | AL54: =AL52-+AL53 -> 0
A55: JA15S1024P | B55: A03 | C55: ID | D55: ｲﾝﾄﾞﾈｼｱ | E55: JA15S1024P | F55: ｲﾝﾄﾞﾈｼｱ国ｱｻﾊﾝ2増設FS | G55: 民間 | H55: J1 | I55: KW | M55: 岡島 | N55: 2016/6月期完成 | O55: 16/6末 | P55: 47799791 | Q55: 0 | R55: =P55-Q55 -> 47799791 | S55: 0 | T55: 0 | U55: 0 | V55: =P55-U55 -> 47799791 | W55: 予定 | X55: =X56 -> 0 | AE55: =SUM(X55:AD55) -> 0 | AF55: 0 | AH55: 0 | AI55: USD | AJ55: 430125 | AK55: =AL55-+AH55 -> 47799791 | AL55: =Q55+R55 -> 47799791
B56: A03 | C56: ID | D56: ｲﾝﾄﾞﾈｼｱ | E56: JA15S1024P | G56: 民間 | H56: J1 | I56: KW | O56: 最新 | P56: 47799791 | Q56: 0 | R56: 47799791 | S56: =P56-Q56-R56 -> 0 | T56: 0 | U56: 0 | V56: =P56-U56 -> 47799791 | W56: 実績 | X56: 0 | Y56: 0 | Z56: 0 | AA56: 0 | AB56: 0 | AC56: 0 | AD56: 0 | AE56: =SUM(X56:AD56) -> 0 | AH56: 0 | AI56: USD | AJ56: 430125 | AK56: =AL56-+AH56 -> 47799791 | AL56: =Q56+R56 -> 47799791
B57: A03 | C57: ID | D57: ｲﾝﾄﾞﾈｼｱ | E57: JA15S1024P | G57: 民間 | H57: J1 | I57: KW | O57: 差 | P57: =P55-+P56 -> 0 | Q57: =Q55-+Q56 -> 0 | R57: =R55-+R56 -> 0 | T57: =T55-+T56 -> 0 | U57: =U55-+U56 -> 0 | V57: =V55-+V56 -> 0 | W57: 差 | X57: =X55-+X56 -> 0 | Y57: =Y55-+Y56 -> 0 | Z57: =Z55-+Z56 -> 0 | AA57: =AA55-+AA56 -> 0 | AB57: =AB55-+AB56 -> 0 | AC57: =AC55-+AC56 -> 0 | AD57: =AD55-+AD56 -> 0 | AE57: =SUM(X57:AD57) -> 0 | AH57: =AH55-+AH56 -> 0 | AI57: - | AJ57: =AJ55-+AJ56 -> 0 | AK57: =AK55-+AK56 -> 0 | AL57: =AL55-+AL56 -> 0
A58: JA16D1004P | B58: A03 | C58: ID | D58: ｲﾝﾄﾞﾈｼｱ | E58: JA16D1004P | F58: ｱｼﾞｱ地域ASEAN地域強靭な都市づくりに関する情報収集･確認調査 | G58: JICA調査 | H58: J2 | I58: KD | M58: 岡島 | N58: 継続 | O58: 16/6末 | P58: 39215880 | Q58: 0 | R58: =P58-Q58 -> 39215880 | S58: 0 | T58: 0 | U58: 109457000 | V58: =P58-U58 -> -70241120 | W58: 予定 | X58: =X59 -> 35294292 | AE58: =SUM(X58:AD58) -> 35294292 | AF58: JICA部分払につき未収金は最終精算確定後回収予定 | AH58: 39215880 | AI58: - | AJ58: 0 | AK58: =AL58-+AH58 -> 0 | AL58: =Q58+R58 -> 39215880
B59: A03 | C59: ID | D59: ｲﾝﾄﾞﾈｼｱ | E59: JA16D1004P | G59: JICA調査 | H59: J2 | I59: KD | O59: 最新 | P59: 3921588 | Q59: 0 | R59: 3921588 | S59: =P59-Q59-R59 -> 0 | T59: 0 | U59: 94016100 | V59: =P59-U59 -> -90094512 | W59: 実績 | X59: 35294292 | Y59: 0 | Z59: 0 | AA59: 0 | AB59: 0 | AC59: 0 | AD59: 0 | AE59: =SUM(X59:AD59) -> 35294292 | AH59: 3921588 | AI59: - | AJ59: 0 | AK59: =AL59-+AH59 -> 0 | AL59: =Q59+R59 -> 3921588
B60: A03 | C60: ID | D60: ｲﾝﾄﾞﾈｼｱ | E60: JA16D1004P | G60: JICA調査 | H60: J2 | I60: KD | O60: 差 | P60: =P58-+P59 -> 35294292 | Q60: =Q58-+Q59 -> 0 | R60: =R58-+R59 -> 35294292 | T60: =T58-+T59 -> 0 | U60: =U58-+U59 -> 15440900 | V60: =V58-+V59 -> 19853392 | W60: 差 | X60: =X58-+X59 -> 0 | Y60: =Y58-+Y59 -> 0 | Z60: =Z58-+Z59 -> 0 | AA60: =AA58-+AA59 -> 0 | AB60: =AB58-+AB59 -> 0 | AC60: =AC58-+AC59 -> 0 | AD60: =AD58-+AD59 -> 0 | AE60: =SUM(X60:AD60) -> 0 | AH60: =AH58-+AH59 -> 35294292 | AI60: - | AJ60: =AJ58-+AJ59 -> 0 | AK60: =AK58-+AK59 -> 0 | AL60: =AL58-+AL59 -> 35294292
A61: JA15S1034P | B61: A03 | C61: ID | D61: ｲﾝﾄﾞﾈｼｱ | E61: JA15S1034P | F61: ｲﾝﾄﾞﾈｼｱ国ﾗﾊﾄ-1水力発電F/S調査 | G61: 民間 | H61: J1 | I61: KW | M61: 岡島 | N61: 2016/6月期完成 | O61: 16/6末 | P61: 37561940 | Q61: 0 | R61: =P61-Q61 -> 37561940 | S61: 0 | T61: 0 | U61: 0 | V61: =P61-U61 -> 37561940 | W61: 予定 | X61: =X62 -> 0 | AE61: =SUM(X61:AD61) -> 0 | AF61: 0 | AH61: 0 | AI61: USD | AJ61: 338000 | AK61: =AL61-+AH61 -> 37561940 | AL61: =Q61+R61 -> 37561940
B62: A03 | C62: ID | D62: ｲﾝﾄﾞﾈｼｱ | E62: JA15S1034P | G62: 民間 | H62: J1 | I62: KW | O62: 最新 | P62: 37561940 | Q62: 0 | R62: 37561940 | S62: =P62-Q62-R62 -> 0 | T62: 0 | U62: 0 | V62: =P62-U62 -> 37561940 | W62: 実績 | X62: 0 | Y62: 0 | Z62: 0 | AA62: 0 | AB62: 0 | AC62: 0 | AD62: 0 | AE62: =SUM(X62:AD62) -> 0 | AH62: 0 | AI62: USD | AJ62: 338000 | AK62: =AL62-+AH62 -> 37561940 | AL62: =Q62+R62 -> 37561940
B63: A03 | C63: ID | D63: ｲﾝﾄﾞﾈｼｱ | E63: JA15S1034P | G63: 民間 | H63: J1 | I63: KW | O63: 差 | P63: =P61-+P62 -> 0 | Q63: =Q61-+Q62 -> 0 | R63: =R61-+R62 -> 0 | T63: =T61-+T62 -> 0 | U63: =U61-+U62 -> 0 | V63: =V61-+V62 -> 0 | W63: 差 | X63: =X61-+X62 -> 0 | Y63: =Y61-+Y62 -> 0 | Z63: =Z61-+Z62 -> 0 | AA63: =AA61-+AA62 -> 0 | AB63: =AB61-+AB62 -> 0 | AC63: =AC61-+AC62 -> 0 | AD63: =AD61-+AD62 -> 0 | AE63: =SUM(X63:AD63) -> 0 | AH63: =AH61-+AH62 -> 0 | AI63: - | AJ63: =AJ61-+AJ62 -> 0 | AK63: =AK61-+AK62 -> 0 | AL63: =AL61-+AL62 -> 0
A64: JA14R1012P | B64: A03 | C64: ID | D64: ｲﾝﾄﾞﾈｼｱ | E64: JA14R1012P | F64: ｲﾝﾄﾞﾈｼｱ国ｼﾞｬｶﾙﾀ国際ｺﾝﾃﾅﾀｰﾐﾅﾙ(JICT)拡張計画(Phase 6,7,8 & 10) | G64: 民間 | H64: J2 | I64: KR | J64: モンタニョ | K64: 小泉 | L64: 斎藤 | M64: 岡島 | N64: 継続 | O64: 16/6末 | P64: 31225753 | Q64: 0 | R64: =P64-Q64 -> 31225753 | S64: 0 | T64: 19843059 | U64: 0 | V64: =P64-U64 -> 31225753 | W64: 予定 | X64: =X65 -> -489155 | AE64: =SUM(X64:AD64) -> -489155 | AF64: 0 | AH64: 0 | AI64: USD | AJ64: 279477.58 | AK64: =AL64-+AH64 -> 31225753 | AL64: =Q64+R64 -> 31225753
B65: A03 | C65: ID | D65: ｲﾝﾄﾞﾈｼｱ | E65: JA14R1012P | G65: 民間 | H65: J2 | I65: KR | O65: 最新 | P65: 31714908 | Q65: 0 | R65: 31714908 | S65: =P65-Q65-R65 -> 0 | T65: 7766765 | U65: 0 | V65: =P65-U65 -> 31714908 | W65: 実績 | X65: -489155 | Y65: 0 | Z65: 0 | AA65: 0 | AB65: 0 | AC65: 0 | AD65: 0 | AE65: =SUM(X65:AD65) -> -489155 | AH65: 0 | AI65: USD | AJ65: 283866 | AK65: =AL65-+AH65 -> 31714908 | AL65: =Q65+R65 -> 31714908
B66: A03 | C66: ID | D66: ｲﾝﾄﾞﾈｼｱ | E66: JA14R1012P | G66: 民間 | H66: J2 | I66: KR | O66: 差 | P66: =P64-+P65 -> -489155 | Q66: =Q64-+Q65 -> 0 | R66: =R64-+R65 -> -489155 | T66: =T64-+T65 -> 12076294 | U66: =U64-+U65 -> 0 | V66: =V64-+V65 -> -489155 | W66: 差 | X66: =X64-+X65 -> 0 | Y66: =Y64-+Y65 -> 0 | Z66: =Z64-+Z65 -> 0 | AA66: =AA64-+AA65 -> 0 | AB66: =AB64-+AB65 -> 0 | AC66: =AC64-+AC65 -> 0 | AD66: =AD64-+AD65 -> 0 | AE66: =SUM(X66:AD66) -> 0 | AH66: =AH64-+AH65 -> 0 | AI66: 0 | AJ66: =AJ64-+AJ65 -> -4388.42 | AK66: =AK64-+AK65 -> -489155 | AL66: =AL64-+AL65 -> -489155
A67: JA12X1002P | B67: A03 | C67: ID | D67: ｲﾝﾄﾞﾈｼｱ | E67: JA12X1002P | F67: ｲﾝﾄﾞﾈｼｱ国ﾄﾞﾝｷﾞｽﾉﾛLNG海象条件検討業務 | G67: 民間 | H67: J2 | I67: KX | M67: 岡島 | N67: 2016/6月期完成 | O67: 16/6末 | P67: 27000173 | Q67: 0 | R67: =P67-Q67 -> 27000173 | S67: 0 | T67: 0 | U67: 0 | V67: =P67-U67 -> 27000173 | W67: 予定 | X67: =X68 -> 0 | AE67: =SUM(X67:AD67) -> 0 | AF67: 0 | AH67: 0 | AI67: USD | AJ67: 242960.25 | AK67: =AL67-+AH67 -> 27000173 | AL67: =Q67+R67 -> 27000173
B68: A03 | C68: ID | D68: ｲﾝﾄﾞﾈｼｱ | E68: JA12X1002P | G68: 民間 | H68: J2 | I68: KX | O68: 最新 | P68: 27000173 | Q68: 0 | R68: 27000173 | S68: =P68-Q68-R68 -> 0 | T68: 0 | U68: 0 | V68: =P68-U68 -> 27000173 | W68: 実績 | X68: 0 | Y68: 0 | Z68: 0 | AA68: 0 | AB68: 0 | AC68: 0 | AD68: 0 | AE68: =SUM(X68:AD68) -> 0 | AH68: 0 | AI68: USD | AJ68: 242960.25 | AK68: =AL68-+AH68 -> 27000173 | AL68: =Q68+R68 -> 27000173
B69: A03 | C69: ID | D69: ｲﾝﾄﾞﾈｼｱ | E69: JA12X1002P | G69: 民間 | H69: J2 | I69: KX | O69: 差 | P69: =P67-+P68 -> 0 | Q69: =Q67-+Q68 -> 0 | R69: =R67-+R68 -> 0 | T69: =T67-+T68 -> 0 | U69: =U67-+U68 -> 0 | V69: =V67-+V68 -> 0 | W69: 差 | X69: =X67-+X68 -> 0 | Y69: =Y67-+Y68 -> 0 | Z69: =Z67-+Z68 -> 0 | AA69: =AA67-+AA68 -> 0 | AB69: =AB67-+AB68 -> 0 | AC69: =AC67-+AC68 -> 0 | AD69: =AD67-+AD68 -> 0 | AE69: =SUM(X69:AD69) -> 0 | AH69: =AH67-+AH68 -> 0 | AI69: - | AJ69: =AJ67-+AJ68 -> 0 | AK69: =AK67-+AK68 -> 0 | AL69: =AL67-+AL68 -> 0
A70: JA16D1027P | B70: A03 | C70: ID | D70: ｲﾝﾄﾞﾈｼｱ | E70: JA16D1027P | F70: ｲﾝﾄﾞﾈｼｱ国ｸﾞﾘｰﾝﾗﾝﾄﾞ工業団地技術ｱﾄﾞﾊﾞｲｻﾞﾘｰｻｰﾋﾞｽ(No.10) | G70: 民間 | H70: J2 | I70: KD | M70: 岡島 | N70: 継続 | O70: 16/6末 | P70: 18197016 | Q70: 0 | R70: =P70-Q70 -> 18197016 | S70: 0 | T70: 18197016 | U70: 0 | V70: =P70-U70 -> 18197016 | W70: 予定 | X70: =X71 -> 0 | AE70: =SUM(X70:AD70) -> 0 | AF70: 0 | AH70: 18197016 | AI70: - | AJ70: 0 | AK70: =AL70-+AH70 -> 0 | AL70: =Q70+R70 -> 18197016
B71: A03 | C71: ID | D71: ｲﾝﾄﾞﾈｼｱ | E71: JA16D1027P | G71: 民間 | H71: J2 | I71: KD | O71: 最新 | P71: 18197016 | Q71: 0 | R71: 18197016 | S71: =P71-Q71-R71 -> 0 | T71: 18197016 | U71: 0 | V71: =P71-U71 -> 18197016 | W71: 実績 | X71: 0 | Y71: 0 | Z71: 0 | AA71: 0 | AB71: 0 | AC71: 0 | AD71: 0 | AE71: =SUM(X71:AD71) -> 0 | AH71: 18197016 | AI71: - | AJ71: 0 | AK71: =AL71-+AH71 -> 0 | AL71: =Q71+R71 -> 18197016
B72: A03 | C72: ID | D72: ｲﾝﾄﾞﾈｼｱ | E72: JA16D1027P | G72: 民間 | H72: J2 | I72: KD | O72: 差 | P72: =P70-+P71 -> 0 | Q72: =Q70-+Q71 -> 0 | R72: =R70-+R71 -> 0 | T72: =T70-+T71 -> 0 | U72: =U70-+U71 -> 0 | V72: =V70-+V71 -> 0 | W72: 差 | X72: =X70-+X71 -> 0 | Y72: =Y70-+Y71 -> 0 | Z72: =Z70-+Z71 -> 0 | AA72: =AA70-+AA71 -> 0 | AB72: =AB70-+AB71 -> 0 | AC72: =AC70-+AC71 -> 0 | AD72: =AD70-+AD71 -> 0 | AE72: =SUM(X72:AD72) -> 0 | AH72: =AH70-+AH71 -> 0 | AI72: - | AJ72: =AJ70-+AJ71 -> 0 | AK72: =AK70-+AK71 -> 0 | AL72: =AL70-+AL71 -> 0
A73: JA16U1002P | B73: A03 | C73: ID | D73: ｲﾝﾄﾞﾈｼｱ | E73: JA16U1002P | F73: ｲﾝﾄﾞﾈｼｱ国ｸﾞﾘｰﾝﾗﾝﾄﾞ国際工業団地技術ｱﾄﾞﾊﾞｲｻﾞﾘｰｻｰﾋﾞｽ(No.8) | G73: 民間 | H73: J2 | I73: KD | J73: 河合 | K73: 小泉 | L73: 斎藤 | M73: 岡島 | N73: 2016/6月期完成 | O73: 16/6末 | P73: 14605785 | Q73: 0 | R73: =P73-Q73 -> 14605785 | S73: 0 | T73: 14605785 | U73: 7631915 | V73: =P73-U73 -> 6973870 | W73: 予定 | X73: =X74 -> 0 | AE73: =SUM(X73:AD73) -> 0 | AF73: 0 | AH73: 14605785 | AI73: - | AJ73: 0 | AK73: =AL73-+AH73 -> 0 | AL73: =Q73+R73 -> 14605785
B74: A03 | C74: ID | D74: ｲﾝﾄﾞﾈｼｱ | E74: JA16U1002P | G74: 民間 | H74: J2 | I74: KD | O74: 最新 | P74: 14605785 | Q74: 0 | R74: 14605785 | S74: =P74-Q74-R74 -> 0 | T74: 14605785 | U74: 7631915 | V74: =P74-U74 -> 6973870 | W74: 実績 | X74: 0 | Y74: 0 | Z74: 0 | AA74: 0 | AB74: 0 | AC74: 0 | AD74: 0 | AE74: =SUM(X74:AD74) -> 0 | AH74: 14605785 | AI74: - | AJ74: 0 | AK74: =AL74-+AH74 -> 0 | AL74: =Q74+R74 -> 14605785
B75: A03 | C75: ID | D75: ｲﾝﾄﾞﾈｼｱ | E75: JA16U1002P | G75: 民間 | H75: J2 | I75: KD | O75: 差 | P75: =P73-+P74 -> 0 | Q75: =Q73-+Q74 -> 0 | R75: =R73-+R74 -> 0 | T75: =T73-+T74 -> 0 | U75: =U73-+U74 -> 0 | V75: =V73-+V74 -> 0 | W75: 差 | X75: =X73-+X74 -> 0 | Y75: =Y73-+Y74 -> 0 | Z75: =Z73-+Z74 -> 0 | AA75: =AA73-+AA74 -> 0 | AB75: =AB73-+AB74 -> 0 | AC75: =AC73-+AC74 -> 0 | AD75: =AD73-+AD74 -> 0 | AE75: =SUM(X75:AD75) -> 0 | AH75: =AH73-+AH74 -> 0 | AI75: - | AJ75: =AJ73-+AJ74 -> 0 | AK75: =AK73-+AK74 -> 0 | AL75: =AL73-+AL74 -> 0
A76: JA16U1003P | B76: A03 | C76: ID | D76: ｲﾝﾄﾞﾈｼｱ | E76: JA16U1003P | F76: ｲﾝﾄﾞﾈｼｱ国ｸﾞﾘｰﾝﾗﾝﾄﾞ国際工業団地技術ｱﾄﾞﾊﾞｲｻﾞﾘｰｻｰﾋﾞｽ(No.9) | G76: 民間 | H76: J2 | I76: KD | J76: 河合 | K76: 小泉 | L76: 斎藤 | M76: 岡島 | N76: 2016/6月期完成 | O76: 16/6末 | P76: 12933973 | Q76: 0 | R76: =P76-Q76 -> 12933973 | S76: 0 | T76: 12933973 | U76: 4322973 | V76: =P76-U76 -> 8611000 | W76: 予定 | X76: =X77 -> 0 | AE76: =SUM(X76:AD76) -> 0 | AF76: 0 | AH76: 12933973 | AI76: - | AJ76: 0 | AK76: =AL76-+AH76 -> 0 | AL76: =Q76+R76 -> 12933973
B77: A03 | C77: ID | D77: ｲﾝﾄﾞﾈｼｱ | E77: JA16U1003P | G77: 民間 | H77: J2 | I77: KD | O77: 最新 | P77: 12933973 | Q77: 0 | R77: 12933973 | S77: =P77-Q77-R77 -> 0 | T77: 12933973 | U77: 4322973 | V77: =P77-U77 -> 8611000 | W77: 実績 | X77: 0 | Y77: 0 | Z77: 0 | AA77: 0 | AB77: 0 | AC77: 0 | AD77: 0 | AE77: =SUM(X77:AD77) -> 0 | AH77: 12933973 | AI77: - | AJ77: 0 | AK77: =AL77-+AH77 -> 0 | AL77: =Q77+R77 -> 12933973
B78: A03 | C78: ID | D78: ｲﾝﾄﾞﾈｼｱ | E78: JA16U1003P | G78: 民間 | H78: J2 | I78: KD | O78: 差 | P78: =P76-+P77 -> 0 | Q78: =Q76-+Q77 -> 0 | R78: =R76-+R77 -> 0 | T78: =T76-+T77 -> 0 | U78: =U76-+U77 -> 0 | V78: =V76-+V77 -> 0 | W78: 差 | X78: =X76-+X77 -> 0 | Y78: =Y76-+Y77 -> 0 | Z78: =Z76-+Z77 -> 0 | AA78: =AA76-+AA77 -> 0 | AB78: =AB76-+AB77 -> 0 | AC78: =AC76-+AC77 -> 0 | AD78: =AD76-+AD77 -> 0 | AE78: =SUM(X78:AD78) -> 0 | AH78: =AH76-+AH77 -> 0 | AI78: - | AJ78: =AJ76-+AJ77 -> 0 | AK78: =AK76-+AK77 -> 0 | AL78: =AL76-+AL77 -> 0
A79: JA16W1001P | B79: A03 | C79: ID | D79: ｲﾝﾄﾞﾈｼｱ | E79: JA16W1001P | F79: ｲﾝﾄﾞﾈｼｱ国ｽﾏﾗﾝ統合水資源･洪水管理計画(追加契約) | G79: JICA円借款 | H79: J1 | I79: KW | M79: 内桶 | N79: 継続 | O79: 16/6末 | P79: 5415208 | Q79: 0 | R79: =P79-Q79 -> 5415208 | S79: 0 | T79: 4943480 | U79: 0 | V79: =P79-U79 -> 5415208 | W79: 予定 | X79: =X80 -> -309 | AE79: =SUM(X79:AD79) -> -309 | AF79: 0 | AH79: 4798270 | AI79: IDR | AJ79: 72380500 | AK79: =AL79-+AH79 -> 616938 | AL79: =Q79+R79 -> 5415208
B80: A03 | C80: ID | D80: ｲﾝﾄﾞﾈｼｱ | E80: JA16W1001P | G80: JICA円借款 | H80: J1 | I80: KW | O80: 最新 | P80: 5415517 | Q80: 0 | R80: 5415517 | S80: =P80-Q80-R80 -> 0 | T80: 4943789 | U80: 0 | V80: =P80-U80 -> 5415517 | W80: 実績 | X80: -309 | Y80: 0 | Z80: 0 | AA80: 0 | AB80: 0 | AC80: 0 | AD80: 0 | AE80: =SUM(X80:AD80) -> -309 | AH80: 4798579 | AI80: IDR | AJ80: 72380500 | AK80: =AL80-+AH80 -> 616938 | AL80: =Q80+R80 -> 5415517
B81: A03 | C81: ID | D81: ｲﾝﾄﾞﾈｼｱ | E81: JA16W1001P | G81: JICA円借款 | H81: J1 | I81: KW | O81: 差 | P81: =P79-+P80 -> -309 | Q81: =Q79-+Q80 -> 0 | R81: =R79-+R80 -> -309 | T81: =T79-+T80 -> -309 | U81: =U79-+U80 -> 0 | V81: =V79-+V80 -> -309 | W81: 差 | X81: =X79-+X80 -> 0 | Y81: =Y79-+Y80 -> 0 | Z81: =Z79-+Z80 -> 0 | AA81: =AA79-+AA80 -> 0 | AB81: =AB79-+AB80 -> 0 | AC81: =AC79-+AC80 -> 0 | AD81: =AD79-+AD80 -> 0 | AE81: =SUM(X81:AD81) -> 0 | AH81: =AH79-+AH80 -> -309 | AI81: - | AJ81: =AJ79-+AJ80 -> 0 | AK81: =AK79-+AK80 -> 0 | AL81: =AL79-+AL80 -> -309
A82: JA12S1014P | B82: A03 | C82: ID | D82: ｲﾝﾄﾞﾈｼｱ | E82: JA12S1014P | F82: ｲﾝﾄﾞﾈｼｱ国ﾊｻﾝ水力IPP･F/Sﾚﾋﾞｭｰ | G82: 民間 | H82: J1 | I82: KW | M82: 岡島 | N82: 2016/6月期完成 | O82: 16/6末 | P82: 4116513 | Q82: 0 | R82: =P82-Q82 -> 4116513 | S82: 0 | T82: 0 | U82: 0 | V82: =P82-U82 -> 4116513 | W82: 予定 | X82: =X83 -> 0 | AE82: =SUM(X82:AD82) -> 0 | AF82: 0 | AH82: 0 | AI82: ※ | AJ82: 16635365 | AK82: =AL82-+AH82 -> 4116513 | AL82: =Q82+R82 -> 4116513 | AM82: IDR:16.6百万ルピー（0.1百万円相当）& USD:0.03百万ドル（4百万円相当）
B83: A03 | C83: ID | D83: ｲﾝﾄﾞﾈｼｱ | E83: JA12S1014P | G83: 民間 | H83: J1 | I83: KW | O83: 最新 | P83: 4116513 | Q83: 0 | R83: 4116513 | S83: =P83-Q83-R83 -> 0 | T83: 0 | U83: 0 | V83: =P83-U83 -> 4116513 | W83: 実績 | X83: 0 | Y83: 0 | Z83: 0 | AA83: 0 | AB83: 0 | AC83: 0 | AD83: 0 | AE83: =SUM(X83:AD83) -> 0 | AH83: 0 | AI83: ※ | AJ83: 16635365 | AK83: =AL83-+AH83 -> 4116513 | AL83: =Q83+R83 -> 4116513 | AM83: IDR:16.6百万ルピー（0.1百万円相当）& USD:0.03百万ドル（4百万円相当）
B84: A03 | C84: ID | D84: ｲﾝﾄﾞﾈｼｱ | E84: JA12S1014P | G84: 民間 | H84: J1 | I84: KW | O84: 差 | P84: =P82-+P83 -> 0 | Q84: =Q82-+Q83 -> 0 | R84: =R82-+R83 -> 0 | T84: =T82-+T83 -> 0 | U84: =U82-+U83 -> 0 | V84: =V82-+V83 -> 0 | W84: 差 | X84: =X82-+X83 -> 0 | Y84: =Y82-+Y83 -> 0 | Z84: =Z82-+Z83 -> 0 | AA84: =AA82-+AA83 -> 0 | AB84: =AB82-+AB83 -> 0 | AC84: =AC82-+AC83 -> 0 | AD84: =AD82-+AD83 -> 0 | AE84: =SUM(X84:AD84) -> 0 | AH84: =AH82-+AH83 -> 0 | AI84: - | AJ84: =AJ82-+AJ83 -> 0 | AK84: =AK82-+AK83 -> 0 | AL84: =AL82-+AL83 -> 0
A85: JA13L1005P | B85: A04 | C85: IN | D85: ｲﾝﾄﾞ | E85: JA13L1005P | F85: ｲﾝﾄﾞ国幹線貨物鉄道建設事業 PhaseⅠCM | G85: JICA円借款 | H85: J3 | I85: KL | J85: 藤原・野口 | K85: 小泉 | L85: 野村 | M85: 黒井 | N85: 継続 | O85: 16/6末 | P85: 161727629 | Q85: 36587231 | R85: =P85-Q85 -> 125140398 | S85: 0 | T85: 65822981 | U85: 0 | V85: =P85-U85 -> 161727629 | W85: 予定 | X85: =X86 -> 36809648 | AE85: =SUM(X85:AD85) -> 36809648 | AF85: 0 | AH85: 140221620 | AI85: INR | AJ85: 12458157 | AK85: =AL85-+AH85 -> 21506009 | AL85: =Q85+R85 -> 161727629
B86: A04 | C86: IN | D86: ｲﾝﾄﾞ | E86: JA13L1005P | G86: JICA円借款 | H86: J3 | I86: KL | O86: 最新 | P86: 124917981 | Q86: 19046242 | R86: 105871739 | S86: =P86-Q86-R86 -> 0 | T86: 65822981 | U86: 0 | V86: =P86-U86 -> 124917981 | W86: 実績 | X86: 36809648 | Y86: 0 | Z86: 0 | AA86: 0 | AB86: 0 | AC86: 0 | AD86: 0 | AE86: =SUM(X86:AD86) -> 36809648 | AH86: 103411972 | AI86: INR | AJ86: 12458157 | AK86: =AL86-+AH86 -> 21506009 | AL86: =Q86+R86 -> 124917981
B87: A04 | C87: IN | D87: ｲﾝﾄﾞ | E87: JA13L1005P | G87: JICA円借款 | H87: J3 | I87: KL | O87: 差 | P87: =P85-+P86 -> 36809648 | Q87: =Q85-+Q86 -> 17540989 | R87: =R85-+R86 -> 19268659 | T87: =T85-+T86 -> 0 | U87: =U85-+U86 -> 0 | V87: =V85-+V86 -> 36809648 | W87: 差 | X87: =X85-+X86 -> 0 | Y87: =Y85-+Y86 -> 0 | Z87: =Z85-+Z86 -> 0 | AA87: =AA85-+AA86 -> 0 | AB87: =AB85-+AB86 -> 0 | AC87: =AC85-+AC86 -> 0 | AD87: =AD85-+AD86 -> 0 | AE87: =SUM(X87:AD87) -> 0 | AH87: =AH85-+AH86 -> 36809648 | AI87: - | AJ87: =AJ85-+AJ86 -> 0 | AK87: =AK85-+AK86 -> 0 | AL87: =AL85-+AL86 -> 36809648
A88: JA10T1004P | B88: A04 | C88: IN | D88: ｲﾝﾄﾞ | E88: JA10T1004P | F88: ｲﾝﾄﾞ国貨物専用鉄道建設事業ﾌｪｰｽﾞ2 E/S | G88: JICA円借款 | H88: J3 | I88: KL | J88: 川原・野口 | K88: 小泉 | L88: 野村 | M88: 黒井 | N88: 継続 | O88: 16/6末 | P88: 24760415 | Q88: 16460189 | R88: =P88-Q88 -> 8300226 | S88: 0 | T88: 20540317 | U88: 0 | V88: =P88-U88 -> 24760415 | W88: 予定 | X88: =X89 -> 0 | AE88: =SUM(X88:AD88) -> 0 | AF88: 0 | AH88: 23387610 | AI88: INR | AJ88: 772587 | AK88: =AL88-+AH88 -> 1372805 | AL88: =Q88+R88 -> 24760415
B89: A04 | C89: IN | D89: ｲﾝﾄﾞ | E89: JA10T1004P | G89: JICA円借款 | H89: J3 | I89: KL | O89: 最新 | P89: 24760415 | Q89: 16460189 | R89: 8300226 | S89: =P89-Q89-R89 -> 0 | T89: 20540317 | U89: 0 | V89: =P89-U89 -> 24760415 | W89: 実績 | X89: 0 | Y89: 0 | Z89: 0 | AA89: 0 | AB89: 0 | AC89: 0 | AD89: 0 | AE89: =SUM(X89:AD89) -> 0 | AH89: 23387610 | AI89: INR | AJ89: 772587 | AK89: =AL89-+AH89 -> 1372805 | AL89: =Q89+R89 -> 24760415
B90: A04 | C90: IN | D90: ｲﾝﾄﾞ | E90: JA10T1004P | G90: JICA円借款 | H90: J3 | I90: KL | O90: 差 | P90: =P88-+P89 -> 0 | Q90: =Q88-+Q89 -> 0 | R90: =R88-+R89 -> 0 | T90: =T88-+T89 -> 0 | U90: =U88-+U89 -> 0 | V90: =V88-+V89 -> 0 | W90: 差 | X90: =X88-+X89 -> 0 | Y90: =Y88-+Y89 -> 0 | Z90: =Z88-+Z89 -> 0 | AA90: =AA88-+AA89 -> 0 | AB90: =AB88-+AB89 -> 0 | AC90: =AC88-+AC89 -> 0 | AD90: =AD88-+AD89 -> 0 | AE90: =SUM(X90:AD90) -> 0 | AH90: =AH88-+AH89 -> 0 | AI90: - | AJ90: =AJ88-+AJ89 -> 0 | AK90: =AK88-+AK89 -> 0 | AL90: =AL88-+AL89 -> 0
A91: JA04Q1013P | B91: A04 | C91: IN | D91: ｲﾝﾄﾞ | E91: JA04Q1013P | F91: ﾋﾞｼｬﾌﾟｰﾙ･ｼﾞｬｲﾌﾟｰﾙ水供給計画設計 | G91: JICA円借款 | H91: J2 | I91: KQ | J91: 笹木 | K91: 小泉 | L91: 野村 | M91: 内桶 | N91: 2010/3月期完成 | O91: 16/6末 | P91: 6636739 | Q91: 6636739 | R91: =P91-Q91 -> 0 | S91: 0 | T91: 0 | U91: 0 | V91: =P91-U91 -> 6636739 | W91: 予定 | X91: =X92 -> 0 | AE91: =SUM(X91:AD91) -> 0 | AF91: 0 | AH91: 0 | AI91: INR | AJ91: 3500000 | AK91: =AL91-+AH91 -> 6636739 | AL91: =Q91+R91 -> 6636739
B92: A04 | C92: IN | D92: ｲﾝﾄﾞ | E92: JA04Q1013P | G92: JICA円借款 | H92: J2 | I92: KQ | O92: 最新 | P92: 6636739 | Q92: 6636739 | R92: 0 | S92: =P92-Q92-R92 -> 0 | T92: 0 | U92: 0 | V92: =P92-U92 -> 6636739 | W92: 実績 | X92: 0 | Y92: 0 | Z92: 0 | AA92: 0 | AB92: 0 | AC92: 0 | AD92: 0 | AE92: =SUM(X92:AD92) -> 0 | AH92: 0 | AI92: INR | AJ92: 3500000 | AK92: =AL92-+AH92 -> 6636739 | AL92: =Q92+R92 -> 6636739
B93: A04 | C93: IN | D93: ｲﾝﾄﾞ | E93: JA04Q1013P | G93: JICA円借款 | H93: J2 | I93: KQ | O93: 差 | P93: =P91-+P92 -> 0 | Q93: =Q91-+Q92 -> 0 | R93: =R91-+R92 -> 0 | T93: =T91-+T92 -> 0 | U93: =U91-+U92 -> 0 | V93: =V91-+V92 -> 0 | W93: 差 | X93: =X91-+X92 -> 0 | Y93: =Y91-+Y92 -> 0 | Z93: =Z91-+Z92 -> 0 | AA93: =AA91-+AA92 -> 0 | AB93: =AB91-+AB92 -> 0 | AC93: =AC91-+AC92 -> 0 | AD93: =AD91-+AD92 -> 0 | AE93: =SUM(X93:AD93) -> 0 | AH93: =AH91-+AH92 -> 0 | AI93: - | AJ93: =AJ91-+AJ92 -> 0 | AK93: =AK91-+AK92 -> 0 | AL93: =AL91-+AL92 -> 0
A94: JA13D1013P | B94: A04 | C94: IN | D94: ｲﾝﾄﾞ | E94: JA13D1013P | F94: ｲﾝﾄﾞ国南部ｲﾝﾌﾗﾏｽﾀｰﾌﾟﾗﾝ策定協力準備調査 | G94: JICA調査 | H94: J2 | I94: KD | J94: 今井 | K94: 小泉 | L94: 野村 | M94: 岡島 | N94: 2016/6月期完成 | O94: 16/6末 | P94: 6533576 | Q94: 6533576 | R94: =P94-Q94 -> 0 | S94: 0 | T94: 5294829 | U94: 0 | V94: =P94-U94 -> 6533576 | W94: 予定 | X94: =X95 -> 0 | AE94: =SUM(X94:AD94) -> 0 | AF94: JICA部分払につき未収金は最終精算確定後回収予定 | AH94: 6533576 | AI94: - | AJ94: 0 | AK94: =AL94-+AH94 -> 0 | AL94: =Q94+R94 -> 6533576
B95: A04 | C95: IN | D95: ｲﾝﾄﾞ | E95: JA13D1013P | G95: JICA調査 | H95: J2 | I95: KD | O95: 最新 | P95: 6533576 | Q95: 6533576 | R95: 0 | S95: =P95-Q95-R95 -> 0 | T95: 5294829 | U95: 0 | V95: =P95-U95 -> 6533576 | W95: 実績 | X95: 0 | Y95: 0 | Z95: 0 | AA95: 0 | AB95: 0 | AC95: 0 | AD95: 0 | AE95: =SUM(X95:AD95) -> 0 | AH95: 6533576 | AI95: - | AJ95: 0 | AK95: =AL95-+AH95 -> 0 | AL95: =Q95+R95 -> 6533576
B96: A04 | C96: IN | D96: ｲﾝﾄﾞ | E96: JA13D1013P | G96: JICA調査 | H96: J2 | I96: KD | O96: 差 | P96: =P94-+P95 -> 0 | Q96: =Q94-+Q95 -> 0 | R96: =R94-+R95 -> 0 | T96: =T94-+T95 -> 0 | U96: =U94-+U95 -> 0 | V96: =V94-+V95 -> 0 | W96: 差 | X96: =X94-+X95 -> 0 | Y96: =Y94-+Y95 -> 0 | Z96: =Z94-+Z95 -> 0 | AA96: =AA94-+AA95 -> 0 | AB96: =AB94-+AB95 -> 0 | AC96: =AC94-+AC95 -> 0 | AD96: =AD94-+AD95 -> 0 | AE96: =SUM(X96:AD96) -> 0 | AH96: =AH94-+AH95 -> 0 | AI96: - | AJ96: =AJ94-+AJ95 -> 0 | AK96: =AK94-+AK95 -> 0 | AL96: =AL94-+AL95 -> 0
A97: JA08Q1012P | B97: A04 | C97: IN | D97: ｲﾝﾄﾞ | E97: JA08Q1012P | F97: ｲﾝﾄﾞ国ﾎｹﾞﾅｶﾙ上水道事業設計･監督 | G97: JICA円借款 | H97: J2 | I97: KQ | J97: 笹木 | K97: 小泉 | L97: 野村 | M97: 内桶 | N97: 2014/3月期完成 | O97: 16/6末 | P97: 5494010 | Q97: 5494010 | R97: =P97-Q97 -> 0 | S97: 0 | T97: 0 | U97: 0 | V97: =P97-U97 -> 5494010 | W97: 予定 | X97: =X98 -> 0 | AE97: =SUM(X97:AD97) -> 0 | AF97: 0 | AH97: 4925306 | AI97: INR | AJ97: 385000 | AK97: =AL97-+AH97 -> 568704 | AL97: =Q97+R97 -> 5494010
B98: A04 | C98: IN | D98: ｲﾝﾄﾞ | E98: JA08Q1012P | G98: JICA円借款 | H98: J2 | I98: KQ | O98: 最新 | P98: 5494010 | Q98: 5494010 | R98: 0 | S98: =P98-Q98-R98 -> 0 | T98: 0 | U98: 0 | V98: =P98-U98 -> 5494010 | W98: 実績 | X98: 0 | Y98: 0 | Z98: 0 | AA98: 0 | AB98: 0 | AC98: 0 | AD98: 0 | AE98: =SUM(X98:AD98) -> 0 | AH98: 4925306 | AI98: INR | AJ98: 385000 | AK98: =AL98-+AH98 -> 568704 | AL98: =Q98+R98 -> 5494010
B99: A04 | C99: IN | D99: ｲﾝﾄﾞ | E99: JA08Q1012P | G99: JICA円借款 | H99: J2 | I99: KQ | O99: 差 | P99: =P97-+P98 -> 0 | Q99: =Q97-+Q98 -> 0 | R99: =R97-+R98 -> 0 | T99: =T97-+T98 -> 0 | U99: =U97-+U98 -> 0 | V99: =V97-+V98 -> 0 | W99: 差 | X99: =X97-+X98 -> 0 | Y99: =Y97-+Y98 -> 0 | Z99: =Z97-+Z98 -> 0 | AA99: =AA97-+AA98 -> 0 | AB99: =AB97-+AB98 -> 0 | AC99: =AC97-+AC98 -> 0 | AD99: =AD97-+AD98 -> 0 | AE99: =SUM(X99:AD99) -> 0 | AH99: =AH97-+AH98 -> 0 | AI99: - | AJ99: =AJ97-+AJ98 -> 0 | AK99: =AK97-+AK98 -> 0 | AL99: =AL97-+AL98 -> 0
A100: JA08T1015P | B100: A04 | C100: IN | D100: ｲﾝﾄﾞ | E100: JA08T1015P | F100: ｲﾝﾄﾞ国幹線貨物鉄道実施設計･入札補助業務 | G100: JICA円借款 | H100: J3 | I100: KL | J100: 川原・野口 | K100: 小泉 | L100: 野村 | M100: 黒井 | N100: 継続 | O100: 16/6末 | P100: 20862892 | Q100: 4651363 | R100: =P100-Q100 -> 16211529 | S100: 0 | T100: 20574819 | U100: 0 | V100: =P100-U100 -> 20862892 | W100: 予定 | X100: =X101 -> 0 | AE100: =SUM(X100:AD100) -> 0 | AF100: 0 | AH100: 19568790 | AI100: INR | AJ100: 771000 | AK100: =AL100-+AH100 -> 1294102 | AL100: =Q100+R100 -> 20862892
B101: A04 | C101: IN | D101: ｲﾝﾄﾞ | E101: JA08T1015P | G101: JICA円借款 | H101: J3 | I101: KL | O101: 最新 | P101: 20862892 | Q101: 4651363 | R101: 16211529 | S101: =P101-Q101-R101 -> 0 | T101: 20574819 | U101: 0 | V101: =P101-U101 -> 20862892 | W101: 実績 | X101: 0 | Y101: 0 | Z101: 0 | AA101: 0 | AB101: 0 | AC101: 0 | AD101: 0 | AE101: =SUM(X101:AD101) -> 0 | AH101: 19568790 | AI101: INR | AJ101: 771000 | AK101: =AL101-+AH101 -> 1294102 | AL101: =Q101+R101 -> 20862892
B102: A04 | C102: IN | D102: ｲﾝﾄﾞ | E102: JA08T1015P | G102: JICA円借款 | H102: J3 | I102: KL | O102: 差 | P102: =P100-+P101 -> 0 | Q102: =Q100-+Q101 -> 0 | R102: =R100-+R101 -> 0 | T102: =T100-+T101 -> 0 | U102: =U100-+U101 -> 0 | V102: =V100-+V101 -> 0 | W102: 差 | X102: =X100-+X101 -> 0 | Y102: =Y100-+Y101 -> 0 | Z102: =Z100-+Z101 -> 0 | AA102: =AA100-+AA101 -> 0 | AB102: =AB100-+AB101 -> 0 | AC102: =AC100-+AC101 -> 0 | AD102: =AD100-+AD101 -> 0 | AE102: =SUM(X102:AD102) -> 0 | AH102: =AH100-+AH101 -> 0 | AI102: - | AJ102: =AJ100-+AJ101 -> 0 | AK102: =AK100-+AK101 -> 0 | AL102: =AL100-+AL101 -> 0
...

Sheet J1
E2: 売掛金未回収残高一覧（2016年7月）
J3: 担当者 | O3: 2016年6月末残高／最新残高 | W3: 2016年6月末売掛金 回収予定/実績 | AH3: 参考）売掛金残高(13)の通貨別内訳
A4: 並び順 | B4: 国順 コード | C4: 国 コード | D4: 国名 | E4: プロジェクト コード | F4: プロジェクト名称 | G4: 資金源 | H4: 主管事業部 | I4: 主管部 | J4: 事業部・部 | K4: 営業部 | L4: 海外事務所 | M4: 業務部(事務担当) | N4: 作業終了／継続 | P4: 売掛金 残高 | Q4: うち2015年12月以前の売掛金 | R4: うち2016年1月から6月までの売掛金 | S4: うち2016年7月以降の売掛金 | T4: うち 未請求 | U4: 前受金 残高 | V4: 未収残高（売掛－前受） | X4: 2016年 7月 | Y4: 2016年 8月 | Z4: 2016年 9月 | AA4: 2016年 10月 | AB4: 2016年 11月 | AC4: 2016年 12月 | AD4: 2017年 1月以降 | AE4: 計 | AF4: 備考 | AH4: 円貨 | AI4: 通貨 コード | AJ4: 外貨／ 現地貨 | AK4: 外貨／ 現地貨 円相当 | AL4: 円相当 合計
D6: 項目番号(1) | E6: (2) | F6: (3) | G6: (4) | H6: (5) | I6: (6) | J6: (7) | K6: (8) | L6: (9) | M6: (10) | N6: (11) | O6: (12) | P6: (13) | Q6: (14) | R6: (15) | S6: (16) | T6: (17) | U6: (18) | V6: (19) | W6: (20) | X6: (21) | Y6: (22) | Z6: (23) | AA6: (24) | AB6: (25) | AC6: (26) | AD6: (27) | AE6: (28) | AF6: (29) | AH6: b1 | AJ6: b2 | AK6: b2' | AL6: b1+b2'=(13)
A7: JA15W1007P | B7: A02 | C7: BD | D7: ﾊﾞﾝｸﾞﾗﾃﾞｼｭ | E7: JA15W1007P | F7: ﾊﾞﾝｸﾞﾗﾃﾞｼｭ国ﾊｵｰﾙ地域洪水対策･生活向上事業 | G7: JICA円借款 | H7: J1 | I7: KW | J7: 福渡 | K7: 小泉 | L7: 田中 | M7: 内桶 | N7: 継続 | O7: 16/6末 | P7: 64050877 | Q7: 0 | R7: =P7-Q7 -> 64050877 | S7: 0 | T7: 64050877 | U7: 50718748 | V7: =P7-U7 -> 13332129 | W7: 予定 | X7: =X8 -> 58828380 | AE7: =SUM(X7:AD7) -> 58828380 | AF7: 0 | AH7: 4734352 | AI7: BDT | AJ7: 41691348 | AK7: =AL7-+AH7 -> 59316525 | AL7: =Q7+R7 -> 64050877
B8: A02 | C8: BD | D8: ﾊﾞﾝｸﾞﾗﾃﾞｼｭ | E8: JA15W1007P | G8: JICA円借款 | H8: J1 | I8: KW | O8: 最新 | P8: 5222497 | Q8: 0 | R8: 5222497 | S8: =P8-Q8-R8 -> 0 | T8: 5222497 | U8: 38903749 | V8: =P8-U8 -> -33681252 | W8: 実績 | X8: 58828380 | Y8: 0 | Z8: 0 | AA8: 0 | AB8: 0 | AC8: 0 | AD8: 0 | AE8: =SUM(X8:AD8) -> 58828380 | AH8: 4734352 | AI8: BDT | AJ8: 344996 | AK8: =AL8-+AH8 -> 488145 | AL8: =Q8+R8 -> 5222497
B9: A02 | C9: BD | D9: ﾊﾞﾝｸﾞﾗﾃﾞｼｭ | E9: JA15W1007P | G9: JICA円借款 | H9: J1 | I9: KW | O9: 差 | P9: =P7-+P8 -> 58828380 | Q9: =Q7-+Q8 -> 0 | R9: =R7-+R8 -> 58828380 | T9: =T7-+T8 -> 58828380 | U9: =U7-+U8 -> 11814999 | V9: =V7-+V8 -> 47013381 | W9: 差 | X9: =X7-+X8 -> 0 | Y9: =Y7-+Y8 -> 0 | Z9: =Z7-+Z8 -> 0 | AA9: =AA7-+AA8 -> 0 | AB9: =AB7-+AB8 -> 0 | AC9: =AC7-+AC8 -> 0 | AD9: =AD7-+AD8 -> 0 | AE9: =SUM(X9:AD9) -> 0 | AH9: =AH7-+AH8 -> 0 | AI9: 4734352 | AJ9: =AJ7-+AJ8 -> 41346352 | AK9: =AK7-+AK8 -> 58828380 | AL9: =AL7-+AL8 -> 58828380
A10: JA15H1037P | B10: A02 | C10: BD | D10: ﾊﾞﾝｸﾞﾗﾃﾞｼｭ | E10: JA15H1037P | F10: ﾊﾞﾝｸﾞﾗﾃﾞｼｭ国地方行政強化事業案件実施促進支援(SAPI) | G10: JICA調査 | H10: J1 | I10: KH | M10: 倉持 | N10: 2016/6月期完成 | O10: 16/6末 | P10: 5614920 | Q10: 0 | R10: =P10-Q10 -> 5614920 | S10: 0 | T10: 0 | U10: 5057976 | V10: =P10-U10 -> 556944 | W10: 予定 | X10: =X11 -> 0 | AE10: =SUM(X10:AD10) -> 0 | AF10: 0 | AH10: 5614920 | AI10: - | AJ10: 0 | AK10: =AL10-+AH10 -> 0 | AL10: =Q10+R10 -> 5614920
B11: A02 | C11: BD | D11: ﾊﾞﾝｸﾞﾗﾃﾞｼｭ | E11: JA15H1037P | G11: JICA調査 | H11: J1 | I11: KH | O11: 最新 | P11: 5614920 | Q11: 0 | R11: 5614920 | S11: =P11-Q11-R11 -> 0 | T11: 0 | U11: 5057976 | V11: =P11-U11 -> 556944 | W11: 実績 | X11: 0 | Y11: 0 | Z11: 0 | AA11: 0 | AB11: 0 | AC11: 0 | AD11: 0 | AE11: =SUM(X11:AD11) -> 0 | AH11: 5614920 | AI11: - | AJ11: 0 | AK11: =AL11-+AH11 -> 0 | AL11: =Q11+R11 -> 5614920
B12: A02 | C12: BD | D12: ﾊﾞﾝｸﾞﾗﾃﾞｼｭ | E12: JA15H1037P | G12: JICA調査 | H12: J1 | I12: KH | O12: 差 | P12: =P10-+P11 -> 0 | Q12: =Q10-+Q11 -> 0 | R12: =R10-+R11 -> 0 | T12: =T10-+T11 -> 0 | U12: =U10-+U11 -> 0 | V12: =V10-+V11 -> 0 | W12: 差 | X12: =X10-+X11 -> 0 | Y12: =Y10-+Y11 -> 0 | Z12: =Z10-+Z11 -> 0 | AA12: =AA10-+AA11 -> 0 | AB12: =AB10-+AB11 -> 0 | AC12: =AC10-+AC11 -> 0 | AD12: =AD10-+AD11 -> 0 | AE12: =SUM(X12:AD12) -> 0 | AH12: =AH10-+AH11 -> 0 | AI12: - | AJ12: =AJ10-+AJ11 -> 0 | AK12: =AK10-+AK11 -> 0 | AL12: =AL10-+AL11 -> 0
A13: JA07S1007P | B13: A03 | C13: ID | D13: ｲﾝﾄﾞﾈｼｱ | E13: JA07S1007P | F13: ｲﾝﾄﾞﾈｼｱ国ﾌﾟｻﾝｶﾞﾝ水力発電計画監督 | G13: JICA円借款 | H13: J1 | I13: KW | J13: 小玉 | K13: 田村 | L13: 斎藤 | M13: 岡島 | N13: 継続 | O13: 16/6末 | P13: 299013260 | Q13: 156535215 | R13: =P13-Q13 -> 142478045 | S13: 0 | T13: 112290612 | U13: 107836319 | V13: =P13-U13 -> 191176941 | W13: 予定 | X13: =X14 -> 0 | AE13: =SUM(X13:AD13) -> 0 | AF13: 0 | AH13: 229525960 | AI13: IDR | AJ13: 7918645380 | AK13: =AL13-+AH13 -> 69487300 | AL13: =Q13+R13 -> 299013260
B14: A03 | C14: ID | D14: ｲﾝﾄﾞﾈｼｱ | E14: JA07S1007P | G14: JICA円借款 | H14: J1 | I14: KW | O14: 最新 | P14: 299013260 | Q14: 156535215 | R14: 142478045 | S14: =P14-Q14-R14 -> 0 | T14: 112290612 | U14: 107836319 | V14: =P14-U14 -> 191176941 | W14: 実績 | X14: 0 | Y14: 0 | Z14: 0 | AA14: 0 | AB14: 0 | AC14: 0 | AD14: 0 | AE14: =SUM(X14:AD14) -> 0 | AH14: 229525960 | AI14: IDR | AJ14: 7918645380 | AK14: =AL14-+AH14 -> 69487300 | AL14: =Q14+R14 -> 299013260
B15: A03 | C15: ID | D15: ｲﾝﾄﾞﾈｼｱ | E15: JA07S1007P | G15: JICA円借款 | H15: J1 | I15: KW | O15: 差 | P15: =P13-+P14 -> 0 | Q15: =Q13-+Q14 -> 0 | R15: =R13-+R14 -> 0 | T15: =T13-+T14 -> 0 | U15: =U13-+U14 -> 0 | V15: =V13-+V14 -> 0 | W15: 差 | X15: =X13-+X14 -> 0 | Y15: =Y13-+Y14 -> 0 | Z15: =Z13-+Z14 -> 0 | AA15: =AA13-+AA14 -> 0 | AB15: =AB13-+AB14 -> 0 | AC15: =AC13-+AC14 -> 0 | AD15: =AD13-+AD14 -> 0 | AE15: =SUM(X15:AD15) -> 0 | AH15: =AH13-+AH14 -> 0 | AI15: - | AJ15: =AJ13-+AJ14 -> 0 | AK15: =AK13-+AK14 -> 0 | AL15: =AL13-+AL14 -> 0
A16: JA05W1005P | B16: A03 | C16: ID | D16: ｲﾝﾄﾞﾈｼｱ | E16: JA05W1005P | F16: ﾛﾜｰｿﾛ河川改修ﾌｪｰｽﾞⅡ設計･監督 | G16: JICA円借款 | H16: J1 | I16: KW | M16: 内桶 | N16: 継続 | O16: 16/6末 | P16: 107108291 | Q16: 40734261 | R16: =P16-Q16 -> 66374030 | S16: 0 | T16: 107108291 | U16: 209127 | V16: =P16-U16 -> 106899164 | W16: 予定 | X16: =X17 -> 0 | AE16: =SUM(X16:AD16) -> 0 | AF16: 0 | AH16: 88643164 | AI16: IDR | AJ16: 2149700097 | AK16: =AL16-+AH16 -> 18465127 | AL16: =Q16+R16 -> 107108291
B17: A03 | C17: ID | D17: ｲﾝﾄﾞﾈｼｱ | E17: JA05W1005P | G17: JICA円借款 | H17: J1 | I17: KW | O17: 最新 | P17: 107108291 | Q17: 40734261 | R17: 66374030 | S17: =P17-Q17-R17 -> 0 | T17: 107108291 | U17: 209127 | V17: =P17-U17 -> 106899164 | W17: 実績 | X17: 0 | Y17: 0 | Z17: 0 | AA17: 0 | AB17: 0 | AC17: 0 | AD17: 0 | AE17: =SUM(X17:AD17) -> 0 | AH17: 88643164 | AI17: IDR | AJ17: 2149700097 | AK17: =AL17-+AH17 -> 18465127 | AL17: =Q17+R17 -> 107108291
B18: A03 | C18: ID | D18: ｲﾝﾄﾞﾈｼｱ | E18: JA05W1005P | G18: JICA円借款 | H18: J1 | I18: KW | O18: 差 | P18: =P16-+P17 -> 0 | Q18: =Q16-+Q17 -> 0 | R18: =R16-+R17 -> 0 | T18: =T16-+T17 -> 0 | U18: =U16-+U17 -> 0 | V18: =V16-+V17 -> 0 | W18: 差 | X18: =X16-+X17 -> 0 | Y18: =Y16-+Y17 -> 0 | Z18: =Z16-+Z17 -> 0 | AA18: =AA16-+AA17 -> 0 | AB18: =AB16-+AB17 -> 0 | AC18: =AC16-+AC17 -> 0 | AD18: =AD16-+AD17 -> 0 | AE18: =SUM(X18:AD18) -> 0 | AH18: =AH16-+AH17 -> 0 | AI18: - | AJ18: =AJ16-+AJ17 -> 0 | AK18: =AK16-+AK17 -> 0 | AL18: =AL16-+AL17 -> 0
A19: JA09W1006P | B19: A03 | C19: ID | D19: ｲﾝﾄﾞﾈｼｱ | E19: JA09W1006P | F19: ｲﾝﾄﾞﾈｼｱ国ｳｫﾉｷﾞﾘﾀﾞﾑ推砂対策事業一期工事 | G19: JICA円借款 | H19: J1 | I19: KW | J19: 福渡 | K19: 田村 | L19: 斎藤 | M19: 内桶 | N19: 継続 | O19: 16/6末 | P19: 57825178 | Q19: 31485134 | R19: =P19-Q19 -> 26340044 | S19: 0 | T19: 26340044 | U19: 0 | V19: =P19-U19 -> 57825178 | W19: 予定 | X19: =X20 -> 0 | AE19: =SUM(X19:AD19) -> 0 | AF19: 0 | AH19: 33597880 | AI19: IDR | AJ19: 2802520054 | AK19: =AL19-+AH19 -> 24227298 | AL19: =Q19+R19 -> 57825178
B20: A03 | C20: ID | D20: ｲﾝﾄﾞﾈｼｱ | E20: JA09W1006P | G20: JICA円借款 | H20: J1 | I20: KW | O20: 最新 | P20: 57825178 | Q20: 31485134 | R20: 26340044 | S20: =P20-Q20-R20 -> 0 | T20: 26340044 | U20: 0 | V20: =P20-U20 -> 57825178 | W20: 実績 | X20: 0 | Y20: 0 | Z20: 0 | AA20: 0 | AB20: 0 | AC20: 0 | AD20: 0 | AE20: =SUM(X20:AD20) -> 0 | AH20: 33597880 | AI20: IDR | AJ20: 2802520054 | AK20: =AL20-+AH20 -> 24227298 | AL20: =Q20+R20 -> 57825178
B21: A03 | C21: ID | D21: ｲﾝﾄﾞﾈｼｱ | E21: JA09W1006P | G21: JICA円借款 | H21: J1 | I21: KW | O21: 差 | P21: =P19-+P20 -> 0 | Q21: =Q19-+Q20 -> 0 | R21: =R19-+R20 -> 0 | T21: =T19-+T20 -> 0 | U21: =U19-+U20 -> 0 | V21: =V19-+V20 -> 0 | W21: 差 | X21: =X19-+X20 -> 0 | Y21: =Y19-+Y20 -> 0 | Z21: =Z19-+Z20 -> 0 | AA21: =AA19-+AA20 -> 0 | AB21: =AB19-+AB20 -> 0 | AC21: =AC19-+AC20 -> 0 | AD21: =AD19-+AD20 -> 0 | AE21: =SUM(X21:AD21) -> 0 | AH21: =AH19-+AH20 -> 0 | AI21: - | AJ21: =AJ19-+AJ20 -> 0 | AK21: =AK19-+AK20 -> 0 | AL21: =AL19-+AL20 -> 0
A22: JA15S1029P | B22: A03 | C22: ID | D22: ｲﾝﾄﾞﾈｼｱ | E22: JA15S1029P | F22: ｲﾝﾄﾞﾈｼｱ国ﾗﾘｱﾝ7水力発電簡易実現可能性調査 | G22: 民間 | H22: J1 | I22: KW | M22: 岡島 | N22: 2016/6月期完成 | O22: 16/6末 | P22: 24226000 | Q22: 24226000 | R22: =P22-Q22 -> 0 | S22: 0 | T22: 24226000 | U22: 0 | V22: =P22-U22 -> 24226000 | W22: 予定 | X22: =X23 -> 0 | AE22: =SUM(X22:AD22) -> 0 | AF22: 0 | AH22: 0 | AI22: USD | AJ22: 200000 | AK22: =AL22-+AH22 -> 24226000 | AL22: =Q22+R22 -> 24226000
B23: A03 | C23: ID | D23: ｲﾝﾄﾞﾈｼｱ | E23: JA15S1029P | G23: 民間 | H23: J1 | I23: KW | O23: 最新 | P23: 24226000 | Q23: 24226000 | R23: 0 | S23: =P23-Q23-R23 -> 0 | T23: 24226000 | U23: 0 | V23: =P23-U23 -> 24226000 | W23: 実績 | X23: 0 | Y23: 0 | Z23: 0 | AA23: 0 | AB23: 0 | AC23: 0 | AD23: 0 | AE23: =SUM(X23:AD23) -> 0 | AH23: 0 | AI23: USD | AJ23: 200000 | AK23: =AL23-+AH23 -> 24226000 | AL23: =Q23+R23 -> 24226000
B24: A03 | C24: ID | D24: ｲﾝﾄﾞﾈｼｱ | E24: JA15S1029P | G24: 民間 | H24: J1 | I24: KW | O24: 差 | P24: =P22-+P23 -> 0 | Q24: =Q22-+Q23 -> 0 | R24: =R22-+R23 -> 0 | T24: =T22-+T23 -> 0 | U24: =U22-+U23 -> 0 | V24: =V22-+V23 -> 0 | W24: 差 | X24: =X22-+X23 -> 0 | Y24: =Y22-+Y23 -> 0 | Z24: =Z22-+Z23 -> 0 | AA24: =AA22-+AA23 -> 0 | AB24: =AB22-+AB23 -> 0 | AC24: =AC22-+AC23 -> 0 | AD24: =AD22-+AD23 -> 0 | AE24: =SUM(X24:AD24) -> 0 | AH24: =AH22-+AH23 -> 0 | AI24: - | AJ24: =AJ22-+AJ23 -> 0 | AK24: =AK22-+AK23 -> 0 | AL24: =AL22-+AL23 -> 0
A25: JA06S1016P | B25: A03 | C25: ID | D25: ｲﾝﾄﾞﾈｼｱ | E25: JA06S1016P | F25: ｲﾝﾄﾞﾈｼｱ国ｱｻﾊﾝNo.3水力発電計画監督 | G25: JICA円借款 | H25: J1 | I25: KW | J25: 馬場 | K25: 田村 | L25: 斎藤 | M25: 岡島 | N25: 継続 | O25: 16/6末 | P25: 46872897 | Q25: 21592163 | R25: =P25-Q25 -> 25280734 | S25: 0 | T25: 33139114 | U25: 306001523 | V25: =P25-U25 -> -259128626 | W25: 予定 | X25: =X26 -> 0 | AE25: =SUM(X25:AD25) -> 0 | AF25: 0 | AH25: 35242430 | AI25: IDR | AJ25: 1349363450 | AK25: =AL25-+AH25 -> 11630467 | AL25: =Q25+R25 -> 46872897
B26: A03 | C26: ID | D26: ｲﾝﾄﾞﾈｼｱ | E26: JA06S1016P | G26: JICA円借款 | H26: J1 | I26: KW | O26: 最新 | P26: 46872897 | Q26: 21592163 | R26: 25280734 | S26: =P26-Q26-R26 -> 0 | T26: 33139114 | U26: 306001523 | V26: =P26-U26 -> -259128626 | W26: 実績 | X26: 0 | Y26: 0 | Z26: 0 | AA26: 0 | AB26: 0 | AC26: 0 | AD26: 0 | AE26: =SUM(X26:AD26) -> 0 | AH26: 35242430 | AI26: IDR | AJ26: 1349363450 | AK26: =AL26-+AH26 -> 11630467 | AL26: =Q26+R26 -> 46872897
B27: A03 | C27: ID | D27: ｲﾝﾄﾞﾈｼｱ | E27: JA06S1016P | G27: JICA円借款 | H27: J1 | I27: KW | O27: 差 | P27: =P25-+P26 -> 0 | Q27: =Q25-+Q26 -> 0 | R27: =R25-+R26 -> 0 | T27: =T25-+T26 -> 0 | U27: =U25-+U26 -> 0 | V27: =V25-+V26 -> 0 | W27: 差 | X27: =X25-+X26 -> 0 | Y27: =Y25-+Y26 -> 0 | Z27: =Z25-+Z26 -> 0 | AA27: =AA25-+AA26 -> 0 | AB27: =AB25-+AB26 -> 0 | AC27: =AC25-+AC26 -> 0 | AD27: =AD25-+AD26 -> 0 | AE27: =SUM(X27:AD27) -> 0 | AH27: =AH25-+AH26 -> 0 | AI27: - | AJ27: =AJ25-+AJ26 -> 0 | AK27: =AK25-+AK26 -> 0 | AL27: =AL25-+AL26 -> 0
A28: JA14S1002P | B28: A03 | C28: ID | D28: ｲﾝﾄﾞﾈｼｱ | E28: JA14S1002P | F28: ｲﾝﾄﾞﾈｼｱ国ﾁｱﾝﾃﾝ小水力発電事業ｱﾄﾞﾊﾞｲｻﾞﾘｰ | G28: 民間 | H28: J1 | I28: KW | J28: 喜友名 | K28: 小泉 | L28: 斎藤 | M28: 岡島 | N28: 2016/6月期完成 | O28: 16/6末 | P28: 17246821 | Q28: 5724671 | R28: =P28-Q28 -> 11522150 | S28: 0 | T28: 0 | U28: 0 | V28: =P28-U28 -> 17246821 | W28: 予定 | X28: =X29 -> 0 | AE28: =SUM(X28:AD28) -> 0 | AF28: 0 | AH28: 0 | AI28: USD | AJ28: 145748 | AK28: =AL28-+AH28 -> 17246821 | AL28: =Q28+R28 -> 17246821
B29: A03 | C29: ID | D29: ｲﾝﾄﾞﾈｼｱ | E29: JA14S1002P | G29: 民間 | H29: J1 | I29: KW | O29: 最新 | P29: 17246821 | Q29: 5724671 | R29: 11522150 | S29: =P29-Q29-R29 -> 0 | T29: 0 | U29: 0 | V29: =P29-U29 -> 17246821 | W29: 実績 | X29: 0 | Y29: 0 | Z29: 0 | AA29: 0 | AB29: 0 | AC29: 0 | AD29: 0 | AE29: =SUM(X29:AD29) -> 0 | AH29: 0 | AI29: USD | AJ29: 145748 | AK29: =AL29-+AH29 -> 17246821 | AL29: =Q29+R29 -> 17246821
B30: A03 | C30: ID | D30: ｲﾝﾄﾞﾈｼｱ | E30: JA14S1002P | G30: 民間 | H30: J1 | I30: KW | O30: 差 | P30: =P28-+P29 -> 0 | Q30: =Q28-+Q29 -> 0 | R30: =R28-+R29 -> 0 | T30: =T28-+T29 -> 0 | U30: =U28-+U29 -> 0 | V30: =V28-+V29 -> 0 | W30: 差 | X30: =X28-+X29 -> 0 | Y30: =Y28-+Y29 -> 0 | Z30: =Z28-+Z29 -> 0 | AA30: =AA28-+AA29 -> 0 | AB30: =AB28-+AB29 -> 0 | AC30: =AC28-+AC29 -> 0 | AD30: =AD28-+AD29 -> 0 | AE30: =SUM(X30:AD30) -> 0 | AH30: =AH28-+AH29 -> 0 | AI30: - | AJ30: =AJ28-+AJ29 -> 0 | AK30: =AK28-+AK29 -> 0 | AL30: =AL28-+AL29 -> 0
A31: JA08H1025P | B31: A03 | C31: ID | D31: ｲﾝﾄﾞﾈｼｱ | E31: JA08H1025P | F31: ｲﾝﾄﾞﾈｼｱ国参加型灌漑施設改修計画設計･監督(PIRIMP) | G31: JICA円借款 | H31: J1 | I31: KH | J31: 箕浦 | K31: 田村 | L31: 斎藤 | M31: 内桶 | N31: 継続 | O31: 16/6末 | P31: 81925665 | Q31: 0 | R31: =P31-Q31 -> 81925665 | S31: 0 | T31: 81925665 | U31: 1 | V31: =P31-U31 -> 81925664 | W31: 予定 | X31: =X32 -> 0 | AE31: =SUM(X31:AD31) -> 0 | AF31: 0 | AH31: 57372806 | AI31: IDR | AJ31: 2922590430 | AK31: =AL31-+AH31 -> 24552859 | AL31: =Q31+R31 -> 81925665
B32: A03 | C32: ID | D32: ｲﾝﾄﾞﾈｼｱ | E32: JA08H1025P | G32: JICA円借款 | H32: J1 | I32: KH | O32: 最新 | P32: 81925665 | Q32: 0 | R32: 81925665 | S32: =P32-Q32-R32 -> 0 | T32: 81925665 | U32: 1 | V32: =P32-U32 -> 81925664 | W32: 実績 | X32: 0 | Y32: 0 | Z32: 0 | AA32: 0 | AB32: 0 | AC32: 0 | AD32: 0 | AE32: =SUM(X32:AD32) -> 0 | AH32: 57372806 | AI32: IDR | AJ32: 2922590430 | AK32: =AL32-+AH32 -> 24552859 | AL32: =Q32+R32 -> 81925665
B33: A03 | C33: ID | D33: ｲﾝﾄﾞﾈｼｱ | E33: JA08H1025P | G33: JICA円借款 | H33: J1 | I33: KH | O33: 差 | P33: =P31-+P32 -> 0 | Q33: =Q31-+Q32 -> 0 | R33: =R31-+R32 -> 0 | T33: =T31-+T32 -> 0 | U33: =U31-+U32 -> 0 | V33: =V31-+V32 -> 0 | W33: 差 | X33: =X31-+X32 -> 0 | Y33: =Y31-+Y32 -> 0 | Z33: =Z31-+Z32 -> 0 | AA33: =AA31-+AA32 -> 0 | AB33: =AB31-+AB32 -> 0 | AC33: =AC31-+AC32 -> 0 | AD33: =AD31-+AD32 -> 0 | AE33: =SUM(X33:AD33) -> 0 | AH33: =AH31-+AH32 -> 0 | AI33: - | AJ33: =AJ31-+AJ32 -> 0 | AK33: =AK31-+AK32 -> 0 | AL33: =AL31-+AL32 -> 0
A34: JA15S1024P | B34: A03 | C34: ID | D34: ｲﾝﾄﾞﾈｼｱ | E34: JA15S1024P | F34: ｲﾝﾄﾞﾈｼｱ国ｱｻﾊﾝ2増設FS | G34: 民間 | H34: J1 | I34: KW | M34: 岡島 | N34: 2016/6月期完成 | O34: 16/6末 | P34: 47799791 | Q34: 0 | R34: =P34-Q34 -> 47799791 | S34: 0 | T34: 0 | U34: 0 | V34: =P34-U34 -> 47799791 | W34: 予定 | X34: =X35 -> 0 | AE34: =SUM(X34:AD34) -> 0 | AF34: 0 | AH34: 0 | AI34: USD | AJ34: 430125 | AK34: =AL34-+AH34 -> 47799791 | AL34: =Q34+R34 -> 47799791
B35: A03 | C35: ID | D35: ｲﾝﾄﾞﾈｼｱ | E35: JA15S1024P | G35: 民間 | H35: J1 | I35: KW | O35: 最新 | P35: 47799791 | Q35: 0 | R35: 47799791 | S35: =P35-Q35-R35 -> 0 | T35: 0 | U35: 0 | V35: =P35-U35 -> 47799791 | W35: 実績 | X35: 0 | Y35: 0 | Z35: 0 | AA35: 0 | AB35: 0 | AC35: 0 | AD35: 0 | AE35: =SUM(X35:AD35) -> 0 | AH35: 0 | AI35: USD | AJ35: 430125 | AK35: =AL35-+AH35 -> 47799791 | AL35: =Q35+R35 -> 47799791
B36: A03 | C36: ID | D36: ｲﾝﾄﾞﾈｼｱ | E36: JA15S1024P | G36: 民間 | H36: J1 | I36: KW | O36: 差 | P36: =P34-+P35 -> 0 | Q36: =Q34-+Q35 -> 0 | R36: =R34-+R35 -> 0 | T36: =T34-+T35 -> 0 | U36: =U34-+U35 -> 0 | V36: =V34-+V35 -> 0 | W36: 差 | X36: =X34-+X35 -> 0 | Y36: =Y34-+Y35 -> 0 | Z36: =Z34-+Z35 -> 0 | AA36: =AA34-+AA35 -> 0 | AB36: =AB34-+AB35 -> 0 | AC36: =AC34-+AC35 -> 0 | AD36: =AD34-+AD35 -> 0 | AE36: =SUM(X36:AD36) -> 0 | AH36: =AH34-+AH35 -> 0 | AI36: - | AJ36: =AJ34-+AJ35 -> 0 | AK36: =AK34-+AK35 -> 0 | AL36: =AL34-+AL35 -> 0
A37: JA15S1034P | B37: A03 | C37: ID | D37: ｲﾝﾄﾞﾈｼｱ | E37: JA15S1034P | F37: ｲﾝﾄﾞﾈｼｱ国ﾗﾊﾄ-1水力発電F/S調査 | G37: 民間 | H37: J1 | I37: KW | M37: 岡島 | N37: 2016/6月期完成 | O37: 16/6末 | P37: 37561940 | Q37: 0 | R37: =P37-Q37 -> 37561940 | S37: 0 | T37: 0 | U37: 0 | V37: =P37-U37 -> 37561940 | W37: 予定 | X37: =X38 -> 0 | AE37: =SUM(X37:AD37) -> 0 | AF37: 0 | AH37: 0 | AI37: USD | AJ37: 338000 | AK37: =AL37-+AH37 -> 37561940 | AL37: =Q37+R37 -> 37561940
B38: A03 | C38: ID | D38: ｲﾝﾄﾞﾈｼｱ | E38: JA15S1034P | G38: 民間 | H38: J1 | I38: KW | O38: 最新 | P38: 37561940 | Q38: 0 | R38: 37561940 | S38: =P38-Q38-R38 -> 0 | T38: 0 | U38: 0 | V38: =P38-U38 -> 37561940 | W38: 実績 | X38: 0 | Y38: 0 | Z38: 0 | AA38: 0 | AB38: 0 | AC38: 0 | AD38: 0 | AE38: =SUM(X38:AD38) -> 0 | AH38: 0 | AI38: USD | AJ38: 338000 | AK38: =AL38-+AH38 -> 37561940 | AL38: =Q38+R38 -> 37561940
B39: A03 | C39: ID | D39: ｲﾝﾄﾞﾈｼｱ | E39: JA15S1034P | G39: 民間 | H39: J1 | I39: KW | O39: 差 | P39: =P37-+P38 -> 0 | Q39: =Q37-+Q38 -> 0 | R39: =R37-+R38 -> 0 | T39: =T37-+T38 -> 0 | U39: =U37-+U38 -> 0 | V39: =V37-+V38 -> 0 | W39: 差 | X39: =X37-+X38 -> 0 | Y39: =Y37-+Y38 -> 0 | Z39: =Z37-+Z38 -> 0 | AA39: =AA37-+AA38 -> 0 | AB39: =AB37-+AB38 -> 0 | AC39: =AC37-+AC38 -> 0 | AD39: =AD37-+AD38 -> 0 | AE39: =SUM(X39:AD39) -> 0 | AH39: =AH37-+AH38 -> 0 | AI39: - | AJ39: =AJ37-+AJ38 -> 0 | AK39: =AK37-+AK38 -> 0 | AL39: =AL37-+AL38 -> 0
A40: JA16W1001P | B40: A03 | C40: ID | D40: ｲﾝﾄﾞﾈｼｱ | E40: JA16W1001P | F40: ｲﾝﾄﾞﾈｼｱ国ｽﾏﾗﾝ統合水資源･洪水管理計画(追加契約) | G40: JICA円借款 | H40: J1 | I40: KW | M40: 内桶 | N40: 継続 | O40: 16/6末 | P40: 5415208 | Q40: 0 | R40: =P40-Q40 -> 5415208 | S40: 0 | T40: 4943480 | U40: 0 | V40: =P40-U40 -> 5415208 | W40: 予定 | X40: =X41 -> -309 | AE40: =SUM(X40:AD40) -> -309 | AF40: 0 | AH40: 4798270 | AI40: IDR | AJ40: 72380500 | AK40: =AL40-+AH40 -> 616938 | AL40: =Q40+R40 -> 5415208
B41: A03 | C41: ID | D41: ｲﾝﾄﾞﾈｼｱ | E41: JA16W1001P | G41: JICA円借款 | H41: J1 | I41: KW | O41: 最新 | P41: 5415517 | Q41: 0 | R41: 5415517 | S41: =P41-Q41-R41 -> 0 | T41: 4943789 | U41: 0 | V41: =P41-U41 -> 5415517 | W41: 実績 | X41: -309 | Y41: 0 | Z41: 0 | AA41: 0 | AB41: 0 | AC41: 0 | AD41: 0 | AE41: =SUM(X41:AD41) -> -309 | AH41: 4798579 | AI41: IDR | AJ41: 72380500 | AK41: =AL41-+AH41 -> 616938 | AL41: =Q41+R41 -> 5415517
B42: A03 | C42: ID | D42: ｲﾝﾄﾞﾈｼｱ | E42: JA16W1001P | G42: JICA円借款 | H42: J1 | I42: KW | O42: 差 | P42: =P40-+P41 -> -309 | Q42: =Q40-+Q41 -> 0 | R42: =R40-+R41 -> -309 | T42: =T40-+T41 -> -309 | U42: =U40-+U41 -> 0 | V42: =V40-+V41 -> -309 | W42: 差 | X42: =X40-+X41 -> 0 | Y42: =Y40-+Y41 -> 0 | Z42: =Z40-+Z41 -> 0 | AA42: =AA40-+AA41 -> 0 | AB42: =AB40-+AB41 -> 0 | AC42: =AC40-+AC41 -> 0 | AD42: =AD40-+AD41 -> 0 | AE42: =SUM(X42:AD42) -> 0 | AH42: =AH40-+AH41 -> -309 | AI42: - | AJ42: =AJ40-+AJ41 -> 0 | AK42: =AK40-+AK41 -> 0 | AL42: =AL40-+AL41 -> -309
A43: JA12S1014P | B43: A03 | C43: ID | D43: ｲﾝﾄﾞﾈｼｱ | E43: JA12S1014P | F43: ｲﾝﾄﾞﾈｼｱ国ﾊｻﾝ水力IPP･F/Sﾚﾋﾞｭｰ | G43: 民間 | H43: J1 | I43: KW | M43: 岡島 | N43: 2016/6月期完成 | O43: 16/6末 | P43: 4116513 | Q43: 0 | R43: =P43-Q43 -> 4116513 | S43: 0 | T43: 0 | U43: 0 | V43: =P43-U43 -> 4116513 | W43: 予定 | X43: =X44 -> 0 | AE43: =SUM(X43:AD43) -> 0 | AF43: 0 | AH43: 0 | AI43: ※ | AJ43: 16635365 | AK43: =AL43-+AH43 -> 4116513 | AL43: =Q43+R43 -> 4116513 | AM43: IDR:16.6百万ルピー（0.1百万円相当）& USD:0.03百万ドル（4百万円相当）
B44: A03 | C44: ID | D44: ｲﾝﾄﾞﾈｼｱ | E44: JA12S1014P | G44: 民間 | H44: J1 | I44: KW | O44: 最新 | P44: 4116513 | Q44: 0 | R44: 4116513 | S44: =P44-Q44-R44 -> 0 | T44: 0 | U44: 0 | V44: =P44-U44 -> 4116513 | W44: 実績 | X44: 0 | Y44: 0 | Z44: 0 | AA44: 0 | AB44: 0 | AC44: 0 | AD44: 0 | AE44: =SUM(X44:AD44) -> 0 | AH44: 0 | AI44: ※ | AJ44: 16635365 | AK44: =AL44-+AH44 -> 4116513 | AL44: =Q44+R44 -> 4116513 | AM44: IDR:16.6百万ルピー（0.1百万円相当）& USD:0.03百万ドル（4百万円相当）
B45: A03 | C45: ID | D45: ｲﾝﾄﾞﾈｼｱ | E45: JA12S1014P | G45: 民間 | H45: J1 | I45: KW | O45: 差 | P45: =P43-+P44 -> 0 | Q45: =Q43-+Q44 -> 0 | R45: =R43-+R44 -> 0 | T45: =T43-+T44 -> 0 | U45: =U43-+U44 -> 0 | V45: =V43-+V44 -> 0 | W45: 差 | X45: =X43-+X44 -> 0 | Y45: =Y43-+Y44 -> 0 | Z45: =Z43-+Z44 -> 0 | AA45: =AA43-+AA44 -> 0 | AB45: =AB43-+AB44 -> 0 | AC45: =AC43-+AC44 -> 0 | AD45: =AD43-+AD44 -> 0 | AE45: =SUM(X45:AD45) -> 0 | AH45: =AH43-+AH44 -> 0 | AI45: - | AJ45: =AJ43-+AJ44 -> 0 | AK45: =AK43-+AK44 -> 0 | AL45: =AL43-+AL44 -> 0
A46: JA07H1010P | B46: A04 | C46: IN | D46: ｲﾝﾄﾞ | E46: JA07H1010P | F46: ｲﾝﾄﾞ国ｱﾝﾄﾞﾗﾌﾟﾗﾃﾞｼｭ州灌漑･農家生計改善計画設計･監督 | G46: JICA円借款 | H46: J1 | I46: KH | M46: 内桶 | N46: 継続 | O46: 16/6末 | P46: 1208472 | Q46: 1208472 | R46: =P46-Q46 -> 0 | S46: 0 | T46: 0 | U46: 0 | V46: =P46-U46 -> 1208472 | W46: 予定 | X46: =X47 -> 0 | AE46: =SUM(X46:AD46) -> 0 | AF46: 0 | AH46: 0 | AI46: INR | AJ46: 706381 | AK46: =AL46-+AH46 -> 1208472 | AL46: =Q46+R46 -> 1208472
B47: A04 | C47: IN | D47: ｲﾝﾄﾞ | E47: JA07H1010P | G47: JICA円借款 | H47: J1 | I47: KH | O47: 最新 | P47: 1208472 | Q47: 1208472 | R47: 0 | S47: =P47-Q47-R47 -> 0 | T47: 0 | U47: 0 | V47: =P47-U47 -> 1208472 | W47: 実績 | X47: 0 | Y47: 0 | Z47: 0 | AA47: 0 | AB47: 0 | AC47: 0 | AD47: 0 | AE47: =SUM(X47:AD47) -> 0 | AH47: 0 | AI47: INR | AJ47: 706381 | AK47: =AL47-+AH47 -> 1208472 | AL47: =Q47+R47 -> 1208472
B48: A04 | C48: IN | D48: ｲﾝﾄﾞ | E48: JA07H1010P | G48: JICA円借款 | H48: J1 | I48: KH | O48: 差 | P48: =P46-+P47 -> 0 | Q48: =Q46-+Q47 -> 0 | R48: =R46-+R47 -> 0 | T48: =T46-+T47 -> 0 | U48: =U46-+U47 -> 0 | V48: =V46-+V47 -> 0 | W48: 差 | X48: =X46-+X47 -> 0 | Y48: =Y46-+Y47 -> 0 | Z48: =Z46-+Z47 -> 0 | AA48: =AA46-+AA47 -> 0 | AB48: =AB46-+AB47 -> 0 | AC48: =AC46-+AC47 -> 0 | AD48: =AD46-+AD47 -> 0 | AE48: =SUM(X48:AD48) -> 0 | AH48: =AH46-+AH47 -> 0 | AI48: - | AJ48: =AJ46-+AJ47 -> 0 | AK48: =AK46-+AK47 -> 0 | AL48: =AL46-+AL47 -> 0
A49: JA12E1004P | B49: A04 | C49: IN | D49: ｲﾝﾄﾞ | E49: JA12E1004P | F49: ｲﾝﾄﾞ国ﾗｼﾞｬｽﾀﾝ森林･生物多様性事業ﾌｪｰｽﾞ2 | G49: JICA円借款 | H49: J1 | I49: KE | M49: 黒井 | N49: 継続 | O49: 16/6末 | P49: 1036585 | Q49: 483562 | R49: =P49-Q49 -> 553023 | S49: 0 | T49: 885340 | U49: 0 | V49: =P49-U49 -> 1036585 | W49: 予定 | X49: =X50 -> 332317 | AE49: =SUM(X49:AD49) -> 332317 | AF49: 0 | AH49: 0 | AI49: INR | AJ49: 599636.92 | AK49: =AL49-+AH49 -> 1036585 | AL49: =Q49+R49 -> 1036585
B50: A04 | C50: IN | D50: ｲﾝﾄﾞ | E50: JA12E1004P | G50: JICA円借款 | H50: J1 | I50: KE | O50: 最新 | P50: 704268 | Q50: 151245 | R50: 553023 | S50: =P50-Q50-R50 -> 0 | T50: 553023 | U50: 0 | V50: =P50-U50 -> 704268 | W50: 実績 | X50: 332317 | Y50: 0 | Z50: 0 | AA50: 0 | AB50: 0 | AC50: 0 | AD50: 0 | AE50: =SUM(X50:AD50) -> 332317 | AH50: 0 | AI50: INR | AJ50: 422477 | AK50: =AL50-+AH50 -> 704268 | AL50: =Q50+R50 -> 704268
B51: A04 | C51: IN | D51: ｲﾝﾄﾞ | E51: JA12E1004P | G51: JICA円借款 | H51: J1 | I51: KE | O51: 差 | P51: =P49-+P50 -> 332317 | Q51: =Q49-+Q50 -> 332317 | R51: =R49-+R50 -> 0 | T51: =T49-+T50 -> 332317 | U51: =U49-+U50 -> 0 | V51: =V49-+V50 -> 332317 | W51: 差 | X51: =X49-+X50 -> 0 | Y51: =Y49-+Y50 -> 0 | Z51: =Z49-+Z50 -> 0 | AA51: =AA49-+AA50 -> 0 | AB51: =AB49-+AB50 -> 0 | AC51: =AC49-+AC50 -> 0 | AD51: =AD49-+AD50 -> 0 | AE51: =SUM(X51:AD51) -> 0 | AH51: =AH49-+AH50 -> 0 | AI51: 0 | AJ51: =AJ49-+AJ50 -> 177159.92 | AK51: =AK49-+AK50 -> 332317 | AL51: =AL49-+AL50 -> 332317
A52: JA16H1004P | B52: A04 | C52: IN | D52: ｲﾝﾄﾞ | E52: JA16H1004P | F52: ｲﾝﾄﾞ国ｱﾝﾄﾞﾗ･ﾌﾟﾗﾃﾞｼｭ州における農業･食品加工･流通に関する情報収集･確認調査 | G52: JICA調査 | H52: J1 | I52: KH | M52: 倉持 | N52: 2016/6月期完成 | O52: 16/6末 | P52: 187546320 | Q52: 0 | R52: =P52-Q52 -> 187546320 | S52: 0 | T52: 187546320 | U52: 80625000 | V52: =P52-U52 -> 106921320 | W52: 予定 | X52: =X53 -> 0 | AE52: =SUM(X52:AD52) -> 0 | AF52: 0 | AH52: 187546320 | AI52: - | AJ52: 0 | AK52: =AL52-+AH52 -> 0 | AL52: =Q52+R52 -> 187546320
B53: A04 | C53: IN | D53: ｲﾝﾄﾞ | E53: JA16H1004P | G53: JICA調査 | H53: J1 | I53: KH | O53: 最新 | P53: 187546320 | Q53: 0 | R53: 187546320 | S53: =P53-Q53-R53 -> 0 | T53: 187546320 | U53: 80625000 | V53: =P53-U53 -> 106921320 | W53: 実績 | X53: 0 | Y53: 0 | Z53: 0 | AA53: 0 | AB53: 0 | AC53: 0 | AD53: 0 | AE53: =SUM(X53:AD53) -> 0 | AH53: 187546320 | AI53: - | AJ53: 0 | AK53: =AL53-+AH53 -> 0 | AL53: =Q53+R53 -> 187546320
B54: A04 | C54: IN | D54: ｲﾝﾄﾞ | E54: JA16H1004P | G54: JICA調査 | H54: J1 | I54: KH | O54: 差 | P54: =P52-+P53 -> 0 | Q54: =Q52-+Q53 -> 0 | R54: =R52-+R53 -> 0 | T54: =T52-+T53 -> 0 | U54: =U52-+U53 -> 0 | V54: =V52-+V53 -> 0 | W54: 差 | X54: =X52-+X53 -> 0 | Y54: =Y52-+Y53 -> 0 | Z54: =Z52-+Z53 -> 0 | AA54: =AA52-+AA53 -> 0 | AB54: =AB52-+AB53 -> 0 | AC54: =AC52-+AC53 -> 0 | AD54: =AD52-+AD53 -> 0 | AE54: =SUM(X54:AD54) -> 0 | AH54: =AH52-+AH53 -> 0 | AI54: - | AJ54: =AJ52-+AJ53 -> 0 | AK54: =AK52-+AK53 -> 0 | AL54: =AL52-+AL53 -> 0
A55: JA11H1022P | B55: A05 | C55: KH | D55: ｶﾝﾎﾞｼﾞｱ | E55: JA11H1022P | F55: ｶﾝﾎﾞｼﾞｱ国ﾄﾝﾚｻｯﾌﾟ西部流域灌漑施設改修事業 | G55: JICA円借款 | H55: J1 | I55: KH | J55: 大塚 | K55: 田村 | L55: 福岡 | M55: 黒井 | N55: 継続 | O55: 16/6末 | P55: 19046287 | Q55: 0 | R55: =P55-Q55 -> 19046287 | S55: 0 | T55: 5630230 | U55: 0 | V55: =P55-U55 -> 19046287 | W55: 予定 | X55: =X56 -> 0 | AE55: =SUM(X55:AD55) -> 0 | AF55: 0 | AH55: 14402167 | AI55: USD | AJ55: 40755 | AK55: =AL55-+AH55 -> 4644120 | AL55: =Q55+R55 -> 19046287
B56: A05 | C56: KH | D56: ｶﾝﾎﾞｼﾞｱ | E56: JA11H1022P | G56: JICA円借款 | H56: J1 | I56: KH | O56: 最新 | P56: 19046287 | Q56: 0 | R56: 19046287 | S56: =P56-Q56-R56 -> 0 | T56: 5630230 | U56: 0 | V56: =P56-U56 -> 19046287 | W56: 実績 | X56: 0 | Y56: 0 | Z56: 0 | AA56: 0 | AB56: 0 | AC56: 0 | AD56: 0 | AE56: =SUM(X56:AD56) -> 0 | AH56: 14402167 | AI56: USD | AJ56: 40755 | AK56: =AL56-+AH56 -> 4644120 | AL56: =Q56+R56 -> 19046287
B57: A05 | C57: KH | D57: ｶﾝﾎﾞｼﾞｱ | E57: JA11H1022P | G57: JICA円借款 | H57: J1 | I57: KH | O57: 差 | P57: =P55-+P56 -> 0 | Q57: =Q55-+Q56 -> 0 | R57: =R55-+R56 -> 0 | T57: =T55-+T56 -> 0 | U57: =U55-+U56 -> 0 | V57: =V55-+V56 -> 0 | W57: 差 | X57: =X55-+X56 -> 0 | Y57: =Y55-+Y56 -> 0 | Z57: =Z55-+Z56 -> 0 | AA57: =AA55-+AA56 -> 0 | AB57: =AB55-+AB56 -> 0 | AC57: =AC55-+AC56 -> 0 | AD57: =AD55-+AD56 -> 0 | AE57: =SUM(X57:AD57) -> 0 | AH57: =AH55-+AH56 -> 0 | AI57: - | AJ57: =AJ55-+AJ56 -> 0 | AK57: =AK55-+AK56 -> 0 | AL57: =AL55-+AL56 -> 0
A58: JA16S1002P | B58: A06 | C58: KR | D58: 韓国 | E58: JA16S1002P | F58: 韓国住岩多目的ﾀﾞﾑNo.2導水路ﾄﾝﾈﾙ事業ｱﾄﾞﾊﾞｲｻﾞﾘｰ | G58: 民間 | H58: J1 | I58: KW | M58: 岡島 | N58: 2016/6月期完成 | O58: 16/6末 | P58: 563610 | Q58: 563610 | R58: =P58-Q58 -> 0 | S58: 0 | T58: 0 | U58: 0 | V58: =P58-U58 -> 563610 | W58: 予定 | X58: =X59 -> 563610 | AE58: =SUM(X58:AD58) -> 563610 | AF58: 入金完了 | AH58: 0 | AI58: - | AJ58: 4755 | AK58: =AL58-+AH58 -> 563610 | AL58: =Q58+R58 -> 563610
B59: A06 | C59: KR | D59: 韓国 | E59: JA16S1002P | G59: 民間 | H59: J1 | I59: KW | O59: 最新 | P59: 0 | Q59: 0 | R59: 0 | S59: =P59-Q59-R59 -> 0 | T59: 0 | U59: 0 | V59: =P59-U59 -> 0 | W59: 実績 | X59: 563610 | Y59: 0 | Z59: 0 | AA59: 0 | AB59: 0 | AC59: 0 | AD59: 0 | AE59: =SUM(X59:AD59) -> 563610 | AH59: 0 | AI59: - | AJ59: 0 | AK59: =AL59-+AH59 -> 0 | AL59: =Q59+R59 -> 0
B60: A06 | C60: KR | D60: 韓国 | E60: JA16S1002P | G60: 民間 | H60: J1 | I60: KW | O60: 差 | P60: =P58-+P59 -> 563610 | Q60: =Q58-+Q59 -> 563610 | R60: =R58-+R59 -> 0 | T60: =T58-+T59 -> 0 | U60: =U58-+U59 -> 0 | V60: =V58-+V59 -> 563610 | W60: 差 | X60: =X58-+X59 -> 0 | Y60: =Y58-+Y59 -> 0 | Z60: =Z58-+Z59 -> 0 | AA60: =AA58-+AA59 -> 0 | AB60: =AB58-+AB59 -> 0 | AC60: =AC58-+AC59 -> 0 | AD60: =AD58-+AD59 -> 0 | AE60: =SUM(X60:AD60) -> 0 | AH60: =AH58-+AH59 -> 0 | AI60: 0 | AJ60: =AJ58-+AJ59 -> 4755 | AK60: =AK58-+AK59 -> 563610 | AL60: =AL58-+AL59 -> 563610
A61: JA14H1018P | B61: A07 | C61: LA | D61: ﾗｵｽ | E61: JA14H1018P | F61: ﾗｵｽ国ﾒｺﾝ東西回廊農業ｲﾝﾌﾗ整備事業 | G61: ｱｼﾞｱ開発銀行 | H61: J1 | I61: KH | M61: 内桶 | N61: 継続 | O61: 16/6末 | P61: 47566439 | Q61: 14290480 | R61: =P61-Q61 -> 33275959 | S61: 0 | T61: 33275959 | U61: 38614234 | V61: =P61-U61 -> 8952205 | W61: 予定 | X61: =X62 -> 0 | AE61: =SUM(X61:AD61) -> 0 | AF61: 0 | AH61: 0 | AI61: USD | AJ61: 404914.5 | AK61: =AL61-+AH61 -> 47566439 | AL61: =Q61+R61 -> 47566439
B62: A07 | C62: LA | D62: ﾗｵｽ | E62: JA14H1018P | G62: ｱｼﾞｱ開発銀行 | H62: J1 | I62: KH | O62: 最新 | P62: 47566439 | Q62: 14290480 | R62: 33275959 | S62: =P62-Q62-R62 -> 0 | T62: 33275959 | U62: 38614234 | V62: =P62-U62 -> 8952205 | W62: 実績 | X62: 0 | Y62: 0 | Z62: 0 | AA62: 0 | AB62: 0 | AC62: 0 | AD62: 0 | AE62: =SUM(X62:AD62) -> 0 | AH62: 0 | AI62: USD | AJ62: 404914.5 | AK62: =AL62-+AH62 -> 47566439 | AL62: =Q62+R62 -> 47566439
B63: A07 | C63: LA | D63: ﾗｵｽ | E63: JA14H1018P | G63: ｱｼﾞｱ開発銀行 | H63: J1 | I63: KH | O63: 差 | P63: =P61-+P62 -> 0 | Q63: =Q61-+Q62 -> 0 | R63: =R61-+R62 -> 0 | T63: =T61-+T62 -> 0 | U63: =U61-+U62 -> 0 | V63: =V61-+V62 -> 0 | W63: 差 | X63: =X61-+X62 -> 0 | Y63: =Y61-+Y62 -> 0 | Z63: =Z61-+Z62 -> 0 | AA63: =AA61-+AA62 -> 0 | AB63: =AB61-+AB62 -> 0 | AC63: =AC61-+AC62 -> 0 | AD63: =AD61-+AD62 -> 0 | AE63: =SUM(X63:AD63) -> 0 | AH63: =AH61-+AH62 -> 0 | AI63: - | AJ63: =AJ61-+AJ62 -> 0 | AK63: =AK61-+AK62 -> 0 | AL63: =AL61-+AL62 -> 0
A64: JA10H1027P | B64: A07 | C64: LA | D64: ﾗｵｽ | E64: JA10H1027P | F64: ﾗｵｽ国北部農村ｲﾝﾌﾗ開発事業 | G64: ｱｼﾞｱ開発銀行 | H64: J1 | I64: KH | J64: 大塚 | K64: 田村 | L64: 福岡 | M64: 黒井 | N64: 継続 | O64: 16/6末 | P64: 4626605 | Q64: 0 | R64: =P64-Q64 -> 4626605 | S64: 0 | T64: 2299902 | U64: 0 | V64: =P64-U64 -> 4626605 | W64: 予定 | X64: =X65 -> 0 | AE64: =SUM(X64:AD64) -> 0 | AF64: 0 | AH64: 0 | AI64: USD | AJ64: 41391.2 | AK64: =AL64-+AH64 -> 4626605 | AL64: =Q64+R64 -> 4626605
B65: A07 | C65: LA | D65: ﾗｵｽ | E65: JA10H1027P | G65: ｱｼﾞｱ開発銀行 | H65: J1 | I65: KH | O65: 最新 | P65: 4626605 | Q65: 0 | R65: 4626605 | S65: =P65-Q65-R65 -> 0 | T65: 2299902 | U65: 0 | V65: =P65-U65 -> 4626605 | W65: 実績 | X65: 0 | Y65: 0 | Z65: 0 | AA65: 0 | AB65: 0 | AC65: 0 | AD65: 0 | AE65: =SUM(X65:AD65) -> 0 | AH65: 0 | AI65: USD | AJ65: 41391.2 | AK65: =AL65-+AH65 -> 4626605 | AL65: =Q65+R65 -> 4626605
B66: A07 | C66: LA | D66: ﾗｵｽ | E66: JA10H1027P | G66: ｱｼﾞｱ開発銀行 | H66: J1 | I66: KH | O66: 差 | P66: =P64-+P65 -> 0 | Q66: =Q64-+Q65 -> 0 | R66: =R64-+R65 -> 0 | T66: =T64-+T65 -> 0 | U66: =U64-+U65 -> 0 | V66: =V64-+V65 -> 0 | W66: 差 | X66: =X64-+X65 -> 0 | Y66: =Y64-+Y65 -> 0 | Z66: =Z64-+Z65 -> 0 | AA66: =AA64-+AA65 -> 0 | AB66: =AB64-+AB65 -> 0 | AC66: =AC64-+AC65 -> 0 | AD66: =AD64-+AD65 -> 0 | AE66: =SUM(X66:AD66) -> 0 | AH66: =AH64-+AH65 -> 0 | AI66: - | AJ66: =AJ64-+AJ65 -> 0 | AK66: =AK64-+AK65 -> 0 | AL66: =AL64-+AL65 -> 0
A67: JA13S1005P | B67: A07 | C67: LA | D67: ﾗｵｽ | E67: JA13S1005P | F67: ﾗｵｽ国ﾅﾑｸﾞﾑ第一水力発電所拡張事業 詳細設計･施工監理 | G67: JICA円借款 | H67: J1 | I67: KW | J67: 和田 | K67: 田村 | L67: 福岡 | M67: 岡島 | N67: 継続 | O67: 16/6末 | P67: 4221000 | Q67: 0 | R67: =P67-Q67 -> 4221000 | S67: 0 | T67: 4221000 | U67: 25638927 | V67: =P67-U67 -> -21417927 | W67: 予定 | X67: =X68 -> 0 | AE67: =SUM(X67:AD67) -> 0 | AF67: 0 | AH67: 4221000 | AI67: - | AJ67: 0 | AK67: =AL67-+AH67 -> 0 | AL67: =Q67+R67 -> 4221000
B68: A07 | C68: LA | D68: ﾗｵｽ | E68: JA13S1005P | G68: JICA円借款 | H68: J1 | I68: KW | O68: 最新 | P68: 4221000 | Q68: 0 | R68: 4221000 | S68: =P68-Q68-R68 -> 0 | T68: 4221000 | U68: 25638927 | V68: =P68-U68 -> -21417927 | W68: 実績 | X68: 0 | Y68: 0 | Z68: 0 | AA68: 0 | AB68: 0 | AC68: 0 | AD68: 0 | AE68: =SUM(X68:AD68) -> 0 | AH68: 4221000 | AI68: - | AJ68: 0 | AK68: =AL68-+AH68 -> 0 | AL68: =Q68+R68 -> 4221000
B69: A07 | C69: LA | D69: ﾗｵｽ | E69: JA13S1005P | G69: JICA円借款 | H69: J1 | I69: KW | O69: 差 | P69: =P67-+P68 -> 0 | Q69: =Q67-+Q68 -> 0 | R69: =R67-+R68 -> 0 | T69: =T67-+T68 -> 0 | U69: =U67-+U68 -> 0 | V69: =V67-+V68 -> 0 | W69: 差 | X69: =X67-+X68 -> 0 | Y69: =Y67-+Y68 -> 0 | Z69: =Z67-+Z68 -> 0 | AA69: =AA67-+AA68 -> 0 | AB69: =AB67-+AB68 -> 0 | AC69: =AC67-+AC68 -> 0 | AD69: =AD67-+AD68 -> 0 | AE69: =SUM(X69:AD69) -> 0 | AH69: =AH67-+AH68 -> 0 | AI69: - | AJ69: =AJ67-+AJ68 -> 0 | AK69: =AK67-+AK68 -> 0 | AL69: =AL67-+AL68 -> 0
A70: JA15S1019P | B70: A07 | C70: LA | D70: ﾗｵｽ | E70: JA15S1019P | F70: ﾗｵｽ国ｾﾋﾟｱﾝｾﾉﾑﾉｲ水力施工監理ｱﾄﾞﾊﾞｲｻﾞﾘｰｻｰﾋﾞｽﾀｽｸ2 | G70: 民間 | H70: J1 | I70: KW | M70: 岡島 | N70: 継続 | O70: 16/6末 | P70: 3423026 | Q70: 0 | R70: =P70-Q70 -> 3423026 | S70: 0 | T70: 3423026 | U70: 0 | V70: =P70-U70 -> 3423026 | W70: 予定 | X70: =X71 -> 0 | AE70: =SUM(X70:AD70) -> 0 | AF70: 0 | AH70: 0 | AI70: USD | AJ70: 30802 | AK70: =AL70-+AH70 -> 3423026 | AL70: =Q70+R70 -> 3423026
B71: A07 | C71: LA | D71: ﾗｵｽ | E71: JA15S1019P | G71: 民間 | H71: J1 | I71: KW | O71: 最新 | P71: 3423026 | Q71: 0 | R71: 3423026 | S71: =P71-Q71-R71 -> 0 | T71: 3423026 | U71: 0 | V71: =P71-U71 -> 3423026 | W71: 実績 | X71: 0 | Y71: 0 | Z71: 0 | AA71: 0 | AB71: 0 | AC71: 0 | AD71: 0 | AE71: =SUM(X71:AD71) -> 0 | AH71: 0 | AI71: USD | AJ71: 30802 | AK71: =AL71-+AH71 -> 3423026 | AL71: =Q71+R71 -> 3423026
B72: A07 | C72: LA | D72: ﾗｵｽ | E72: JA15S1019P | G72: 民間 | H72: J1 | I72: KW | O72: 差 | P72: =P70-+P71 -> 0 | Q72: =Q70-+Q71 -> 0 | R72: =R70-+R71 -> 0 | T72: =T70-+T71 -> 0 | U72: =U70-+U71 -> 0 | V72: =V70-+V71 -> 0 | W72: 差 | X72: =X70-+X71 -> 0 | Y72: =Y70-+Y71 -> 0 | Z72: =Z70-+Z71 -> 0 | AA72: =AA70-+AA71 -> 0 | AB72: =AB70-+AB71 -> 0 | AC72: =AC70-+AC71 -> 0 | AD72: =AD70-+AD71 -> 0 | AE72: =SUM(X72:AD72) -> 0 | AH72: =AH70-+AH71 -> 0 | AI72: - | AJ72: =AJ70-+AJ71 -> 0 | AK72: =AK70-+AK71 -> 0 | AL72: =AL70-+AL71 -> 0
A73: JA15H1022P | B73: A09 | C73: MM | D73: ﾐｬﾝﾏｰ | E73: JA15H1022P | F73: ﾐｬﾝﾏｰ国ﾊﾞｺﾞｰ地域西部灌漑開発事業 | G73: JICA円借款 | H73: J1 | I73: KH | M73: 内桶 | N73: 継続 | O73: 16/6末 | P73: 12660000 | Q73: 5480400 | R73: =P73-Q73 -> 7179600 | S73: 0 | T73: 12660000 | U73: 0 | V73: =P73-U73 -> 12660000 | W73: 予定 | X73: =X74 -> 0 | AE73: =SUM(X73:AD73) -> 0 | AF73: 0 | AH73: 12660000 | AI73: - | AJ73: 0 | AK73: =AL73-+AH73 -> 0 | AL73: =Q73+R73 -> 12660000
B74: A09 | C74: MM | D74: ﾐｬﾝﾏｰ | E74: JA15H1022P | G74: JICA円借款 | H74: J1 | I74: KH | O74: 最新 | P74: 12660000 | Q74: 5480400 | R74: 7179600 | S74: =P74-Q74-R74 -> 0 | T74: 12660000 | U74: 0 | V74: =P74-U74 -> 12660000 | W74: 実績 | X74: 0 | Y74: 0 | Z74: 0 | AA74: 0 | AB74: 0 | AC74: 0 | AD74: 0 | AE74: =SUM(X74:AD74) -> 0 | AH74: 12660000 | AI74: - | AJ74: 0 | AK74: =AL74-+AH74 -> 0 | AL74: =Q74+R74 -> 12660000
B75: A09 | C75: MM | D75: ﾐｬﾝﾏｰ | E75: JA15H1022P | G75: JICA円借款 | H75: J1 | I75: KH | O75: 差 | P75: =P73-+P74 -> 0 | Q75: =Q73-+Q74 -> 0 | R75: =R73-+R74 -> 0 | T75: =T73-+T74 -> 0 | U75: =U73-+U74 -> 0 | V75: =V73-+V74 -> 0 | W75: 差 | X75: =X73-+X74 -> 0 | Y75: =Y73-+Y74 -> 0 | Z75: =Z73-+Z74 -> 0 | AA75: =AA73-+AA74 -> 0 | AB75: =AB73-+AB74 -> 0 | AC75: =AC73-+AC74 -> 0 | AD75: =AD73-+AD74 -> 0 | AE75: =SUM(X75:AD75) -> 0 | AH75: =AH73-+AH74 -> 0 | AI75: - | AJ75: =AJ73-+AJ74 -> 0 | AK75: =AK73-+AK74 -> 0 | AL75: =AL73-+AL74 -> 0
A76: JA14H1016P | B76: A09 | C76: MM | D76: ﾐｬﾝﾏｰ | E76: JA14H1016P | F76: ﾐｬﾝﾏｰ国薬用植物生産･加工を通じた日本の伝統漢方薬普及事業準備調査(BOPﾋﾞｼﾞﾈｽ連携促進) | G76: JICA調査 | H76: J1 | I76: KH | M76: 黒井 | N76: 2016/6月期完成 | O76: 16/6末 | P76: 10775160 | Q76: 1299240 | R76: =P76-Q76 -> 9475920 | S76: 0 | T76: 9475920 | U76: 0 | V76: =P76-U76 -> 10775160 | W76: 予定 | X76: =X77 -> 0 | AE76: =SUM(X76:AD76) -> 0 | AF76: JICA部分払につき未収金は最終精算確定後回収予定 | AH76: 10775160 | AI76: - | AJ76: 0 | AK76: =AL76-+AH76 -> 0 | AL76: =Q76+R76 -> 10775160
B77: A09 | C77: MM | D77: ﾐｬﾝﾏｰ | E77: JA14H1016P | G77: JICA調査 | H77: J1 | I77: KH | O77: 最新 | P77: 10775160 | Q77: 1299240 | R77: 9475920 | S77: =P77-Q77-R77 -> 0 | T77: 9475920 | U77: 0 | V77: =P77-U77 -> 10775160 | W77: 実績 | X77: 0 | Y77: 0 | Z77: 0 | AA77: 0 | AB77: 0 | AC77: 0 | AD77: 0 | AE77: =SUM(X77:AD77) -> 0 | AH77: 10775160 | AI77: - | AJ77: 0 | AK77: =AL77-+AH77 -> 0 | AL77: =Q77+R77 -> 10775160
B78: A09 | C78: MM | D78: ﾐｬﾝﾏｰ | E78: JA14H1016P | G78: JICA調査 | H78: J1 | I78: KH | O78: 差 | P78: =P76-+P77 -> 0 | Q78: =Q76-+Q77 -> 0 | R78: =R76-+R77 -> 0 | T78: =T76-+T77 -> 0 | U78: =U76-+U77 -> 0 | V78: =V76-+V77 -> 0 | W78: 差 | X78: =X76-+X77 -> 0 | Y78: =Y76-+Y77 -> 0 | Z78: =Z76-+Z77 -> 0 | AA78: =AA76-+AA77 -> 0 | AB78: =AB76-+AB77 -> 0 | AC78: =AC76-+AC77 -> 0 | AD78: =AD76-+AD77 -> 0 | AE78: =SUM(X78:AD78) -> 0 | AH78: =AH76-+AH77 -> 0 | AI78: - | AJ78: =AJ76-+AJ77 -> 0 | AK78: =AK76-+AK77 -> 0 | AL78: =AL76-+AL77 -> 0
A79: JA13E1004P | B79: A09 | C79: MM | D79: ﾐｬﾝﾏｰ | E79: JA13E1004P | F79: ﾐｬﾝﾏｰ国用地取得及び住民移転に係る法制度､執行体制､実務能力等に係る調査(ﾌｧｽﾄ･ﾄﾗｯｸ制度適用案件) | G79: JICA調査 | H79: J1 | I79: KE | M79: 内桶 | N79: 2016/6月期完成 | O79: 16/6末 | P79: 137901960 | Q79: 0 | R79: =P79-Q79 -> 137901960 | S79: 0 | T79: 0 | U79: 112270320 | V79: =P79-U79 -> 25631640 | W79: 予定 | X79: =X80 -> 0 | AE79: =SUM(X79:AD79) -> 0 | AF79: JICA部分払につき未収金は最終精算確定後回収予定 | AH79: 137901960 | AI79: - | AJ79: 0 | AK79: =AL79-+AH79 -> 0 | AL79: =Q79+R79 -> 137901960
B80: A09 | C80: MM | D80: ﾐｬﾝﾏｰ | E80: JA13E1004P | G80: JICA調査 | H80: J1 | I80: KE | O80: 最新 | P80: 137901960 | Q80: 0 | R80: 137901960 | S80: =P80-Q80-R80 -> 0 | T80: 0 | U80: 112270320 | V80: =P80-U80 -> 25631640 | W80: 実績 | X80: 0 | Y80: 0 | Z80: 0 | AA80: 0 | AB80: 0 | AC80: 0 | AD80: 0 | AE80: =SUM(X80:AD80) -> 0 | AH80: 137901960 | AI80: - | AJ80: 0 | AK80: =AL80-+AH80 -> 0 | AL80: =Q80+R80 -> 137901960
B81: A09 | C81: MM | D81: ﾐｬﾝﾏｰ | E81: JA13E1004P | G81: JICA調査 | H81: J1 | I81: KE | O81: 差 | P81: =P79-+P80 -> 0 | Q81: =Q79-+Q80 -> 0 | R81: =R79-+R80 -> 0 | T81: =T79-+T80 -> 0 | U81: =U79-+U80 -> 0 | V81: =V79-+V80 -> 0 | W81: 差 | X81: =X79-+X80 -> 0 | Y81: =Y79-+Y80 -> 0 | Z81: =Z79-+Z80 -> 0 | AA81: =AA79-+AA80 -> 0 | AB81: =AB79-+AB80 -> 0 | AC81: =AC79-+AC80 -> 0 | AD81: =AD79-+AD80 -> 0 | AE81: =SUM(X81:AD81) -> 0 | AH81: =AH79-+AH80 -> 0 | AI81: - | AJ81: =AJ79-+AJ80 -> 0 | AK81: =AK79-+AK80 -> 0 | AL81: =AL79-+AL80 -> 0
A82: JA16E1015P | B82: A09 | C82: MM | D82: ﾐｬﾝﾏｰ | E82: JA16E1015P | F82: ﾐｬﾝﾏｰ国ﾃｨﾗﾜSEZ Zone A拡張･Zone B開発に係る環境ｱｾｽﾒﾝﾄ業務 | G82: 民間 | H82: J1 | I82: KE | M82: 内桶 | N82: 2016/6月期完成 | O82: 16/6末 | P82: 56342910 | Q82: 0 | R82: =P82-Q82 -> 56342910 | S82: 0 | T82: 0 | U82: 0 | V82: =P82-U82 -> 56342910 | W82: 予定 | X82: =X83 -> 0 | AE82: =SUM(X82:AD82) -> 0 | AF82: 0 | AH82: 0 | AI82: USD | AJ82: 507000 | AK82: =AL82-+AH82 -> 56342910 | AL82: =Q82+R82 -> 56342910
B83: A09 | C83: MM | D83: ﾐｬﾝﾏｰ | E83: JA16E1015P | G83: 民間 | H83: J1 | I83: KE | O83: 最新 | P83: 56342910 | Q83: 0 | R83: 56342910 | S83: =P83-Q83-R83 -> 0 | T83: 0 | U83: 0 | V83: =P83-U83 -> 56342910 | W83: 実績 | X83: 0 | Y83: 0 | Z83: 0 | AA83: 0 | AB83: 0 | AC83: 0 | AD83: 0 | AE83: =SUM(X83:AD83) -> 0 | AH83: 0 | AI83: USD | AJ83: 507000 | AK83: =AL83-+AH83 -> 56342910 | AL83: =Q83+R83 -> 56342910
B84: A09 | C84: MM | D84: ﾐｬﾝﾏｰ | E84: JA16E1015P | G84: 民間 | H84: J1 | I84: KE | O84: 差 | P84: =P82-+P83 -> 0 | Q84: =Q82-+Q83 -> 0 | R84: =R82-+R83 -> 0 | T84: =T82-+T83 -> 0 | U84: =U82-+U83 -> 0 | V84: =V82-+V83 -> 0 | W84: 差 | X84: =X82-+X83 -> 0 | Y84: =Y82-+Y83 -> 0 | Z84: =Z82-+Z83 -> 0 | AA84: =AA82-+AA83 -> 0 | AB84: =AB82-+AB83 -> 0 | AC84: =AC82-+AC83 -> 0 | AD84: =AD82-+AD83 -> 0 | AE84: =SUM(X84:AD84) -> 0 | AH84: =AH82-+AH83 -> 0 | AI84: - | AJ84: =AJ82-+AJ83 -> 0 | AK84: =AK82-+AK83 -> 0 | AL84: =AL82-+AL83 -> 0
A85: JA15E1037P | B85: A09 | C85: MM | D85: ﾐｬﾝﾏｰ | E85: JA15E1037P | F85: ﾐｬﾝﾏｰ国水環境管理及び環境影響評価制度の能力向上ﾌﾟﾛｼﾞｪｸﾄ(水環境管理分野)第1年次 | G85: JICA調査 | H85: J1 | I85: KE | M85: 内桶 | N85: 継続 | O85: 16/6末 | P85: 38918880 | Q85: 0 | R85: =P85-Q85 -> 38918880 | S85: 0 | T85: 0 | U85: 28645000 | V85: =P85-U85 -> 10273880 | W85: 予定 | X85: =X86 -> 35026992 | AE85: =SUM(X85:AD85) -> 35026992 | AF85: JICA部分払につき未収金は最終精算確定後回収予定 | AH85: 38918880 | AI85: - | AJ85: 0 | AK85: =AL85-+AH85 -> 0 | AL85: =Q85+R85 -> 38918880
B86: A09 | C86: MM | D86: ﾐｬﾝﾏｰ | E86: JA15E1037P | G86: JICA調査 | H86: J1 | I86: KE | O86: 最新 | P86: 3891888 | Q86: 0 | R86: 3891888 | S86: =P86-Q86-R86 -> 0 | T86: 0 | U86: 20011600 | V86: =P86-U86 -> -16119712 | W86: 実績 | X86: 35026992 | Y86: 0 | Z86: 0 | AA86: 0 | AB86: 0 | AC86: 0 | AD86: 0 | AE86: =SUM(X86:AD86) -> 35026992 | AH86: 3891888 | AI86: - | AJ86: 0 | AK86: =AL86-+AH86 -> 0 | AL86: =Q86+R86 -> 3891888
B87: A09 | C87: MM | D87: ﾐｬﾝﾏｰ | E87: JA15E1037P | G87: JICA調査 | H87: J1 | I87: KE | O87: 差 | P87: =P85-+P86 -> 35026992 | Q87: =Q85-+Q86 -> 0 | R87: =R85-+R86 -> 35026992 | T87: =T85-+T86 -> 0 | U87: =U85-+U86 -> 8633400 | V87: =V85-+V86 -> 26393592 | W87: 差 | X87: =X85-+X86 -> 0 | Y87: =Y85-+Y86 -> 0 | Z87: =Z85-+Z86 -> 0 | AA87: =AA85-+AA86 -> 0 | AB87: =AB85-+AB86 -> 0 | AC87: =AC85-+AC86 -> 0 | AD87: =AD85-+AD86 -> 0 | AE87: =SUM(X87:AD87) -> 0 | AH87: =AH85-+AH86 -> 35026992 | AI87: - | AJ87: =AJ85-+AJ86 -> 0 | AK87: =AK85-+AK86 -> 0 | AL87: =AL85-+AL86 -> 35026992
A88: JA14E1024P | B88: A09 | C88: MM | D88: ﾐｬﾝﾏｰ | E88: JA14E1024P | F88: ﾐｬﾝﾏｰ国非自発的住民移転に伴う生計回復支援に係る計画策定 | G88: JICA調査 | H88: J1 | I88: KE | M88: 内桶 | N88: 継続 | O88: 16/6末 | P88: 37411632 | Q88: 0 | R88: =P88-Q88 -> 37411632 | S88: 0 | T88: 0 | U88: 13332400 | V88: =P88-U88 -> 24079232 | W88: 予定 | X88: =X89 -> 0 | AE88: =SUM(X88:AD88) -> 0 | AF88: JICA部分払につき未収金は最終精算確定後回収予定 | AH88: 37411632 | AI88: - | AJ88: 0 | AK88: =AL88-+AH88 -> 0 | AL88: =Q88+R88 -> 37411632
B89: A09 | C89: MM | D89: ﾐｬﾝﾏｰ | E89: JA14E1024P | G89: JICA調査 | H89: J1 | I89: KE | O89: 最新 | P89: 37411632 | Q89: 0 | R89: 37411632 | S89: =P89-Q89-R89 -> 0 | T89: 0 | U89: 13332400 | V89: =P89-U89 -> 24079232 | W89: 実績 | X89: 0 | Y89: 0 | Z89: 0 | AA89: 0 | AB89: 0 | AC89: 0 | AD89: 0 | AE89: =SUM(X89:AD89) -> 0 | AH89: 37411632 | AI89: - | AJ89: 0 | AK89: =AL89-+AH89 -> 0 | AL89: =Q89+R89 -> 37411632
B90: A09 | C90: MM | D90: ﾐｬﾝﾏｰ | E90: JA14E1024P | G90: JICA調査 | H90: J1 | I90: KE | O90: 差 | P90: =P88-+P89 -> 0 | Q90: =Q88-+Q89 -> 0 | R90: =R88-+R89 -> 0 | T90: =T88-+T89 -> 0 | U90: =U88-+U89 -> 0 | V90: =V88-+V89 -> 0 | W90: 差 | X90: =X88-+X89 -> 0 | Y90: =Y88-+Y89 -> 0 | Z90: =Z88-+Z89 -> 0 | AA90: =AA88-+AA89 -> 0 | AB90: =AB88-+AB89 -> 0 | AC90: =AC88-+AC89 -> 0 | AD90: =AD88-+AD89 -> 0 | AE90: =SUM(X90:AD90) -> 0 | AH90: =AH88-+AH89 -> 0 | AI90: - | AJ90: =AJ88-+AJ89 -> 0 | AK90: =AK88-+AK89 -> 0 | AL90: =AL88-+AL89 -> 0
A91: JA16E1021P | B91: A09 | C91: MM | D91: ﾐｬﾝﾏｰ | E91: JA16E1021P | F91: ﾐｬﾝﾏｰ国ﾃｨﾗﾜ経済特区ｿﾞｰﾝA廃棄物処理施設整備操業に係る環境社会配慮支援業務 | G91: 民間 | H91: J1 | I91: KE | M91: 内桶 | N91: 2016/6月期完成 | O91: 16/6末 | P91: 11970000 | Q91: 0 | R91: =P91-Q91 -> 11970000 | S91: 0 | T91: 0 | U91: 0 | V91: =P91-U91 -> 11970000 | W91: 予定 | X91: =X92 -> 0 | AE91: =SUM(X91:AD91) -> 0 | AF91: 0 | AH91: 11970000 | AI91: - | AJ91: 0 | AK91: =AL91-+AH91 -> 0 | AL91: =Q91+R91 -> 11970000
B92: A09 | C92: MM | D92: ﾐｬﾝﾏｰ | E92: JA16E1021P | G92: 民間 | H92: J1 | I92: KE | O92: 最新 | P92: 11970000 | Q92: 0 | R92: 11970000 | S92: =P92-Q92-R92 -> 0 | T92: 0 | U92: 0 | V92: =P92-U92 -> 11970000 | W92: 実績 | X92: 0 | Y92: 0 | Z92: 0 | AA92: 0 | AB92: 0 | AC92: 0 | AD92: 0 | AE92: =SUM(X92:AD92) -> 0 | AH92: 11970000 | AI92: - | AJ92: 0 | AK92: =AL92-+AH92 -> 0 | AL92: =Q92+R92 -> 11970000
B93: A09 | C93: MM | D93: ﾐｬﾝﾏｰ | E93: JA16E1021P | G93: 民間 | H93: J1 | I93: KE | O93: 差 | P93: =P91-+P92 -> 0 | Q93: =Q91-+Q92 -> 0 | R93: =R91-+R92 -> 0 | T93: =T91-+T92 -> 0 | U93: =U91-+U92 -> 0 | V93: =V91-+V92 -> 0 | W93: 差 | X93: =X91-+X92 -> 0 | Y93: =Y91-+Y92 -> 0 | Z93: =Z91-+Z92 -> 0 | AA93: =AA91-+AA92 -> 0 | AB93: =AB91-+AB92 -> 0 | AC93: =AC91-+AC92 -> 0 | AD93: =AD91-+AD92 -> 0 | AE93: =SUM(X93:AD93) -> 0 | AH93: =AH91-+AH92 -> 0 | AI93: - | AJ93: =AJ91-+AJ92 -> 0 | AK93: =AK91-+AK92 -> 0 | AL93: =AL91-+AL92 -> 0
A94: JA15H1008P | B94: A09 | C94: MM | D94: ﾐｬﾝﾏｰ | E94: JA15H1008P | F94: ﾐｬﾝﾏｰ国分散型鶏卵生産販売事業(BOPﾋﾞｼﾞﾈｽ連携促進) | G94: JICA調査 | H94: J1 | I94: KH | M94: 黒井 | N94: 継続 | O94: 16/6末 | P94: 10913400 | Q94: 0 | R94: =P94-Q94 -> 10913400 | S94: 0 | T94: 10913400 | U94: 0 | V94: =P94-U94 -> 10913400 | W94: 予定 | X94: =X95 -> 0 | AE94: =SUM(X94:AD94) -> 0 | AF94: JICA部分払につき未収金は最終精算確定後回収予定 | AH94: 10913400 | AI94: - | AJ94: 0 | AK94: =AL94-+AH94 -> 0 | AL94: =Q94+R94 -> 10913400
B95: A09 | C95: MM | D95: ﾐｬﾝﾏｰ | E95: JA15H1008P | G95: JICA調査 | H95: J1 | I95: KH | O95: 最新 | P95: 10913400 | Q95: 0 | R95: 10913400 | S95: =P95-Q95-R95 -> 0 | T95: 10913400 | U95: 0 | V95: =P95-U95 -> 10913400 | W95: 実績 | X95: 0 | Y95: 0 | Z95: 0 | AA95: 0 | AB95: 0 | AC95: 0 | AD95: 0 | AE95: =SUM(X95:AD95) -> 0 | AH95: 10913400 | AI95: - | AJ95: 0 | AK95: =AL95-+AH95 -> 0 | AL95: =Q95+R95 -> 10913400
B96: A09 | C96: MM | D96: ﾐｬﾝﾏｰ | E96: JA15H1008P | G96: JICA調査 | H96: J1 | I96: KH | O96: 差 | P96: =P94-+P95 -> 0 | Q96: =Q94-+Q95 -> 0 | R96: =R94-+R95 -> 0 | T96: =T94-+T95 -> 0 | U96: =U94-+U95 -> 0 | V96: =V94-+V95 -> 0 | W96: 差 | X96: =X94-+X95 -> 0 | Y96: =Y94-+Y95 -> 0 | Z96: =Z94-+Z95 -> 0 | AA96: =AA94-+AA95 -> 0 | AB96: =AB94-+AB95 -> 0 | AC96: =AC94-+AC95 -> 0 | AD96: =AD94-+AD95 -> 0 | AE96: =SUM(X96:AD96) -> 0 | AH96: =AH94-+AH95 -> 0 | AI96: - | AJ96: =AJ94-+AJ95 -> 0 | AK96: =AK94-+AK95 -> 0 | AL96: =AL94-+AL95 -> 0
A97: JA15E1042P | B97: A09 | C97: MM | D97: ﾐｬﾝﾏｰ | E97: JA15E1042P | F97: ﾐｬﾝﾏｰ国ﾃｨﾗﾜ経済特区ｿﾞｰﾝA肥料製造工場建設事業環境影響評価業務 | G97: 民間 | H97: J1 | I97: KE | M97: 内桶 | N97: 2016/6月期完成 | O97: 16/6末 | P97: 3167205 | Q97: 0 | R97: =P97-Q97 -> 3167205 | S97: 0 | T97: 0 | U97: 0 | V97: =P97-U97 -> 3167205 | W97: 予定 | X97: =X98 -> 3167205 | AE97: =SUM(X97:AD97) -> 3167205 | AF97: 入金完了 | AH97: 0 | AI97: - | AJ97: 28500 | AK97: =AL97-+AH97 -> 3167205 | AL97: =Q97+R97 -> 3167205
B98: A09 | C98: MM | D98: ﾐｬﾝﾏｰ | E98: JA15E1042P | G98: 民間 | H98: J1 | I98: KE | O98: 最新 | P98: 0 | Q98: 0 | R98: 0 | S98: =P98-Q98-R98 -> 0 | T98: 0 | U98: 0 | V98: =P98-U98 -> 0 | W98: 実績 | X98: 3167205 | Y98: 0 | Z98: 0 | AA98: 0 | AB98: 0 | AC98: 0 | AD98: 0 | AE98: =SUM(X98:AD98) -> 3167205 | AH98: 0 | AI98: - | AJ98: 0 | AK98: =AL98-+AH98 -> 0 | AL98: =Q98+R98 -> 0
B99: A09 | C99: MM | D99: ﾐｬﾝﾏｰ | E99: JA15E1042P | G99: 民間 | H99: J1 | I99: KE | O99: 差 | P99: =P97-+P98 -> 3167205 | Q99: =Q97-+Q98 -> 0 | R99: =R97-+R98 -> 3167205 | T99: =T97-+T98 -> 0 | U99: =U97-+U98 -> 0 | V99: =V97-+V98 -> 3167205 | W99: 差 | X99: =X97-+X98 -> 0 | Y99: =Y97-+Y98 -> 0 | Z99: =Z97-+Z98 -> 0 | AA99: =AA97-+AA98 -> 0 | AB99: =AB97-+AB98 -> 0 | AC99: =AC97-+AC98 -> 0 | AD99: =AD97-+AD98 -> 0 | AE99: =SUM(X99:AD99) -> 0 | AH99: =AH97-+AH98 -> 0 | AI99: 0 | AJ99: =AJ97-+AJ98 -> 28500 | AK99: =AK97-+AK98 -> 3167205 | AL99: =AL97-+AL98 -> 3167205
A100: JA16E1029P | B100: A11 | C100: MV | D100: ﾓﾙﾃﾞｨﾌﾞ | E100: JA16E1029P | F100: ﾓﾙﾃﾞｨﾌﾞ国ｱｯﾄﾞｩ環礁におけるｽﾏｰﾄﾏｲｸﾛｸﾞﾘｯﾄﾞｼｽﾃﾑ | G100: ｱｼﾞｱ開発銀行 | H100: J1 | I100: KE | M100: 内桶 | N100: 継続 | O100: 16/6末 | P100: 2144587 | Q100: 0 | R100: =P100-Q100 -> 2144587 | S100: 0 | T100: 2144587 | U100: 0 | V100: =P100-U100 -> 2144587 | W100: 予定 | X100: =X101 -> 0 | AE100: =SUM(X100:AD100) -> 0 | AF100: 0 | AH100: 0 | AI100: USD | AJ100: 19240 | AK100: =AL100-+AH100 -> 2144587 | AL100: =Q100+R100 -> 2144587
B101: A11 | C101: MV | D101: ﾓﾙﾃﾞｨﾌﾞ | E101: JA16E1029P | G101: ｱｼﾞｱ開発銀行 | H101: J1 | I101: KE | O101: 最新 | P101: 2144587 | Q101: 0 | R101: 2144587 | S101: =P101-Q101-R101 -> 0 | T101: 2144587 | U101: 0 | V101: =P101-U101 -> 2144587 | W101: 実績 | X101: 0 | Y101: 0 | Z101: 0 | AA101: 0 | AB101: 0 | AC101: 0 | AD101: 0 | AE101: =SUM(X101:AD101) -> 0 | AH101: 0 | AI101: USD | AJ101: 19240 | AK101: =AL101-+AH101 -> 2144587 | AL101: =Q101+R101 -> 2144587
B102: A11 | C102: MV | D102: ﾓﾙﾃﾞｨﾌﾞ | E102: JA16E1029P | G102: ｱｼﾞｱ開発銀行 | H102: J1 | I102: KE | O102: 差 | P102: =P100-+P101 -> 0 | Q102: =Q100-+Q101 -> 0 | R102: =R100-+R101 -> 0 | T102: =T100-+T101 -> 0 | U102: =U100-+U101 -> 0 | V102: =V100-+V101 -> 0 | W102: 差 | X102: =X100-+X101 -> 0 | Y102: =Y100-+Y101 -> 0 | Z102: =Z100-+Z101 -> 0 | AA102: =AA100-+AA101 -> 0 | AB102: =AB100-+AB101 -> 0 | AC102: =AC100-+AC101 -> 0 | AD102: =AD100-+AD101 -> 0 | AE102: =SUM(X102:AD102) -> 0 | AH102: =AH100-+AH101 -> 0 | AI102: - | AJ102: =AJ100-+AJ101 -> 0 | AK102: =AK100-+AK101 -> 0 | AL102: =AL100-+AL101 -> 0
...

Sheet J２
E2: 売掛金未回収残高一覧（2016年7月）
J3: 担当者 | O3: 2016年6月末残高／最新残高 | W3: 2016年6月末売掛金 回収予定/実績 | AH3: 参考）売掛金残高(13)の通貨別内訳
A4: 並び順 | B4: 国順 コード | C4: 国 コード | D4: 国名 | E4: プロジェクト コード | F4: プロジェクト名称 | G4: 資金源 | H4: 主管事業部 | I4: 主管部 | J4: 事業部・部 | K4: 営業部 | L4: 海外事務所 | M4: 業務部(事務担当) | N4: 作業終了／継続 | P4: 売掛金 残高 | Q4: うち2015年12月以前の売掛金 | R4: うち2016年1月から6月までの売掛金 | S4: うち2016年7月以降の売掛金 | T4: うち 未請求 | U4: 前受金 残高 | V4: 未収残高（売掛－前受） | X4: 2016年 7月 | Y4: 2016年 8月 | Z4: 2016年 9月 | AA4: 2016年 10月 | AB4: 2016年 11月 | AC4: 2016年 12月 | AD4: 2017年 1月以降 | AE4: 計 | AF4: 備考 | AH4: 円貨 | AI4: 通貨 コード | AJ4: 外貨／ 現地貨 | AK4: 外貨／ 現地貨 円相当 | AL4: 円相当 合計
D6: 項目番号(1) | E6: (2) | F6: (3) | G6: (4) | H6: (5) | I6: (6) | J6: (7) | K6: (8) | L6: (9) | M6: (10) | N6: (11) | O6: (12) | P6: (13) | Q6: (14) | R6: (15) | S6: (16) | T6: (17) | U6: (18) | V6: (19) | W6: (20) | X6: (21) | Y6: (22) | Z6: (23) | AA6: (24) | AB6: (25) | AC6: (26) | AD6: (27) | AE6: (28) | AF6: (29) | AH6: b1 | AJ6: b2 | AK6: b2' | AL6: b1+b2'=(13)
A7: JA14R1014P | B7: A02 | C7: BD | D7: ﾊﾞﾝｸﾞﾗﾃﾞｼｭ | E7: JA14R1014P | F7: ﾊﾞﾝｸﾞﾗﾃﾞｼｭ国ﾀﾞｯｶ都市交通ﾏﾈｼﾞﾒﾝﾄﾌﾟﾛｼﾞｪｸﾄ | G7: JICA調査 | H7: J2 | I7: KR | J7: 大園 | K7: 小泉 | L7: 田中 | M7: 岡島 | N7: 継続 | O7: 16/6末 | P7: 5952204 | Q7: 5952204 | R7: =P7-Q7 -> 0 | S7: 0 | T7: 0 | U7: 40801300 | V7: =P7-U7 -> -34849096 | W7: 予定 | X7: =X8 -> 0 | AE7: =SUM(X7:AD7) -> 0 | AF7: JICA部分払につき未収金は最終精算確定後回収予定 | AH7: 5952204 | AI7: - | AJ7: 0 | AK7: =AL7-+AH7 -> 0 | AL7: =Q7+R7 -> 5952204
B8: A02 | C8: BD | D8: ﾊﾞﾝｸﾞﾗﾃﾞｼｭ | E8: JA14R1014P | G8: JICA調査 | H8: J2 | I8: KR | O8: 最新 | P8: 5952204 | Q8: 5952204 | R8: 0 | S8: =P8-Q8-R8 -> 0 | T8: 0 | U8: 40801300 | V8: =P8-U8 -> -34849096 | W8: 実績 | X8: 0 | Y8: 0 | Z8: 0 | AA8: 0 | AB8: 0 | AC8: 0 | AD8: 0 | AE8: =SUM(X8:AD8) -> 0 | AH8: 5952204 | AI8: - | AJ8: 0 | AK8: =AL8-+AH8 -> 0 | AL8: =Q8+R8 -> 5952204
B9: A02 | C9: BD | D9: ﾊﾞﾝｸﾞﾗﾃﾞｼｭ | E9: JA14R1014P | G9: JICA調査 | H9: J2 | I9: KR | O9: 差 | P9: =P7-+P8 -> 0 | Q9: =Q7-+Q8 -> 0 | R9: =R7-+R8 -> 0 | T9: =T7-+T8 -> 0 | U9: =U7-+U8 -> 0 | V9: =V7-+V8 -> 0 | W9: 差 | X9: =X7-+X8 -> 0 | Y9: =Y7-+Y8 -> 0 | Z9: =Z7-+Z8 -> 0 | AA9: =AA7-+AA8 -> 0 | AB9: =AB7-+AB8 -> 0 | AC9: =AC7-+AC8 -> 0 | AD9: =AD7-+AD8 -> 0 | AE9: =SUM(X9:AD9) -> 0 | AH9: =AH7-+AH8 -> 0 | AI9: - | AJ9: =AJ7-+AJ8 -> 0 | AK9: =AK7-+AK8 -> 0 | AL9: =AL7-+AL8 -> 0
A10: JA14X1022P | B10: A02 | C10: BD | D10: ﾊﾞﾝｸﾞﾗﾃﾞｼｭ | E10: JA14X1022P | F10: ﾊﾞﾝｸﾞﾗﾃﾞｼｭ国ﾏﾀﾊﾞﾘ石炭火力発電所設計･施工監理業務 | G10: JICA円借款 | H10: J2 | I10: KX | J10: 飯沼 | K10: 小泉 | L10: 田中 | M10: 岡島 | N10: 継続 | O10: 16/6末 | P10: 63653698 | Q10: 0 | R10: =P10-Q10 -> 63653698 | S10: 0 | T10: 15871815 | U10: 0 | V10: =P10-U10 -> 63653698 | W10: 予定 | X10: =X11 -> 25047473 | AE10: =SUM(X10:AD10) -> 25047473 | AF10: 0 | AH10: 59379064 | AI10: BDT | AJ10: 2988167.3 | AK10: =AL10-+AH10 -> 4274634 | AL10: =Q10+R10 -> 63653698
B11: A02 | C11: BD | D11: ﾊﾞﾝｸﾞﾗﾃﾞｼｭ | E11: JA14X1022P | G11: JICA円借款 | H11: J2 | I11: KX | O11: 最新 | P11: 38606225 | Q11: 0 | R11: 38606225 | S11: =P11-Q11-R11 -> 0 | T11: 15871815 | U11: 0 | V11: =P11-U11 -> 38606225 | W11: 実績 | X11: 25047473 | Y11: 0 | Z11: 0 | AA11: 0 | AB11: 0 | AC11: 0 | AD11: 0 | AE11: =SUM(X11:AD11) -> 25047473 | AH11: 35339939 | AI11: BDT | AJ11: 2294224.1 | AK11: =AL11-+AH11 -> 3266286 | AL11: =Q11+R11 -> 38606225
B12: A02 | C12: BD | D12: ﾊﾞﾝｸﾞﾗﾃﾞｼｭ | E12: JA14X1022P | G12: JICA円借款 | H12: J2 | I12: KX | O12: 差 | P12: =P10-+P11 -> 25047473 | Q12: =Q10-+Q11 -> 0 | R12: =R10-+R11 -> 25047473 | T12: =T10-+T11 -> 0 | U12: =U10-+U11 -> 0 | V12: =V10-+V11 -> 25047473 | W12: 差 | X12: =X10-+X11 -> 0 | Y12: =Y10-+Y11 -> 0 | Z12: =Z10-+Z11 -> 0 | AA12: =AA10-+AA11 -> 0 | AB12: =AB10-+AB11 -> 0 | AC12: =AC10-+AC11 -> 0 | AD12: =AD10-+AD11 -> 0 | AE12: =SUM(X12:AD12) -> 0 | AH12: =AH10-+AH11 -> 24039125 | AI12: 35339939 | AJ12: =AJ10-+AJ11 -> 693943.21 | AK12: =AK10-+AK11 -> 1008348 | AL12: =AL10-+AL11 -> 25047473
A13: JA16X1007P | B13: A02 | C13: BD | D13: ﾊﾞﾝｸﾞﾗﾃﾞｼｭ | E13: JA16X1007P | F13: ﾊﾞﾝｸﾞﾗﾃﾞｼｭ国電力ﾏｽﾀｰﾌﾟﾗﾝ改訂に係る情報収集･確認調査 | G13: JICA調査 | H13: J2 | I13: KX | M13: 岡島 | N13: 継続 | O13: 16/6末 | P13: 2510560 | Q13: 0 | R13: =P13-Q13 -> 2510560 | S13: 0 | T13: 2510560 | U13: 0 | V13: =P13-U13 -> 2510560 | W13: 予定 | X13: =X14 -> 0 | AE13: =SUM(X13:AD13) -> 0 | AF13: 0 | AH13: 2510560 | AI13: - | AJ13: 0 | AK13: =AL13-+AH13 -> 0 | AL13: =Q13+R13 -> 2510560
B14: A02 | C14: BD | D14: ﾊﾞﾝｸﾞﾗﾃﾞｼｭ | E14: JA16X1007P | G14: JICA調査 | H14: J2 | I14: KX | O14: 最新 | P14: 2510560 | Q14: 0 | R14: 2510560 | S14: =P14-Q14-R14 -> 0 | T14: 2510560 | U14: 0 | V14: =P14-U14 -> 2510560 | W14: 実績 | X14: 0 | Y14: 0 | Z14: 0 | AA14: 0 | AB14: 0 | AC14: 0 | AD14: 0 | AE14: =SUM(X14:AD14) -> 0 | AH14: 2510560 | AI14: - | AJ14: 0 | AK14: =AL14-+AH14 -> 0 | AL14: =Q14+R14 -> 2510560
B15: A02 | C15: BD | D15: ﾊﾞﾝｸﾞﾗﾃﾞｼｭ | E15: JA16X1007P | G15: JICA調査 | H15: J2 | I15: KX | O15: 差 | P15: =P13-+P14 -> 0 | Q15: =Q13-+Q14 -> 0 | R15: =R13-+R14 -> 0 | T15: =T13-+T14 -> 0 | U15: =U13-+U14 -> 0 | V15: =V13-+V14 -> 0 | W15: 差 | X15: =X13-+X14 -> 0 | Y15: =Y13-+Y14 -> 0 | Z15: =Z13-+Z14 -> 0 | AA15: =AA13-+AA14 -> 0 | AB15: =AB13-+AB14 -> 0 | AC15: =AC13-+AC14 -> 0 | AD15: =AD13-+AD14 -> 0 | AE15: =SUM(X15:AD15) -> 0 | AH15: =AH13-+AH14 -> 0 | AI15: - | AJ15: =AJ13-+AJ14 -> 0 | AK15: =AK13-+AK14 -> 0 | AL15: =AL13-+AL14 -> 0
A16: JA15X1006P | B16: A03 | C16: ID | D16: ｲﾝﾄﾞﾈｼｱ | E16: JA15X1006P | F16: ｲﾝﾄﾞﾈｼｱ国ﾏﾝﾔｰ･ｸﾞﾚｼｯｸ港ﾀｰﾐﾅﾙ開発ﾏｽﾀｰﾌﾟﾗﾝﾚﾋﾞｭｰ | G16: 民間 | H16: J2 | I16: KX | M16: 岡島 | N16: 2016/6月期完成 | O16: 16/6末 | P16: 10030000 | Q16: 10030000 | R16: =P16-Q16 -> 0 | S16: 0 | T16: 10030000 | U16: 0 | V16: =P16-U16 -> 10030000 | W16: 予定 | X16: =X17 -> 0 | AE16: =SUM(X16:AD16) -> 0 | AF16: 0 | AH16: 10030000 | AI16: - | AJ16: 0 | AK16: =AL16-+AH16 -> 0 | AL16: =Q16+R16 -> 10030000
B17: A03 | C17: ID | D17: ｲﾝﾄﾞﾈｼｱ | E17: JA15X1006P | G17: 民間 | H17: J2 | I17: KX | O17: 最新 | P17: 10030000 | Q17: 10030000 | R17: 0 | S17: =P17-Q17-R17 -> 0 | T17: 10030000 | U17: 0 | V17: =P17-U17 -> 10030000 | W17: 実績 | X17: 0 | Y17: 0 | Z17: 0 | AA17: 0 | AB17: 0 | AC17: 0 | AD17: 0 | AE17: =SUM(X17:AD17) -> 0 | AH17: 10030000 | AI17: - | AJ17: 0 | AK17: =AL17-+AH17 -> 0 | AL17: =Q17+R17 -> 10030000
B18: A03 | C18: ID | D18: ｲﾝﾄﾞﾈｼｱ | E18: JA15X1006P | G18: 民間 | H18: J2 | I18: KX | O18: 差 | P18: =P16-+P17 -> 0 | Q18: =Q16-+Q17 -> 0 | R18: =R16-+R17 -> 0 | T18: =T16-+T17 -> 0 | U18: =U16-+U17 -> 0 | V18: =V16-+V17 -> 0 | W18: 差 | X18: =X16-+X17 -> 0 | Y18: =Y16-+Y17 -> 0 | Z18: =Z16-+Z17 -> 0 | AA18: =AA16-+AA17 -> 0 | AB18: =AB16-+AB17 -> 0 | AC18: =AC16-+AC17 -> 0 | AD18: =AD16-+AD17 -> 0 | AE18: =SUM(X18:AD18) -> 0 | AH18: =AH16-+AH17 -> 0 | AI18: - | AJ18: =AJ16-+AJ17 -> 0 | AK18: =AK16-+AK17 -> 0 | AL18: =AL16-+AL17 -> 0
A19: JA05O1010P | B19: A03 | C19: ID | D19: ｲﾝﾄﾞﾈｼｱ | E19: JA05O1010P | F19: ﾀﾝｼﾞｭﾝ･ﾌﾟﾘｵｸ･ｱｸｾｽ道路建設計画設計･監督 | G19: JICA円借款 | H19: J2 | I19: KR | J19: 中川/河村 | K19: 田村 | L19: 斎藤 | M19: 黒井 | N19: 継続 | O19: 16/6末 | P19: 5831154 | Q19: 5831154 | R19: =P19-Q19 -> 0 | S19: 0 | T19: 5831154 | U19: 0 | V19: =P19-U19 -> 5831154 | W19: 予定 | X19: =X20 -> 0 | AE19: =SUM(X19:AD19) -> 0 | AF19: 0 | AH19: 4137870 | AI19: IDR | AJ19: 189830002 | AK19: =AL19-+AH19 -> 1693284 | AL19: =Q19+R19 -> 5831154
B20: A03 | C20: ID | D20: ｲﾝﾄﾞﾈｼｱ | E20: JA05O1010P | G20: JICA円借款 | H20: J2 | I20: KR | O20: 最新 | P20: 5831154 | Q20: 5831154 | R20: 0 | S20: =P20-Q20-R20 -> 0 | T20: 5831154 | U20: 0 | V20: =P20-U20 -> 5831154 | W20: 実績 | X20: 0 | Y20: 0 | Z20: 0 | AA20: 0 | AB20: 0 | AC20: 0 | AD20: 0 | AE20: =SUM(X20:AD20) -> 0 | AH20: 4137870 | AI20: IDR | AJ20: 189830002 | AK20: =AL20-+AH20 -> 1693284 | AL20: =Q20+R20 -> 5831154
B21: A03 | C21: ID | D21: ｲﾝﾄﾞﾈｼｱ | E21: JA05O1010P | G21: JICA円借款 | H21: J2 | I21: KR | O21: 差 | P21: =P19-+P20 -> 0 | Q21: =Q19-+Q20 -> 0 | R21: =R19-+R20 -> 0 | T21: =T19-+T20 -> 0 | U21: =U19-+U20 -> 0 | V21: =V19-+V20 -> 0 | W21: 差 | X21: =X19-+X20 -> 0 | Y21: =Y19-+Y20 -> 0 | Z21: =Z19-+Z20 -> 0 | AA21: =AA19-+AA20 -> 0 | AB21: =AB19-+AB20 -> 0 | AC21: =AC19-+AC20 -> 0 | AD21: =AD19-+AD20 -> 0 | AE21: =SUM(X21:AD21) -> 0 | AH21: =AH19-+AH20 -> 0 | AI21: - | AJ21: =AJ19-+AJ20 -> 0 | AK21: =AK19-+AK20 -> 0 | AL21: =AL19-+AL20 -> 0
A22: JA16D1004P | B22: A03 | C22: ID | D22: ｲﾝﾄﾞﾈｼｱ | E22: JA16D1004P | F22: ｱｼﾞｱ地域ASEAN地域強靭な都市づくりに関する情報収集･確認調査 | G22: JICA調査 | H22: J2 | I22: KD | M22: 岡島 | N22: 継続 | O22: 16/6末 | P22: 39215880 | Q22: 0 | R22: =P22-Q22 -> 39215880 | S22: 0 | T22: 0 | U22: 109457000 | V22: =P22-U22 -> -70241120 | W22: 予定 | X22: =X23 -> 35294292 | AE22: =SUM(X22:AD22) -> 35294292 | AF22: JICA部分払につき未収金は最終精算確定後回収予定 | AH22: 39215880 | AI22: - | AJ22: 0 | AK22: =AL22-+AH22 -> 0 | AL22: =Q22+R22 -> 39215880
B23: A03 | C23: ID | D23: ｲﾝﾄﾞﾈｼｱ | E23: JA16D1004P | G23: JICA調査 | H23: J2 | I23: KD | O23: 最新 | P23: 3921588 | Q23: 0 | R23: 3921588 | S23: =P23-Q23-R23 -> 0 | T23: 0 | U23: 94016100 | V23: =P23-U23 -> -90094512 | W23: 実績 | X23: 35294292 | Y23: 0 | Z23: 0 | AA23: 0 | AB23: 0 | AC23: 0 | AD23: 0 | AE23: =SUM(X23:AD23) -> 35294292 | AH23: 3921588 | AI23: - | AJ23: 0 | AK23: =AL23-+AH23 -> 0 | AL23: =Q23+R23 -> 3921588
B24: A03 | C24: ID | D24: ｲﾝﾄﾞﾈｼｱ | E24: JA16D1004P | G24: JICA調査 | H24: J2 | I24: KD | O24: 差 | P24: =P22-+P23 -> 35294292 | Q24: =Q22-+Q23 -> 0 | R24: =R22-+R23 -> 35294292 | T24: =T22-+T23 -> 0 | U24: =U22-+U23 -> 15440900 | V24: =V22-+V23 -> 19853392 | W24: 差 | X24: =X22-+X23 -> 0 | Y24: =Y22-+Y23 -> 0 | Z24: =Z22-+Z23 -> 0 | AA24: =AA22-+AA23 -> 0 | AB24: =AB22-+AB23 -> 0 | AC24: =AC22-+AC23 -> 0 | AD24: =AD22-+AD23 -> 0 | AE24: =SUM(X24:AD24) -> 0 | AH24: =AH22-+AH23 -> 35294292 | AI24: - | AJ24: =AJ22-+AJ23 -> 0 | AK24: =AK22-+AK23 -> 0 | AL24: =AL22-+AL23 -> 35294292
A25: JA14R1012P | B25: A03 | C25: ID | D25: ｲﾝﾄﾞﾈｼｱ | E25: JA14R1012P | F25: ｲﾝﾄﾞﾈｼｱ国ｼﾞｬｶﾙﾀ国際ｺﾝﾃﾅﾀｰﾐﾅﾙ(JICT)拡張計画(Phase 6,7,8 & 10) | G25: 民間 | H25: J2 | I25: KR | J25: モンタニョ | K25: 小泉 | L25: 斎藤 | M25: 岡島 | N25: 継続 | O25: 16/6末 | P25: 31225753 | Q25: 0 | R25: =P25-Q25 -> 31225753 | S25: 0 | T25: 19843059 | U25: 0 | V25: =P25-U25 -> 31225753 | W25: 予定 | X25: =X26 -> -489155 | AE25: =SUM(X25:AD25) -> -489155 | AF25: 0 | AH25: 0 | AI25: USD | AJ25: 279477.58 | AK25: =AL25-+AH25 -> 31225753 | AL25: =Q25+R25 -> 31225753
B26: A03 | C26: ID | D26: ｲﾝﾄﾞﾈｼｱ | E26: JA14R1012P | G26: 民間 | H26: J2 | I26: KR | O26: 最新 | P26: 31714908 | Q26: 0 | R26: 31714908 | S26: =P26-Q26-R26 -> 0 | T26: 7766765 | U26: 0 | V26: =P26-U26 -> 31714908 | W26: 実績 | X26: -489155 | Y26: 0 | Z26: 0 | AA26: 0 | AB26: 0 | AC26: 0 | AD26: 0 | AE26: =SUM(X26:AD26) -> -489155 | AH26: 0 | AI26: USD | AJ26: 283866 | AK26: =AL26-+AH26 -> 31714908 | AL26: =Q26+R26 -> 31714908
B27: A03 | C27: ID | D27: ｲﾝﾄﾞﾈｼｱ | E27: JA14R1012P | G27: 民間 | H27: J2 | I27: KR | O27: 差 | P27: =P25-+P26 -> -489155 | Q27: =Q25-+Q26 -> 0 | R27: =R25-+R26 -> -489155 | T27: =T25-+T26 -> 12076294 | U27: =U25-+U26 -> 0 | V27: =V25-+V26 -> -489155 | W27: 差 | X27: =X25-+X26 -> 0 | Y27: =Y25-+Y26 -> 0 | Z27: =Z25-+Z26 -> 0 | AA27: =AA25-+AA26 -> 0 | AB27: =AB25-+AB26 -> 0 | AC27: =AC25-+AC26 -> 0 | AD27: =AD25-+AD26 -> 0 | AE27: =SUM(X27:AD27) -> 0 | AH27: =AH25-+AH26 -> 0 | AI27: 0 | AJ27: =AJ25-+AJ26 -> -4388.42 | AK27: =AK25-+AK26 -> -489155 | AL27: =AL25-+AL26 -> -489155
A28: JA12X1002P | B28: A03 | C28: ID | D28: ｲﾝﾄﾞﾈｼｱ | E28: JA12X1002P | F28: ｲﾝﾄﾞﾈｼｱ国ﾄﾞﾝｷﾞｽﾉﾛLNG海象条件検討業務 | G28: 民間 | H28: J2 | I28: KX | M28: 岡島 | N28: 2016/6月期完成 | O28: 16/6末 | P28: 27000173 | Q28: 0 | R28: =P28-Q28 -> 27000173 | S28: 0 | T28: 0 | U28: 0 | V28: =P28-U28 -> 27000173 | W28: 予定 | X28: =X29 -> 0 | AE28: =SUM(X28:AD28) -> 0 | AF28: 0 | AH28: 0 | AI28: USD | AJ28: 242960.25 | AK28: =AL28-+AH28 -> 27000173 | AL28: =Q28+R28 -> 27000173
B29: A03 | C29: ID | D29: ｲﾝﾄﾞﾈｼｱ | E29: JA12X1002P | G29: 民間 | H29: J2 | I29: KX | O29: 最新 | P29: 27000173 | Q29: 0 | R29: 27000173 | S29: =P29-Q29-R29 -> 0 | T29: 0 | U29: 0 | V29: =P29-U29 -> 27000173 | W29: 実績 | X29: 0 | Y29: 0 | Z29: 0 | AA29: 0 | AB29: 0 | AC29: 0 | AD29: 0 | AE29: =SUM(X29:AD29) -> 0 | AH29: 0 | AI29: USD | AJ29: 242960.25 | AK29: =AL29-+AH29 -> 27000173 | AL29: =Q29+R29 -> 27000173
B30: A03 | C30: ID | D30: ｲﾝﾄﾞﾈｼｱ | E30: JA12X1002P | G30: 民間 | H30: J2 | I30: KX | O30: 差 | P30: =P28-+P29 -> 0 | Q30: =Q28-+Q29 -> 0 | R30: =R28-+R29 -> 0 | T30: =T28-+T29 -> 0 | U30: =U28-+U29 -> 0 | V30: =V28-+V29 -> 0 | W30: 差 | X30: =X28-+X29 -> 0 | Y30: =Y28-+Y29 -> 0 | Z30: =Z28-+Z29 -> 0 | AA30: =AA28-+AA29 -> 0 | AB30: =AB28-+AB29 -> 0 | AC30: =AC28-+AC29 -> 0 | AD30: =AD28-+AD29 -> 0 | AE30: =SUM(X30:AD30) -> 0 | AH30: =AH28-+AH29 -> 0 | AI30: - | AJ30: =AJ28-+AJ29 -> 0 | AK30: =AK28-+AK29 -> 0 | AL30: =AL28-+AL29 -> 0
A31: JA16D1027P | B31: A03 | C31: ID | D31: ｲﾝﾄﾞﾈｼｱ | E31: JA16D1027P | F31: ｲﾝﾄﾞﾈｼｱ国ｸﾞﾘｰﾝﾗﾝﾄﾞ工業団地技術ｱﾄﾞﾊﾞｲｻﾞﾘｰｻｰﾋﾞｽ(No.10) | G31: 民間 | H31: J2 | I31: KD | M31: 岡島 | N31: 継続 | O31: 16/6末 | P31: 18197016 | Q31: 0 | R31: =P31-Q31 -> 18197016 | S31: 0 | T31: 18197016 | U31: 0 | V31: =P31-U31 -> 18197016 | W31: 予定 | X31: =X32 -> 0 | AE31: =SUM(X31:AD31) -> 0 | AF31: 0 | AH31: 18197016 | AI31: - | AJ31: 0 | AK31: =AL31-+AH31 -> 0 | AL31: =Q31+R31 -> 18197016
B32: A03 | C32: ID | D32: ｲﾝﾄﾞﾈｼｱ | E32: JA16D1027P | G32: 民間 | H32: J2 | I32: KD | O32: 最新 | P32: 18197016 | Q32: 0 | R32: 18197016 | S32: =P32-Q32-R32 -> 0 | T32: 18197016 | U32: 0 | V32: =P32-U32 -> 18197016 | W32: 実績 | X32: 0 | Y32: 0 | Z32: 0 | AA32: 0 | AB32: 0 | AC32: 0 | AD32: 0 | AE32: =SUM(X32:AD32) -> 0 | AH32: 18197016 | AI32: - | AJ32: 0 | AK32: =AL32-+AH32 -> 0 | AL32: =Q32+R32 -> 18197016
B33: A03 | C33: ID | D33: ｲﾝﾄﾞﾈｼｱ | E33: JA16D1027P | G33: 民間 | H33: J2 | I33: KD | O33: 差 | P33: =P31-+P32 -> 0 | Q33: =Q31-+Q32 -> 0 | R33: =R31-+R32 -> 0 | T33: =T31-+T32 -> 0 | U33: =U31-+U32 -> 0 | V33: =V31-+V32 -> 0 | W33: 差 | X33: =X31-+X32 -> 0 | Y33: =Y31-+Y32 -> 0 | Z33: =Z31-+Z32 -> 0 | AA33: =AA31-+AA32 -> 0 | AB33: =AB31-+AB32 -> 0 | AC33: =AC31-+AC32 -> 0 | AD33: =AD31-+AD32 -> 0 | AE33: =SUM(X33:AD33) -> 0 | AH33: =AH31-+AH32 -> 0 | AI33: - | AJ33: =AJ31-+AJ32 -> 0 | AK33: =AK31-+AK32 -> 0 | AL33: =AL31-+AL32 -> 0
A34: JA16U1002P | B34: A03 | C34: ID | D34: ｲﾝﾄﾞﾈｼｱ | E34: JA16U1002P | F34: ｲﾝﾄﾞﾈｼｱ国ｸﾞﾘｰﾝﾗﾝﾄﾞ国際工業団地技術ｱﾄﾞﾊﾞｲｻﾞﾘｰｻｰﾋﾞｽ(No.8) | G34: 民間 | H34: J2 | I34: KD | J34: 河合 | K34: 小泉 | L34: 斎藤 | M34: 岡島 | N34: 2016/6月期完成 | O34: 16/6末 | P34: 14605785 | Q34: 0 | R34: =P34-Q34 -> 14605785 | S34: 0 | T34: 14605785 | U34: 7631915 | V34: =P34-U34 -> 6973870 | W34: 予定 | X34: =X35 -> 0 | AE34: =SUM(X34:AD34) -> 0 | AF34: 0 | AH34: 14605785 | AI34: - | AJ34: 0 | AK34: =AL34-+AH34 -> 0 | AL34: =Q34+R34 -> 14605785
B35: A03 | C35: ID | D35: ｲﾝﾄﾞﾈｼｱ | E35: JA16U1002P | G35: 民間 | H35: J2 | I35: KD | O35: 最新 | P35: 14605785 | Q35: 0 | R35: 14605785 | S35: =P35-Q35-R35 -> 0 | T35: 14605785 | U35: 7631915 | V35: =P35-U35 -> 6973870 | W35: 実績 | X35: 0 | Y35: 0 | Z35: 0 | AA35: 0 | AB35: 0 | AC35: 0 | AD35: 0 | AE35: =SUM(X35:AD35) -> 0 | AH35: 14605785 | AI35: - | AJ35: 0 | AK35: =AL35-+AH35 -> 0 | AL35: =Q35+R35 -> 14605785
B36: A03 | C36: ID | D36: ｲﾝﾄﾞﾈｼｱ | E36: JA16U1002P | G36: 民間 | H36: J2 | I36: KD | O36: 差 | P36: =P34-+P35 -> 0 | Q36: =Q34-+Q35 -> 0 | R36: =R34-+R35 -> 0 | T36: =T34-+T35 -> 0 | U36: =U34-+U35 -> 0 | V36: =V34-+V35 -> 0 | W36: 差 | X36: =X34-+X35 -> 0 | Y36: =Y34-+Y35 -> 0 | Z36: =Z34-+Z35 -> 0 | AA36: =AA34-+AA35 -> 0 | AB36: =AB34-+AB35 -> 0 | AC36: =AC34-+AC35 -> 0 | AD36: =AD34-+AD35 -> 0 | AE36: =SUM(X36:AD36) -> 0 | AH36: =AH34-+AH35 -> 0 | AI36: - | AJ36: =AJ34-+AJ35 -> 0 | AK36: =AK34-+AK35 -> 0 | AL36: =AL34-+AL35 -> 0
A37: JA16U1003P | B37: A03 | C37: ID | D37: ｲﾝﾄﾞﾈｼｱ | E37: JA16U1003P | F37: ｲﾝﾄﾞﾈｼｱ国ｸﾞﾘｰﾝﾗﾝﾄﾞ国際工業団地技術ｱﾄﾞﾊﾞｲｻﾞﾘｰｻｰﾋﾞｽ(No.9) | G37: 民間 | H37: J2 | I37: KD | J37: 河合 | K37: 小泉 | L37: 斎藤 | M37: 岡島 | N37: 2016/6月期完成 | O37: 16/6末 | P37: 12933973 | Q37: 0 | R37: =P37-Q37 -> 12933973 | S37: 0 | T37: 12933973 | U37: 4322973 | V37: =P37-U37 -> 8611000 | W37: 予定 | X37: =X38 -> 0 | AE37: =SUM(X37:AD37) -> 0 | AF37: 0 | AH37: 12933973 | AI37: - | AJ37: 0 | AK37: =AL37-+AH37 -> 0 | AL37: =Q37+R37 -> 12933973
B38: A03 | C38: ID | D38: ｲﾝﾄﾞﾈｼｱ | E38: JA16U1003P | G38: 民間 | H38: J2 | I38: KD | O38: 最新 | P38: 12933973 | Q38: 0 | R38: 12933973 | S38: =P38-Q38-R38 -> 0 | T38: 12933973 | U38: 4322973 | V38: =P38-U38 -> 8611000 | W38: 実績 | X38: 0 | Y38: 0 | Z38: 0 | AA38: 0 | AB38: 0 | AC38: 0 | AD38: 0 | AE38: =SUM(X38:AD38) -> 0 | AH38: 12933973 | AI38: - | AJ38: 0 | AK38: =AL38-+AH38 -> 0 | AL38: =Q38+R38 -> 12933973
B39: A03 | C39: ID | D39: ｲﾝﾄﾞﾈｼｱ | E39: JA16U1003P | G39: 民間 | H39: J2 | I39: KD | O39: 差 | P39: =P37-+P38 -> 0 | Q39: =Q37-+Q38 -> 0 | R39: =R37-+R38 -> 0 | T39: =T37-+T38 -> 0 | U39: =U37-+U38 -> 0 | V39: =V37-+V38 -> 0 | W39: 差 | X39: =X37-+X38 -> 0 | Y39: =Y37-+Y38 -> 0 | Z39: =Z37-+Z38 -> 0 | AA39: =AA37-+AA38 -> 0 | AB39: =AB37-+AB38 -> 0 | AC39: =AC37-+AC38 -> 0 | AD39: =AD37-+AD38 -> 0 | AE39: =SUM(X39:AD39) -> 0 | AH39: =AH37-+AH38 -> 0 | AI39: - | AJ39: =AJ37-+AJ38 -> 0 | AK39: =AK37-+AK38 -> 0 | AL39: =AL37-+AL38 -> 0
A40: JA04Q1013P | B40: A04 | C40: IN | D40: ｲﾝﾄﾞ | E40: JA04Q1013P | F40: ﾋﾞｼｬﾌﾟｰﾙ･ｼﾞｬｲﾌﾟｰﾙ水供給計画設計 | G40: JICA円借款 | H40: J2 | I40: KQ | J40: 笹木 | K40: 小泉 | L40: 野村 | M40: 内桶 | N40: 2010/3月期完成 | O40: 16/6末 | P40: 6636739 | Q40: 6636739 | R40: =P40-Q40 -> 0 | S40: 0 | T40: 0 | U40: 0 | V40: =P40-U40 -> 6636739 | W40: 予定 | X40: =X41 -> 0 | AE40: =SUM(X40:AD40) -> 0 | AF40: 0 | AH40: 0 | AI40: INR | AJ40: 3500000 | AK40: =AL40-+AH40 -> 6636739 | AL40: =Q40+R40 -> 6636739
B41: A04 | C41: IN | D41: ｲﾝﾄﾞ | E41: JA04Q1013P | G41: JICA円借款 | H41: J2 | I41: KQ | O41: 最新 | P41: 6636739 | Q41: 6636739 | R41: 0 | S41: =P41-Q41-R41 -> 0 | T41: 0 | U41: 0 | V41: =P41-U41 -> 6636739 | W41: 実績 | X41: 0 | Y41: 0 | Z41: 0 | AA41: 0 | AB41: 0 | AC41: 0 | AD41: 0 | AE41: =SUM(X41:AD41) -> 0 | AH41: 0 | AI41: INR | AJ41: 3500000 | AK41: =AL41-+AH41 -> 6636739 | AL41: =Q41+R41 -> 6636739
B42: A04 | C42: IN | D42: ｲﾝﾄﾞ | E42: JA04Q1013P | G42: JICA円借款 | H42: J2 | I42: KQ | O42: 差 | P42: =P40-+P41 -> 0 | Q42: =Q40-+Q41 -> 0 | R42: =R40-+R41 -> 0 | T42: =T40-+T41 -> 0 | U42: =U40-+U41 -> 0 | V42: =V40-+V41 -> 0 | W42: 差 | X42: =X40-+X41 -> 0 | Y42: =Y40-+Y41 -> 0 | Z42: =Z40-+Z41 -> 0 | AA42: =AA40-+AA41 -> 0 | AB42: =AB40-+AB41 -> 0 | AC42: =AC40-+AC41 -> 0 | AD42: =AD40-+AD41 -> 0 | AE42: =SUM(X42:AD42) -> 0 | AH42: =AH40-+AH41 -> 0 | AI42: - | AJ42: =AJ40-+AJ41 -> 0 | AK42: =AK40-+AK41 -> 0 | AL42: =AL40-+AL41 -> 0
A43: JA13D1013P | B43: A04 | C43: IN | D43: ｲﾝﾄﾞ | E43: JA13D1013P | F43: ｲﾝﾄﾞ国南部ｲﾝﾌﾗﾏｽﾀｰﾌﾟﾗﾝ策定協力準備調査 | G43: JICA調査 | H43: J2 | I43: KD | J43: 今井 | K43: 小泉 | L43: 野村 | M43: 岡島 | N43: 2016/6月期完成 | O43: 16/6末 | P43: 6533576 | Q43: 6533576 | R43: =P43-Q43 -> 0 | S43: 0 | T43: 5294829 | U43: 0 | V43: =P43-U43 -> 6533576 | W43: 予定 | X43: =X44 -> 0 | AE43: =SUM(X43:AD43) -> 0 | AF43: JICA部分払につき未収金は最終精算確定後回収予定 | AH43: 6533576 | AI43: - | AJ43: 0 | AK43: =AL43-+AH43 -> 0 | AL43: =Q43+R43 -> 6533576
B44: A04 | C44: IN | D44: ｲﾝﾄﾞ | E44: JA13D1013P | G44: JICA調査 | H44: J2 | I44: KD | O44: 最新 | P44: 6533576 | Q44: 6533576 | R44: 0 | S44: =P44-Q44-R44 -> 0 | T44: 5294829 | U44: 0 | V44: =P44-U44 -> 6533576 | W44: 実績 | X44: 0 | Y44: 0 | Z44: 0 | AA44: 0 | AB44: 0 | AC44: 0 | AD44: 0 | AE44: =SUM(X44:AD44) -> 0 | AH44: 6533576 | AI44: - | AJ44: 0 | AK44: =AL44-+AH44 -> 0 | AL44: =Q44+R44 -> 6533576
B45: A04 | C45: IN | D45: ｲﾝﾄﾞ | E45: JA13D1013P | G45: JICA調査 | H45: J2 | I45: KD | O45: 差 | P45: =P43-+P44 -> 0 | Q45: =Q43-+Q44 -> 0 | R45: =R43-+R44 -> 0 | T45: =T43-+T44 -> 0 | U45: =U43-+U44 -> 0 | V45: =V43-+V44 -> 0 | W45: 差 | X45: =X43-+X44 -> 0 | Y45: =Y43-+Y44 -> 0 | Z45: =Z43-+Z44 -> 0 | AA45: =AA43-+AA44 -> 0 | AB45: =AB43-+AB44 -> 0 | AC45: =AC43-+AC44 -> 0 | AD45: =AD43-+AD44 -> 0 | AE45: =SUM(X45:AD45) -> 0 | AH45: =AH43-+AH44 -> 0 | AI45: - | AJ45: =AJ43-+AJ44 -> 0 | AK45: =AK43-+AK44 -> 0 | AL45: =AL43-+AL44 -> 0
A46: JA08Q1012P | B46: A04 | C46: IN | D46: ｲﾝﾄﾞ | E46: JA08Q1012P | F46: ｲﾝﾄﾞ国ﾎｹﾞﾅｶﾙ上水道事業設計･監督 | G46: JICA円借款 | H46: J2 | I46: KQ | J46: 笹木 | K46: 小泉 | L46: 野村 | M46: 内桶 | N46: 2014/3月期完成 | O46: 16/6末 | P46: 5494010 | Q46: 5494010 | R46: =P46-Q46 -> 0 | S46: 0 | T46: 0 | U46: 0 | V46: =P46-U46 -> 5494010 | W46: 予定 | X46: =X47 -> 0 | AE46: =SUM(X46:AD46) -> 0 | AF46: 0 | AH46: 4925306 | AI46: INR | AJ46: 385000 | AK46: =AL46-+AH46 -> 568704 | AL46: =Q46+R46 -> 5494010
B47: A04 | C47: IN | D47: ｲﾝﾄﾞ | E47: JA08Q1012P | G47: JICA円借款 | H47: J2 | I47: KQ | O47: 最新 | P47: 5494010 | Q47: 5494010 | R47: 0 | S47: =P47-Q47-R47 -> 0 | T47: 0 | U47: 0 | V47: =P47-U47 -> 5494010 | W47: 実績 | X47: 0 | Y47: 0 | Z47: 0 | AA47: 0 | AB47: 0 | AC47: 0 | AD47: 0 | AE47: =SUM(X47:AD47) -> 0 | AH47: 4925306 | AI47: INR | AJ47: 385000 | AK47: =AL47-+AH47 -> 568704 | AL47: =Q47+R47 -> 5494010
B48: A04 | C48: IN | D48: ｲﾝﾄﾞ | E48: JA08Q1012P | G48: JICA円借款 | H48: J2 | I48: KQ | O48: 差 | P48: =P46-+P47 -> 0 | Q48: =Q46-+Q47 -> 0 | R48: =R46-+R47 -> 0 | T48: =T46-+T47 -> 0 | U48: =U46-+U47 -> 0 | V48: =V46-+V47 -> 0 | W48: 差 | X48: =X46-+X47 -> 0 | Y48: =Y46-+Y47 -> 0 | Z48: =Z46-+Z47 -> 0 | AA48: =AA46-+AA47 -> 0 | AB48: =AB46-+AB47 -> 0 | AC48: =AC46-+AC47 -> 0 | AD48: =AD46-+AD47 -> 0 | AE48: =SUM(X48:AD48) -> 0 | AH48: =AH46-+AH47 -> 0 | AI48: - | AJ48: =AJ46-+AJ47 -> 0 | AK48: =AK46-+AK47 -> 0 | AL48: =AL46-+AL47 -> 0
A49: JA12D1019P | B49: A04 | C49: IN | D49: ｲﾝﾄﾞ | E49: JA12D1019P | F49: ｲﾝﾄﾞ国双日ﾁｪﾝﾅｲ工業団地設計ｱﾄﾞﾊﾞｲｻﾞﾘｰｻｰﾋﾞｽ | G49: 民間 | H49: J2 | I49: KD | J49: 坂下 | K49: 小泉 | L49: 野村 | M49: 黒井 | N49: 継続 | O49: 16/6末 | P49: 1607944 | Q49: 1607944 | R49: =P49-Q49 -> 0 | S49: 0 | T49: 1607944 | U49: 0 | V49: =P49-U49 -> 1607944 | W49: 予定 | X49: =X50 -> 0 | AE49: =SUM(X49:AD49) -> 0 | AF49: 0 | AH49: 0 | AI49: USD | AJ49: 12972 | AK49: =AL49-+AH49 -> 1607944 | AL49: =Q49+R49 -> 1607944
B50: A04 | C50: IN | D50: ｲﾝﾄﾞ | E50: JA12D1019P | G50: 民間 | H50: J2 | I50: KD | O50: 最新 | P50: 1607944 | Q50: 1607944 | R50: 0 | S50: =P50-Q50-R50 -> 0 | T50: 1607944 | U50: 0 | V50: =P50-U50 -> 1607944 | W50: 実績 | X50: 0 | Y50: 0 | Z50: 0 | AA50: 0 | AB50: 0 | AC50: 0 | AD50: 0 | AE50: =SUM(X50:AD50) -> 0 | AH50: 0 | AI50: USD | AJ50: 12972 | AK50: =AL50-+AH50 -> 1607944 | AL50: =Q50+R50 -> 1607944
B51: A04 | C51: IN | D51: ｲﾝﾄﾞ | E51: JA12D1019P | G51: 民間 | H51: J2 | I51: KD | O51: 差 | P51: =P49-+P50 -> 0 | Q51: =Q49-+Q50 -> 0 | R51: =R49-+R50 -> 0 | T51: =T49-+T50 -> 0 | U51: =U49-+U50 -> 0 | V51: =V49-+V50 -> 0 | W51: 差 | X51: =X49-+X50 -> 0 | Y51: =Y49-+Y50 -> 0 | Z51: =Z49-+Z50 -> 0 | AA51: =AA49-+AA50 -> 0 | AB51: =AB49-+AB50 -> 0 | AC51: =AC49-+AC50 -> 0 | AD51: =AD49-+AD50 -> 0 | AE51: =SUM(X51:AD51) -> 0 | AH51: =AH49-+AH50 -> 0 | AI51: - | AJ51: =AJ49-+AJ50 -> 0 | AK51: =AK49-+AK50 -> 0 | AL51: =AL49-+AL50 -> 0
A52: JA15R1006P | B52: A04 | C52: IN | D52: ｲﾝﾄﾞ | E52: JA15R1006P | F52: ｲﾝﾄﾞ国北東州道路網改善事業準備調査 | G52: JICA調査 | H52: J2 | I52: KR | J52: 内藤 長井 | M52: 岡島 | N52: 継続 | O52: 16/6末 | P52: 32582797 | Q52: 0 | R52: =P52-Q52 -> 32582797 | S52: 0 | T52: 0 | U52: 3242550 | V52: =P52-U52 -> 29340247 | W52: 予定 | X52: =X53 -> 0 | AE52: =SUM(X52:AD52) -> 0 | AF52: JICA部分払につき未収金は最終精算確定後回収予定 | AH52: 32582797 | AI52: - | AJ52: 0 | AK52: =AL52-+AH52 -> 0 | AL52: =Q52+R52 -> 32582797
B53: A04 | C53: IN | D53: ｲﾝﾄﾞ | E53: JA15R1006P | G53: JICA調査 | H53: J2 | I53: KR | O53: 最新 | P53: 32582797 | Q53: 0 | R53: 32582797 | S53: =P53-Q53-R53 -> 0 | T53: 0 | U53: 3242550 | V53: =P53-U53 -> 29340247 | W53: 実績 | X53: 0 | Y53: 0 | Z53: 0 | AA53: 0 | AB53: 0 | AC53: 0 | AD53: 0 | AE53: =SUM(X53:AD53) -> 0 | AH53: 32582797 | AI53: - | AJ53: 0 | AK53: =AL53-+AH53 -> 0 | AL53: =Q53+R53 -> 32582797
B54: A04 | C54: IN | D54: ｲﾝﾄﾞ | E54: JA15R1006P | G54: JICA調査 | H54: J2 | I54: KR | O54: 差 | P54: =P52-+P53 -> 0 | Q54: =Q52-+Q53 -> 0 | R54: =R52-+R53 -> 0 | T54: =T52-+T53 -> 0 | U54: =U52-+U53 -> 0 | V54: =V52-+V53 -> 0 | W54: 差 | X54: =X52-+X53 -> 0 | Y54: =Y52-+Y53 -> 0 | Z54: =Z52-+Z53 -> 0 | AA54: =AA52-+AA53 -> 0 | AB54: =AB52-+AB53 -> 0 | AC54: =AC52-+AC53 -> 0 | AD54: =AD52-+AD53 -> 0 | AE54: =SUM(X54:AD54) -> 0 | AH54: =AH52-+AH53 -> 0 | AI54: - | AJ54: =AJ52-+AJ53 -> 0 | AK54: =AK52-+AK53 -> 0 | AL54: =AL52-+AL53 -> 0
A55: JA15R1013P | B55: A04 | C55: IN | D55: ｲﾝﾄﾞ | E55: JA15R1013P | F55: ｲﾝﾄﾞ国ﾑﾝﾊﾞｲ湾横断道路建設事業準備調査 | G55: JICA調査 | H55: J2 | I55: KR | J55: 野末 | K55: 古林 | L55: 野村 | M55: 内桶 | N55: 2016/6月期完成 | O55: 16/6末 | P55: 13154358 | Q55: 0 | R55: =P55-Q55 -> 13154358 | S55: 0 | T55: 0 | U55: 935804 | V55: =P55-U55 -> 12218554 | W55: 予定 | X55: =X56 -> 0 | AE55: =SUM(X55:AD55) -> 0 | AF55: JICA部分払につき未収金は最終精算確定後回収予定 | AH55: 13154358 | AI55: - | AJ55: 0 | AK55: =AL55-+AH55 -> 0 | AL55: =Q55+R55 -> 13154358
B56: A04 | C56: IN | D56: ｲﾝﾄﾞ | E56: JA15R1013P | G56: JICA調査 | H56: J2 | I56: KR | O56: 最新 | P56: 13154358 | Q56: 0 | R56: 13154358 | S56: =P56-Q56-R56 -> 0 | T56: 0 | U56: 935804 | V56: =P56-U56 -> 12218554 | W56: 実績 | X56: 0 | Y56: 0 | Z56: 0 | AA56: 0 | AB56: 0 | AC56: 0 | AD56: 0 | AE56: =SUM(X56:AD56) -> 0 | AH56: 13154358 | AI56: - | AJ56: 0 | AK56: =AL56-+AH56 -> 0 | AL56: =Q56+R56 -> 13154358
B57: A04 | C57: IN | D57: ｲﾝﾄﾞ | E57: JA15R1013P | G57: JICA調査 | H57: J2 | I57: KR | O57: 差 | P57: =P55-+P56 -> 0 | Q57: =Q55-+Q56 -> 0 | R57: =R55-+R56 -> 0 | T57: =T55-+T56 -> 0 | U57: =U55-+U56 -> 0 | V57: =V55-+V56 -> 0 | W57: 差 | X57: =X55-+X56 -> 0 | Y57: =Y55-+Y56 -> 0 | Z57: =Z55-+Z56 -> 0 | AA57: =AA55-+AA56 -> 0 | AB57: =AB55-+AB56 -> 0 | AC57: =AC55-+AC56 -> 0 | AD57: =AD55-+AD56 -> 0 | AE57: =SUM(X57:AD57) -> 0 | AH57: =AH55-+AH56 -> 0 | AI57: - | AJ57: =AJ55-+AJ56 -> 0 | AK57: =AK55-+AK56 -> 0 | AL57: =AL55-+AL56 -> 0
A58: JA07O1037P | B58: A04 | C58: IN | D58: ｲﾝﾄﾞ | E58: JA07O1037P | F58: ｲﾝﾄﾞ国ﾊｲﾃﾞﾗﾊﾞｰﾄﾞ市外環状高速道路整備事業 | G58: JICA円借款 | H58: J2 | I58: KR | J58: 佐野 | K58: 小泉 | L58: 野村 | M58: 黒井 | N58: 継続 | O58: 16/6末 | P58: 8674474 | Q58: 0 | R58: =P58-Q58 -> 8674474 | S58: 0 | T58: 2397844 | U58: 0 | V58: =P58-U58 -> 8674474 | W58: 予定 | X58: =X59 -> 6276630 | AE58: =SUM(X58:AD58) -> 6276630 | AF58: 0 | AH58: 0 | AI58: ※ | AJ58: 254938 | AK58: =AL58-+AH58 -> 8674474 | AL58: =Q58+R58 -> 8674474 | AM58: INR:0.18百万ルピー（0.3百万円相当）& USD:0.07百万ドル（8.4百万円相当）
B59: A04 | C59: IN | D59: ｲﾝﾄﾞ | E59: JA07O1037P | G59: JICA円借款 | H59: J2 | I59: KR | O59: 最新 | P59: 2397844 | Q59: 0 | R59: 2397844 | S59: =P59-Q59-R59 -> 0 | T59: 2397844 | U59: 0 | V59: =P59-U59 -> 2397844 | W59: 実績 | X59: 6276630 | Y59: 0 | Z59: 0 | AA59: 0 | AB59: 0 | AC59: 0 | AD59: 0 | AE59: =SUM(X59:AD59) -> 6276630 | AH59: 0 | AI59: ※ | AJ59: 70340 | AK59: =AL59-+AH59 -> 2397844 | AL59: =Q59+R59 -> 2397844 | AM59: INR:0.05百万ルピー（0.1百万円相当）& USD:0.02百万ドル（2.3百万円相当）
B60: A04 | C60: IN | D60: ｲﾝﾄﾞ | E60: JA07O1037P | G60: JICA円借款 | H60: J2 | I60: KR | O60: 差 | P60: =P58-+P59 -> 6276630 | Q60: =Q58-+Q59 -> 0 | R60: =R58-+R59 -> 6276630 | T60: =T58-+T59 -> 0 | U60: =U58-+U59 -> 0 | V60: =V58-+V59 -> 6276630 | W60: 差 | X60: =X58-+X59 -> 0 | Y60: =Y58-+Y59 -> 0 | Z60: =Z58-+Z59 -> 0 | AA60: =AA58-+AA59 -> 0 | AB60: =AB58-+AB59 -> 0 | AC60: =AC58-+AC59 -> 0 | AD60: =AD58-+AD59 -> 0 | AE60: =SUM(X60:AD60) -> 0 | AH60: =AH58-+AH59 -> 0 | AI60: 0 | AJ60: =AJ58-+AJ59 -> 184598 | AK60: =AK58-+AK59 -> 6276630 | AL60: =AL58-+AL59 -> 6276630
A61: JA15Q1006P | B61: A05 | C61: KH | D61: ｶﾝﾎﾞｼﾞｱ | E61: JA15Q1006P | F61: ｶﾝﾎﾞｼﾞｱ国ﾌﾟﾉﾝﾍﾟﾝ都下水･排水改善ﾌﾟﾛｼﾞｪｸﾄ | G61: JICA調査 | H61: J2 | I61: KQ | M61: 倉持 | N61: 2016/6月期完成 | O61: 16/6末 | P61: 18790920 | Q61: 0 | R61: =P61-Q61 -> 18790920 | S61: 0 | T61: 18790920 | U61: 12097920 | V61: =P61-U61 -> 6693000 | W61: 予定 | X61: =X62 -> 0 | AE61: =SUM(X61:AD61) -> 0 | AF61: 0 | AH61: 18790920 | AI61: - | AJ61: 0 | AK61: =AL61-+AH61 -> 0 | AL61: =Q61+R61 -> 18790920
B62: A05 | C62: KH | D62: ｶﾝﾎﾞｼﾞｱ | E62: JA15Q1006P | G62: JICA調査 | H62: J2 | I62: KQ | O62: 最新 | P62: 18790920 | Q62: 0 | R62: 18790920 | S62: =P62-Q62-R62 -> 0 | T62: 18790920 | U62: 12097920 | V62: =P62-U62 -> 6693000 | W62: 実績 | X62: 0 | Y62: 0 | Z62: 0 | AA62: 0 | AB62: 0 | AC62: 0 | AD62: 0 | AE62: =SUM(X62:AD62) -> 0 | AH62: 18790920 | AI62: - | AJ62: 0 | AK62: =AL62-+AH62 -> 0 | AL62: =Q62+R62 -> 18790920
B63: A05 | C63: KH | D63: ｶﾝﾎﾞｼﾞｱ | E63: JA15Q1006P | G63: JICA調査 | H63: J2 | I63: KQ | O63: 差 | P63: =P61-+P62 -> 0 | Q63: =Q61-+Q62 -> 0 | R63: =R61-+R62 -> 0 | T63: =T61-+T62 -> 0 | U63: =U61-+U62 -> 0 | V63: =V61-+V62 -> 0 | W63: 差 | X63: =X61-+X62 -> 0 | Y63: =Y61-+Y62 -> 0 | Z63: =Z61-+Z62 -> 0 | AA63: =AA61-+AA62 -> 0 | AB63: =AB61-+AB62 -> 0 | AC63: =AC61-+AC62 -> 0 | AD63: =AD61-+AD62 -> 0 | AE63: =SUM(X63:AD63) -> 0 | AH63: =AH61-+AH62 -> 0 | AI63: - | AJ63: =AJ61-+AJ62 -> 0 | AK63: =AK61-+AK62 -> 0 | AL63: =AL61-+AL62 -> 0
A64: JA09O1039P | B64: A05 | C64: KH | D64: ｶﾝﾎﾞｼﾞｱ | E64: JA09O1039P | F64: ｶﾝﾎﾞｼﾞｱ国ｼﾊﾇｰｸﾋﾞﾙ港多目的ﾀｰﾐﾅﾙ開発事業 | G64: JICA円借款 | H64: J2 | I64: KX | J64: 吉井 | K64: 田村 | L64: 福岡 | M64: 岡島 | N64: 継続 | O64: 16/6末 | P64: 9338429 | Q64: 0 | R64: =P64-Q64 -> 9338429 | S64: 0 | T64: 4592483 | U64: 8704184 | V64: =P64-U64 -> 634245 | W64: 予定 | X64: =X65 -> -1664 | AE64: =SUM(X64:AD64) -> -1664 | AF64: 0 | AH64: 6178000 | AI64: USD | AJ64: 28395 | AK64: =AL64-+AH64 -> 3160429 | AL64: =Q64+R64 -> 9338429
B65: A05 | C65: KH | D65: ｶﾝﾎﾞｼﾞｱ | E65: JA09O1039P | G65: JICA円借款 | H65: J2 | I65: KX | O65: 最新 | P65: 9340093 | Q65: 0 | R65: 9340093 | S65: =P65-Q65-R65 -> 0 | T65: 0 | U65: 8704184 | V65: =P65-U65 -> 635909 | W65: 実績 | X65: -1664 | Y65: 0 | Z65: 0 | AA65: 0 | AB65: 0 | AC65: 0 | AD65: 0 | AE65: =SUM(X65:AD65) -> -1664 | AH65: 6193000 | AI65: USD | AJ65: 28275 | AK65: =AL65-+AH65 -> 3147093 | AL65: =Q65+R65 -> 9340093
B66: A05 | C66: KH | D66: ｶﾝﾎﾞｼﾞｱ | E66: JA09O1039P | G66: JICA円借款 | H66: J2 | I66: KX | O66: 差 | P66: =P64-+P65 -> -1664 | Q66: =Q64-+Q65 -> 0 | R66: =R64-+R65 -> -1664 | T66: =T64-+T65 -> 4592483 | U66: =U64-+U65 -> 0 | V66: =V64-+V65 -> -1664 | W66: 差 | X66: =X64-+X65 -> 0 | Y66: =Y64-+Y65 -> 0 | Z66: =Z64-+Z65 -> 0 | AA66: =AA64-+AA65 -> 0 | AB66: =AB64-+AB65 -> 0 | AC66: =AC64-+AC65 -> 0 | AD66: =AD64-+AD65 -> 0 | AE66: =SUM(X66:AD66) -> 0 | AH66: =AH64-+AH65 -> -15000 | AI66: 6193000 | AJ66: =AJ64-+AJ65 -> 120 | AK66: =AK64-+AK65 -> 13336 | AL66: =AL64-+AL65 -> -1664
A67: JA15Q1024P | B67: A07 | C67: LA | D67: ﾗｵｽ | E67: JA15Q1024P | F67: ﾗｵｽ国上水道ｾｸﾀｰ事業 | G67: ｱｼﾞｱ開発銀行 | H67: J2 | I67: KQ | J67: 藤井 | K67: 田村 | L67: 福岡 | M67: 内桶 | N67: 継続 | O67: 16/6末 | P67: 27398689 | Q67: 12534624 | R67: =P67-Q67 -> 14864065 | S67: 0 | T67: 22648529 | U67: 11682781 | V67: =P67-U67 -> 15715908 | W67: 予定 | X67: =X68 -> 0 | AE67: =SUM(X67:AD67) -> 0 | AF67: 0 | AH67: 0 | AI67: USD | AJ67: 233209 | AK67: =AL67-+AH67 -> 27398689 | AL67: =Q67+R67 -> 27398689
B68: A07 | C68: LA | D68: ﾗｵｽ | E68: JA15Q1024P | G68: ｱｼﾞｱ開発銀行 | H68: J2 | I68: KQ | O68: 最新 | P68: 27398689 | Q68: 12534624 | R68: 14864065 | S68: =P68-Q68-R68 -> 0 | T68: 22648529 | U68: 11682781 | V68: =P68-U68 -> 15715908 | W68: 実績 | X68: 0 | Y68: 0 | Z68: 0 | AA68: 0 | AB68: 0 | AC68: 0 | AD68: 0 | AE68: =SUM(X68:AD68) -> 0 | AH68: 0 | AI68: USD | AJ68: 233209 | AK68: =AL68-+AH68 -> 27398689 | AL68: =Q68+R68 -> 27398689
B69: A07 | C69: LA | D69: ﾗｵｽ | E69: JA15Q1024P | G69: ｱｼﾞｱ開発銀行 | H69: J2 | I69: KQ | O69: 差 | P69: =P67-+P68 -> 0 | Q69: =Q67-+Q68 -> 0 | R69: =R67-+R68 -> 0 | T69: =T67-+T68 -> 0 | U69: =U67-+U68 -> 0 | V69: =V67-+V68 -> 0 | W69: 差 | X69: =X67-+X68 -> 0 | Y69: =Y67-+Y68 -> 0 | Z69: =Z67-+Z68 -> 0 | AA69: =AA67-+AA68 -> 0 | AB69: =AB67-+AB68 -> 0 | AC69: =AC67-+AC68 -> 0 | AD69: =AD67-+AD68 -> 0 | AE69: =SUM(X69:AD69) -> 0 | AH69: =AH67-+AH68 -> 0 | AI69: - | AJ69: =AJ67-+AJ68 -> 0 | AK69: =AK67-+AK68 -> 0 | AL69: =AL67-+AL68 -> 0
A70: JA14X1008P | B70: A07 | C70: LA | D70: ﾗｵｽ | E70: JA14X1008P | F70: ﾗｵｽ国ﾋﾞｴﾝﾁｬﾝ国際空港ﾀｰﾐﾅﾙﾋﾞﾙ拡張整備計画 | G70: JICA円借款 | H70: J2 | I70: KX | J70: 畑山 | K70: 田村 | L70: 福岡 | M70: 岡島 | N70: 継続 | O70: 16/6末 | P70: 22328771 | Q70: 0 | R70: =P70-Q70 -> 22328771 | S70: 0 | T70: 22328771 | U70: 2271734 | V70: =P70-U70 -> 20057037 | W70: 予定 | X70: =X71 -> 0 | AE70: =SUM(X70:AD70) -> 0 | AF70: 0 | AH70: 21936100 | AI70: USD | AJ70: 3533.44 | AK70: =AL70-+AH70 -> 392671 | AL70: =Q70+R70 -> 22328771
B71: A07 | C71: LA | D71: ﾗｵｽ | E71: JA14X1008P | G71: JICA円借款 | H71: J2 | I71: KX | O71: 最新 | P71: 22328771 | Q71: 0 | R71: 22328771 | S71: =P71-Q71-R71 -> 0 | T71: 22328771 | U71: 2271734 | V71: =P71-U71 -> 20057037 | W71: 実績 | X71: 0 | Y71: 0 | Z71: 0 | AA71: 0 | AB71: 0 | AC71: 0 | AD71: 0 | AE71: =SUM(X71:AD71) -> 0 | AH71: 21936100 | AI71: USD | AJ71: 3533.44 | AK71: =AL71-+AH71 -> 392671 | AL71: =Q71+R71 -> 22328771
B72: A07 | C72: LA | D72: ﾗｵｽ | E72: JA14X1008P | G72: JICA円借款 | H72: J2 | I72: KX | O72: 差 | P72: =P70-+P71 -> 0 | Q72: =Q70-+Q71 -> 0 | R72: =R70-+R71 -> 0 | T72: =T70-+T71 -> 0 | U72: =U70-+U71 -> 0 | V72: =V70-+V71 -> 0 | W72: 差 | X72: =X70-+X71 -> 0 | Y72: =Y70-+Y71 -> 0 | Z72: =Z70-+Z71 -> 0 | AA72: =AA70-+AA71 -> 0 | AB72: =AB70-+AB71 -> 0 | AC72: =AC70-+AC71 -> 0 | AD72: =AD70-+AD71 -> 0 | AE72: =SUM(X72:AD72) -> 0 | AH72: =AH70-+AH71 -> 0 | AI72: - | AJ72: =AJ70-+AJ71 -> 0 | AK72: =AK70-+AK71 -> 0 | AL72: =AL70-+AL71 -> 0
A73: JA11X1011P | B73: A08 | C73: LK | D73: ｽﾘﾗﾝｶ | E73: JA11X1011P | F73: ｽﾘﾗﾝｶ国ﾊﾞﾝﾀﾞﾗﾅｲｹ国際空港開発ﾌｪｰｽﾞ2-2 | G73: JICA円借款 | H73: J2 | I73: KX | J73: 工藤(宗) | K73: 小泉 | L73: 野村 | M73: 岡島 | N73: 継続 | O73: 16/6末 | P73: 21329170 | Q73: 21329170 | R73: =P73-Q73 -> 0 | S73: 0 | T73: 12779190 | U73: 0 | V73: =P73-U73 -> 21329170 | W73: 予定 | X73: =X74 -> 0 | AE73: =SUM(X73:AD73) -> 0 | AF73: 0 | AH73: 21329170 | AI73: - | AJ73: 0 | AK73: =AL73-+AH73 -> 0 | AL73: =Q73+R73 -> 21329170
B74: A08 | C74: LK | D74: ｽﾘﾗﾝｶ | E74: JA11X1011P | G74: JICA円借款 | H74: J2 | I74: KX | O74: 最新 | P74: 21329170 | Q74: 21329170 | R74: 0 | S74: =P74-Q74-R74 -> 0 | T74: 12779190 | U74: 0 | V74: =P74-U74 -> 21329170 | W74: 実績 | X74: 0 | Y74: 0 | Z74: 0 | AA74: 0 | AB74: 0 | AC74: 0 | AD74: 0 | AE74: =SUM(X74:AD74) -> 0 | AH74: 21329170 | AI74: - | AJ74: 0 | AK74: =AL74-+AH74 -> 0 | AL74: =Q74+R74 -> 21329170
B75: A08 | C75: LK | D75: ｽﾘﾗﾝｶ | E75: JA11X1011P | G75: JICA円借款 | H75: J2 | I75: KX | O75: 差 | P75: =P73-+P74 -> 0 | Q75: =Q73-+Q74 -> 0 | R75: =R73-+R74 -> 0 | T75: =T73-+T74 -> 0 | U75: =U73-+U74 -> 0 | V75: =V73-+V74 -> 0 | W75: 差 | X75: =X73-+X74 -> 0 | Y75: =Y73-+Y74 -> 0 | Z75: =Z73-+Z74 -> 0 | AA75: =AA73-+AA74 -> 0 | AB75: =AB73-+AB74 -> 0 | AC75: =AC73-+AC74 -> 0 | AD75: =AD73-+AD74 -> 0 | AE75: =SUM(X75:AD75) -> 0 | AH75: =AH73-+AH74 -> 0 | AI75: - | AJ75: =AJ73-+AJ74 -> 0 | AK75: =AK73-+AK74 -> 0 | AL75: =AL73-+AL74 -> 0
A76: JA14R1011P | B76: A09 | C76: MM | D76: ﾐｬﾝﾏｰ | E76: JA14R1011P | F76: ﾐｬﾝﾏｰ国ﾃｨﾗﾜ地区ｲﾝﾌﾗ開発事業ﾌｪｰｽﾞⅡ(接続道路改修) | G76: JICA円借款 | H76: J2 | I76: KR | J76: 岩丸 内藤 | M76: 内桶 | N76: 継続 | O76: 16/6末 | P76: 105501340 | Q76: 38674532 | R76: =P76-Q76 -> 66826808 | S76: 0 | T76: 105501340 | U76: 0 | V76: =P76-U76 -> 105501340 | W76: 予定 | X76: =X77 -> 0 | AE76: =SUM(X76:AD76) -> 0 | AF76: 0 | AH76: 46451000 | AI76: USD | AJ76: 500128.59 | AK76: =AL76-+AH76 -> 59050340 | AL76: =Q76+R76 -> 105501340
B77: A09 | C77: MM | D77: ﾐｬﾝﾏｰ | E77: JA14R1011P | G77: JICA円借款 | H77: J2 | I77: KR | O77: 最新 | P77: 105501340 | Q77: 38674532 | R77: 66826808 | S77: =P77-Q77-R77 -> 0 | T77: 105501340 | U77: 0 | V77: =P77-U77 -> 105501340 | W77: 実績 | X77: 0 | Y77: 0 | Z77: 0 | AA77: 0 | AB77: 0 | AC77: 0 | AD77: 0 | AE77: =SUM(X77:AD77) -> 0 | AH77: 46451000 | AI77: USD | AJ77: 500128.59 | AK77: =AL77-+AH77 -> 59050340 | AL77: =Q77+R77 -> 105501340
B78: A09 | C78: MM | D78: ﾐｬﾝﾏｰ | E78: JA14R1011P | G78: JICA円借款 | H78: J2 | I78: KR | O78: 差 | P78: =P76-+P77 -> 0 | Q78: =Q76-+Q77 -> 0 | R78: =R76-+R77 -> 0 | T78: =T76-+T77 -> 0 | U78: =U76-+U77 -> 0 | V78: =V76-+V77 -> 0 | W78: 差 | X78: =X76-+X77 -> 0 | Y78: =Y76-+Y77 -> 0 | Z78: =Z76-+Z77 -> 0 | AA78: =AA76-+AA77 -> 0 | AB78: =AB76-+AB77 -> 0 | AC78: =AC76-+AC77 -> 0 | AD78: =AD76-+AD77 -> 0 | AE78: =SUM(X78:AD78) -> 0 | AH78: =AH76-+AH77 -> 0 | AI78: - | AJ78: =AJ76-+AJ77 -> 0 | AK78: =AK76-+AK77 -> 0 | AL78: =AL76-+AL77 -> 0
A79: JA13X1003P | B79: A09 | C79: MM | D79: ﾐｬﾝﾏｰ | E79: JA13X1003P | F79: ﾐｬﾝﾏｰ国ﾃｨﾗﾜ地区ﾔﾝｺﾞﾝ港拡張事業PhaseⅠ | G79: JICA円借款 | H79: J2 | I79: KX | J79: 石見 | K79: 田村 | L79: 中村 | M79: 岡島 | N79: 継続 | O79: 16/6末 | P79: 151460249 | Q79: 27229913 | R79: =P79-Q79 -> 124230336 | S79: 0 | T79: 151460249 | U79: 0 | V79: =P79-U79 -> 151460249 | W79: 予定 | X79: =X80 -> 0 | AE79: =SUM(X79:AD79) -> 0 | AF79: 0 | AH79: 75115230 | AI79: USD | AJ79: 668267.5 | AK79: =AL79-+AH79 -> 76345019 | AL79: =Q79+R79 -> 151460249
B80: A09 | C80: MM | D80: ﾐｬﾝﾏｰ | E80: JA13X1003P | G80: JICA円借款 | H80: J2 | I80: KX | O80: 最新 | P80: 151460249 | Q80: 27229913 | R80: 124230336 | S80: =P80-Q80-R80 -> 0 | T80: 151460249 | U80: 0 | V80: =P80-U80 -> 151460249 | W80: 実績 | X80: 0 | Y80: 0 | Z80: 0 | AA80: 0 | AB80: 0 | AC80: 0 | AD80: 0 | AE80: =SUM(X80:AD80) -> 0 | AH80: 75115230 | AI80: USD | AJ80: 668267.5 | AK80: =AL80-+AH80 -> 76345019 | AL80: =Q80+R80 -> 151460249
B81: A09 | C81: MM | D81: ﾐｬﾝﾏｰ | E81: JA13X1003P | G81: JICA円借款 | H81: J2 | I81: KX | O81: 差 | P81: =P79-+P80 -> 0 | Q81: =Q79-+Q80 -> 0 | R81: =R79-+R80 -> 0 | T81: =T79-+T80 -> 0 | U81: =U79-+U80 -> 0 | V81: =V79-+V80 -> 0 | W81: 差 | X81: =X79-+X80 -> 0 | Y81: =Y79-+Y80 -> 0 | Z81: =Z79-+Z80 -> 0 | AA81: =AA79-+AA80 -> 0 | AB81: =AB79-+AB80 -> 0 | AC81: =AC79-+AC80 -> 0 | AD81: =AD79-+AD80 -> 0 | AE81: =SUM(X81:AD81) -> 0 | AH81: =AH79-+AH80 -> 0 | AI81: - | AJ81: =AJ79-+AJ80 -> 0 | AK81: =AK79-+AK80 -> 0 | AL81: =AL79-+AL80 -> 0
A82: JA14R1009P | B82: A09 | C82: MM | D82: ﾐｬﾝﾏｰ | E82: JA14R1009P | F82: ﾐｬﾝﾏｰ国ﾒｺﾝ国際幹線道路連結強化事 | G82: JICA調査 | H82: J2 | I82: KR | J82: 田中 | K82: 田村 | L82: 中村 | M82: 岡島 | N82: 2015/6月期完成 | O82: 16/6末 | P82: 7784640 | Q82: 7784640 | R82: =P82-Q82 -> 0 | S82: 0 | T82: 7784640 | U82: 3354622 | V82: =P82-U82 -> 4430018 | W82: 予定 | X82: =X83 -> 0 | AE82: =SUM(X82:AD82) -> 0 | AF82: 0 | AH82: 7784640 | AI82: - | AJ82: 0 | AK82: =AL82-+AH82 -> 0 | AL82: =Q82+R82 -> 7784640
